Workbook
Name I_категории: active_kind!$B$2:$B$99
Name II_категории: active_kind!$C$2:$C$99
Name III_категории: active_kind!$D$2:$D$99
Name n_3_интернациональный_с_о_: lists_for_excel!$CNJ$2:$CNJ$51
Name Абайская_г_а_: lists_for_excel!$BNR$2:$BNR$51
Name Абайский_район: lists_for_excel!$AM$2:$AM$51
Name Абайский_с_о_: lists_for_excel!$OF$2:$OF$51
Name Аблакетский_с_о_: lists_for_excel!$DXV$2:$DXV$51
Name Абралинский_с_о_: lists_for_excel!$D$2:$D$51
Name Абылайхановский_с_о_: lists_for_excel!$WX$2:$WX$51
Name Авангардский_с_о_: lists_for_excel!$CZH$2:$CZH$51
Name Аватский_с_о_: lists_for_excel!$AGO$2:$AGO$51
Name Агадырьская_п_а_: lists_for_excel!$BVR$2:$BVR$51
Name Агашорынский_с_о_: lists_for_excel!$CUW$2:$CUW$51
Name Агыбетский_с_о_: lists_for_excel!$DFU$2:$DFU$51
Name Адаевский_с_о_: lists_for_excel!$CCG$2:$CCG$51
Name Азгирский_с_о_: lists_for_excel!$APE$2:$APE$51
Name Азовский_с_о_: lists_for_excel!$DXZ$2:$DXZ$51
Name Айгызский_с_о_: lists_for_excel!$CM$2:$CM$51
Name Айдарлинский_с_о_: lists_for_excel!$AIA$2:$AIA$51
Name Айкенский_с_о_: lists_for_excel!$YT$2:$YT$51
Name Айнабулакский_с_о: lists_for_excel!$DTT$2:$DTT$51
Name Айнабулакский_с_о_: lists_for_excel!$F$2:$F$51
Name Айнакольский_с_о_: lists_for_excel!$OA$2:$OA$51
Name Айсаринский_с_о_: lists_for_excel!$CEI$2:$CEI$51
Name Айтейский_с_о_: lists_for_excel!$AJX$2:$AJX$51
Name Айтеке_би_п_а_: lists_for_excel!$CMD$2:$CMD$51
Name Айтекебийский_район: lists_for_excel!$YO$2:$YO$51
Name Айшабибинский_с_о_: lists_for_excel!$BEG$2:$BEG$51
Name Айшуакский_с_о_: lists_for_excel!$ADX$2:$ADX$51
Name Айыртасский_с_о_: lists_for_excel!$BOO$2:$BOO$51
Name Айыртауский_район: lists_for_excel!$CYC$2:$CYC$51
Name Айыртауский_с_о_: lists_for_excel!$DYJ$2:$DYJ$51
Name Акайский_с_о_: lists_for_excel!$YB$2:$YB$51
Name Акаралский_с_о_: lists_for_excel!$BHA$2:$BHA$51
Name Акбакайская_с_а_: lists_for_excel!$BHE$2:$BHE$51
Name Акбастауский_с_о_: lists_for_excel!$BEI$2:$BEI$51
Name Акбелский_с_о_: lists_for_excel!$BQZ$2:$BQZ$51
Name Акбийкский_с_о_: lists_for_excel!$DOI$2:$DOI$51
Name Акбулакский_с_о_: lists_for_excel!$H$2:$H$51
Name Акбулымский_с_о_: lists_for_excel!$BEJ$2:$BEJ$51
Name Акдалинский_с_о_: lists_for_excel!$AFX$2:$AFX$51
Name Акерменский_с_о_: lists_for_excel!$BGL$2:$BGL$51
Name Акжаикский_район: lists_for_excel!$ARM$2:$ARM$51
Name Акжаикский_с_о_: lists_for_excel!$BCH$2:$BCH$51
Name Акжаиыкский_с_о_: lists_for_excel!$AQZ$2:$AQZ$51
Name Акжалская_п_а_: lists_for_excel!$BVU$2:$BVU$51
Name Акжальский_с_о_: lists_for_excel!$HC$2:$HC$51
Name Акжанский_с_о_: lists_for_excel!$DEC$2:$DEC$51
Name Акжаркынский_с_о_: lists_for_excel!$CZE$2:$CZE$51
Name Акжарминский_с_о_: lists_for_excel!$CIV$2:$CIV$51
Name Акжарский_район: lists_for_excel!$CYV$2:$CYV$51
Name Акжарский_с_о_: lists_for_excel!$JN$2:$JN$51
Name Акжигитская_с_а_: lists_for_excel!$CPJ$2:$CPJ$51
Name Акжолский_с_о_: lists_for_excel!$ARP$2:$ARP$51
Name Акжонский_с_о_: lists_for_excel!$CME$2:$CME$51
Name Акирекский_с_о_: lists_for_excel!$CJK$2:$CJK$51
Name Аккайнарский_с_о_: lists_for_excel!$AIB$2:$AIB$51
Name Аккайынский_район: lists_for_excel!$DCV$2:$DCV$51
Name Аккаргинский_с_о_: lists_for_excel!$CBV$2:$CBV$51

Sheet Сведения об операторе объекта
A1: Номер | B1: Наименование юридического лица на русском языке | C1: Наименование юридического лица на казахском языке | D1: Организационно - правовая форма | E1: БИН/ИИН | F1: ОКЭД | G1: Город/область | H1: Район | I1: Село | J1: Улица, дом | K1: ФИО руководителя | L1: Контактный телефон | M1: Почта
A2: 1 | D2: Товарищество с ограниченной ответственностью | E2: 210340025425 | F2: 23510 Производство цемента | G2: область Абай | H2: Жарминский район | I2: Карасуский с.о. | K2: ЧЭНЬ ЮНЛЯН | L2: 77052429132 | M2: dasha-mit.ecolog@mail.ru

Sheet Общие сведения об объекте
A1: Номер оператора объекта | B1: Оператор-объекта | C1: Номер объекта | D1: Наименование области | E1: Наименование объекта на русском языке | F1: Наименование объекта на казахском языке | G1: Адрес объекта | H1: Категория объекта | I1: Тип деятельности | J1: Вид деятельности | K1: Класс опасности | L1: Радиус СЗЗ
A2: ='Сведения об операторе объекта'!A2 -> 1 | B2: ='Сведения об операторе объекта'!B2 -> 0 | C2: 1 | D2: область Абай | E2: ТОО «SHARCEM (ШАРЦЕМ)» | F2: ЖШС «SHARCEM (ШАРЦЕМ)» | G2: Жарминский район, Карасуский сельский округ, село Конырбиик, улица Жанажол, здание 20 | H2: I категории | I2: Действующая | J2: производство цементного клинкера во вращающихся печах с производственной мощностью, превышающей 500 тонн в сутки, или в других печах с производительностью, превышающей 50 тонн в сутки | K2: Объекты I класса опасности | L2: 1000

Sheet Привязка объекта к ГИС
A1: Номер | B1: Система координат | C1: Широта, в десятичных градусах | D1: Долгота, в десятичных градусах
A2: 1 | B2: Географическая | C2: 49.65736 | D2: 81.17691

Sheet Климатические характеристики
A1: Номер объекта | B1: Коэффициент, зависящий от стратификации атмосферы, А | C1: Средняя температура наружного воздуха наиболее холодного месяца, град.С | D1: Средняя максимальная температура наружного воздуха наиболее жаркого месяца года, град.С | E1: Коэффициент, зависящий от рельефа местности, η | F1: Скорость ветра (по средним многолетним данным), повторяемость превышения которой составляет 5 %, м/с | G1: Среднегодовая скорость ветра, м/с | H1: Среднегодовая роза ветров Север, % | I1: Среднегодовая роза ветров Север восток, % | J1: Среднегодовая роза ветров Восток, % | K1: Среднегодовая роза ветров Юг Восток, % | L1: Среднегодовая роза ветров Юг, % | M1: Среднегодовая роза ветров Юг Запад, % | N1: Среднегодовая роза ветров Запад, % | O1: Среднегодовая роза ветров Север Запад, % | P1: Среднегодовая роза ветров Штиль, %
A2: 1 | B2: 200 | C2: -20.6 | D2: 28 | E2: 1 | F2: 7 | G2: 2.7 | H2: 11 | I2: 4 | J2: 7 | K2: 34 | L2: 11 | M2: 9 | N2: 9 | O2: 15 | P2: 26

Sheet Фон
A1: Номер объекта | B1: Код ЗВ | C1: Наименование загрязняющего вещества | D1: Штиль 0-2 м/сек | E1: Север | F1: Восток | G1: Юг | H1: Запад
C2: =IFERROR(VLOOKUP(B2,zv!$B$2:$C$2198,2,FALSE),"")
C3: =IFERROR(VLOOKUP(B3,zv!$B$2:$C$2198,2,FALSE),"")
C4: =IFERROR(VLOOKUP(B4,zv!$B$2:$C$2198,2,FALSE),"")
C5: =IFERROR(VLOOKUP(B5,zv!$B$2:$C$2198,2,FALSE),"")
C6: =IFERROR(VLOOKUP(B6,zv!$B$2:$C$2198,2,FALSE),"")
C7: =IFERROR(VLOOKUP(B7,zv!$B$2:$C$2198,2,FALSE),"")
C8: =IFERROR(VLOOKUP(B8,zv!$B$2:$C$2198,2,FALSE),"")
C9: =IFERROR(VLOOKUP(B9,zv!$B$2:$C$2198,2,FALSE),"")
C10: =IFERROR(VLOOKUP(B10,zv!$B$2:$C$2198,2,FALSE),"")
C11: =IFERROR(VLOOKUP(B11,zv!$B$2:$C$2198,2,FALSE),"")
C12: =IFERROR(VLOOKUP(B12,zv!$B$2:$C$2198,2,FALSE),"")
C13: =IFERROR(VLOOKUP(B13,zv!$B$2:$C$2198,2,FALSE),"")
... C86: =IFERROR(VLOOKUP(B86,zv!$B$2:$C$2198,2,FALSE),"")

Sheet Экологическое разрешение
A1: Номер объекта | B1: Номер ЭР | C1: Кем выдано | D1: Дата выдачи | E1: Срок действия
A2: 1 | B2: KZ21VCZ03149894 | C2: РГУ "Департамент экологии по области Абай Комитета экологического регулирования и контроля Министерства экологии, геологии и природных ресурсов РК | D2: 44927 | E2: 46752

Sheet ПР
A1: Год
A2: Текущая инвентаризация
A3: 2027
A4: 2028
A5: 2029
A6: 2030
A7: 2031
A8: 2032
A9: 2033
A10: 2034
A11: 2035
A12: 2036

Sheet Производства
A1: Наименование производства | B1: Номер производства | C1: Радиус | D1: Срок действия с | E1: Срок действия по | F1: Инвентаризация/Перспектива
A2: Производство клинкера | B2: 1 | D2: 44927 | E2: 46752 | F2: Текущая инвентаризация
A3: Валковая углольная мельница | B3: 2 | D3: 44927 | E3: 46752 | F3: Текущая инвентаризация
A4: Узел пересыпки клинкера | B4: 3 | D4: 44927 | E4: 46752 | F4: Текущая инвентаризация
A5: Узел пересыпки сырьевых материалов | B5: 4 | D5: 44927 | E5: 46752 | F5: Текущая инвентаризация
A6: Молотковая дробилка гипса | B6: 5 | D6: 44927 | E6: 46752 | F6: Текущая инвентаризация
A7: Узел перегрузки клинкера в ж/д транспорт | B7: 6 | D7: 44927 | E7: 46752 | F7: Текущая инвентаризация
A8: Узел перегрузки клинкера в автотранспорт | B8: 7 | D8: 44927 | E8: 46752 | F8: Текущая инвентаризация
A9: Ремонтно-механический цех | B9: 8 | D9: 44927 | E9: 46752 | F9: Текущая инвентаризация
A10: Лаборатория | B10: 9 | D10: 44927 | E10: 46752 | F10: Текущая инвентаризация
A11: Узел перегрузки цемента | B11: 10 | D11: 44927 | E11: 46752 | F11: Текущая инвентаризация
A12: Сушильный барабан | B12: 11 | D12: 44927 | E12: 46752 | F12: Текущая инвентаризация
A13: Узел пересыпки цемента | B13: 12 | D13: 44927 | E13: 46752 | F13: Текущая инвентаризация
... A33: Накопительная площадка клинкера | B33: 32 | D33: 44927 | E33: 46752 | F33: Текущая инвентаризация

Sheet Цеха
A1: Наименование цеха | B1: Номер цеха | C1: Номер производства* | D1: Срок действия с | E1: Срок действия по | F1: Инвентаризация/Перспектива

Sheet Участки
A1: Наименование участка | B1: Номер участка | C1: Номер производства* | D1: Номер цеха* | E1: Срок действия с | F1: Срок действия по | G1: Инвентаризация/Перспектива
C2: 1

Sheet Режимы ИЗА
A1: Номер объекта | B1: Номер режима | C1: Наименование режима | D1: Инвентаризация/Перспектива
A2: 1 | B2: 1

Sheet Режимы ИВ
A1: Номер объекта | B1: Номер режима | C1: Наименование режима | D1: Инвентаризация/Перспектива
A2: 1 | B2: 1 | C2: 1

Sheet Источники загрязнения
A1: Наименование источника загрязнения | B1: Номер источника загрязнения | C1: Номер производства* | D1: Номер цеха* | E1: Номер участка* | F1: Номер режима* | G1: Вид источника | H1: Признак неорганизованного | I1: Количество источников | J1: Высота, м | K1: Диаметр (ширина для квадратного устья), размер сечения устья, м | L1: Длина (для квадратного устья) | M1: Скорость, м/с | N1: Объемный расход, м3/с | O1: Температура, С0 | P1: Концентрация паров воды в ГВС, г/нм3 | Q1: Х координата (в десятичных градусах) | R1: Y координата (в десятичных градусах) | S1: X2 координата (длина для площадных, начальная координата для линейных ИЗА) | T1: Y2 координата (ширина для площадных, конечная координата для линейных ИЗА) | U1: Угол поворота, град (для площадных и линейных ИЗА) | V1: Срок действия с | W1: Срок действия по | X1: Инвентаризация/Перспектива
A2: Дробилка молотковая для известняка | B2: 0001 | C2: 1 | G2: Точечный источник | J2: 13 | K2: 1 | M2: 23.05 | N2: 18.1 | O2: 28 | V2: 44927 | W2: 46752 | X2: Текущая инвентаризация
A3: Узел пересыпки известняка | B3: 0002 | C3: 1 | G3: Точечный источник | J3: 13 | K3: 0.35 | L3: 0.5 | M3: 39.43 | N3: 6.9 | O3: 28 | V3: 44927 | W3: 46752 | X3: Текущая инвентаризация
A4: Узел пересыпки известняка | B4: 0003 | C4: 1 | G4: Точечный источник | J4: 26 | K4: 0.35 | L4: 0.5 | M4: 39.43 | N4: 6.9 | O4: 28 | V4: 44927 | W4: 46752 | X4: Текущая инвентаризация
A5: Узел пересыпки известняка | B5: 0004 | C5: 1 | G5: Точечный источник | J5: 26 | K5: 0.35 | L5: 0.5 | M5: 39.43 | N5: 6.9 | O5: 28 | V5: 44927 | W5: 46752 | X5: Текущая инвентаризация
A6: Узел пересыпки сырьевых материалов | B6: 0005 | C6: 1 | G6: Точечный источник | J6: 26 | K6: 0.35 | L6: 0.5 | M6: 32 | N6: 5.6 | O6: 28 | V6: 44927 | W6: 46752 | X6: Текущая инвентаризация
A7: Узел пересыпки сырья | B7: 0008 | C7: 1 | G7: Точечный источник | J7: 15 | K7: 0.35 | L7: 0.5 | M7: 32 | N7: 5.6 | O7: 28 | V7: 44927 | W7: 46752 | X7: Текущая инвентаризация
A8: Узел пересыпки сырьевых материалов | B8: 0009 | C8: 1 | G8: Точечный источник | J8: 13 | K8: 0.35 | L8: 0.5 | M8: 32 | N8: 5.6 | O8: 28 | V8: 44927 | W8: 46752 | X8: Текущая инвентаризация
A9: Вращающаяся печь. Холодильник | B9: 0011 | C9: 1 | G9: Точечный источник | J9: 94.2 | K9: 2.6 | M9: 14.69 | N9: 78 | O9: 160 | V9: 44927 | W9: 46752 | X9: Текущая инвентаризация
A10: Узел перегрузки клинкера в автотранспорт | B10: 0012 | C10: 1 | G10: Точечный источник | J10: 13.3 | K10: 0.35 | L10: 0.5 | M10: 32 | N10: 5.6 | O10: 28 | V10: 44927 | W10: 46752 | X10: Текущая инвентаризация
A11: Сырьевая мельница | B11: 0013 | C11: 1 | G11: Точечный источник | J11: 23.5 | K11: 1.8 | M11: 2.2 | N11: 5.6 | O11: 40 | V11: 44927 | W11: 46752 | X11: Текущая инвентаризация
A12: Аэрация сырьевой смеси в силосе гомогенизаторе | B12: 0014 | C12: 1 | G12: Точечный источник | J12: 50 | K12: 0.35 | L12: 0.5 | M12: 47.43 | N12: 8.3 | O12: 28 | V12: 44927 | W12: 46752 | X12: Текущая инвентаризация
A13: Узел пересыпки сырьевой смеси | B13: 0015 | C13: 1 | G13: Точечный источник | J13: 25 | K13: 0.35 | L13: 0.5 | M13: 47.43 | N13: 8.3 | O13: 28 | V13: 44927 | W13: 46752 | X13: Текущая инвентаризация
A14: Молотковая дробилка угля | B14: 0016 | C14: 1 | G14: Точечный источник | J14: 12 | K14: 0.6 | M14: 54.11 | N14: 15.3 | O14: 28 | V14: 44927 | W14: 46752 | X14: Текущая инвентаризация
A15: Узел пересыпки клинкера | B15: 0017 | C15: 1 | G15: Точечный источник | J15: 4.3 | K15: 0.35 | L15: 0.5 | M15: 63.43 | N15: 11.1 | O15: 28 | V15: 44927 | W15: 46752 | X15: Текущая инвентаризация
A16: Узел пересыпки угля | B16: 0018 | C16: 1 | G16: Точечный источник | J16: 13 | K16: 0.35 | L16: 0.5 | M16: 63.43 | N16: 11.1 | O16: 28 | V16: 44927 | W16: 46752 | X16: Текущая инвентаризация
A17: Узел пересыпки угля | B17: 0019 | C17: 1 | G17: Точечный источник | J17: 13 | K17: 0.35 | L17: 0.5 | M17: 63.43 | N17: 11.1 | O17: 28 | V17: 44927 | W17: 46752 | X17: Текущая инвентаризация
A18: Валковая угольная мельница | B18: 0020 | C18: 2 | G18: Точечный источник | J18: 29 | K18: 1.5 | M18: 12.56 | N18: 22.2 | O18: 40 | V18: 44927 | W18: 46752 | X18: Текущая инвентаризация
A19: Узел пересыпки клинкера | B19: 0021 | C19: 3 | G19: Точечный источник | J19: 13.3 | K19: 0.35 | L19: 0.5 | M19: 63.43 | N19: 11.1 | O19: 28 | V19: 44927 | W19: 46752 | X19: Текущая инвентаризация
A20: Узел пересыпки сырьевых материалов | B20: 0022 | C20: 4 | G20: Точечный источник | J20: 13.8 | K20: 0.35 | L20: 0.5 | M20: 63.43 | N20: 11.1 | O20: 28 | V20: 44927 | W20: 46752 | X20: Текущая инвентаризация
A21: Молотковая дробилка гипса | B21: 0024 | C21: 5 | G21: Точечный источник | J21: 12 | K21: 1 | M21: 19.48 | N21: 15.3 | O21: 28 | V21: 44927 | W21: 46752 | X21: Текущая инвентаризация
A22: Узел перегрузки клинкера в ж/д транспорт | B22: 0025 | C22: 6 | G22: Точечный источник | J22: 16 | K22: 0.35 | L22: 0.5 | M22: 63.43 | N22: 11.1 | O22: 28 | V22: 44927 | W22: 46752 | X22: Текущая инвентаризация
A23: Узел перегрузки клинкера в автотранспорт | B23: 0026 | C23: 7 | G23: Точечный источник | J23: 16 | K23: 0.35 | L23: 0.5 | M23: 63.43 | N23: 11.1 | O23: 28 | V23: 44927 | W23: 46752 | X23: Текущая инвентаризация
A24: Роллер-пресс № 1 | B24: 0027 | C24: 1 | G24: Точечный источник | J24: 22.5 | K24: 0.35 | L24: 0.5 | M24: 87.43 | N24: 15.3 | O24: 28 | V24: 44927 | W24: 46752 | X24: Текущая инвентаризация
A25: Цементная мельница № 1 | B25: 0028 | C25: 1 | G25: Точечный источник | J25: 25 | K25: 0.7 | M25: 64.96 | N25: 25 | O25: 50 | V25: 44927 | W25: 46752 | X25: Текущая инвентаризация
A26: Роллер-пресс № 2 | B26: 0029 | C26: 1 | G26: Точечный источник | J26: 22.6 | K26: 0.35 | L26: 0.5 | M26: 87.43 | N26: 15.3 | O26: 28 | V26: 44927 | W26: 46752 | X26: Текущая инвентаризация
A27: Цементная мельница № 2 | B27: 0030 | C27: 1 | G27: Точечный источник | J27: 25 | K27: 0.7 | M27: 64.96 | N27: 25 | O27: 50 | V27: 44927 | W27: 46752 | X27: Текущая инвентаризация
A28: Цементные силоса № 1,2 | B28: 0031 | C28: 1 | G28: Точечный источник | J28: 40.3 | K28: 0.25 | L28: 0.4 | M28: 33 | N28: 3.3 | O28: 28 | V28: 44927 | W28: 46752 | X28: Текущая инвентаризация
A29: Цементные силоса № 3,4 | B29: 0032 | C29: 1 | G29: Точечный источник | J29: 40.3 | K29: 0.25 | L29: 0.4 | M29: 33 | N29: 3.3 | O29: 28 | V29: 44927 | W29: 46752 | X29: Текущая инвентаризация
A30: Цементные силоса № 5,6 | B30: 0033 | C30: 1 | G30: Точечный источник | J30: 40.3 | K30: 0.25 | L30: 0.4 | M30: 33 | N30: 3.3 | O30: 28 | V30: 44927 | W30: 46752 | X30: Текущая инвентаризация
A31: Цементные силоса № 7,8 | B31: 0034 | C31: 1 | G31: Точечный источник | J31: 40.3 | K31: 0.25 | L31: 0.4 | M31: 33 | N31: 3.3 | O31: 28 | V31: 44927 | W31: 46752 | X31: Текущая инвентаризация
A32: Перегрузка цемента в ж/д вагон и автотранспорт | B32: 0035 | C32: 1 | G32: Точечный источник | J32: 15.6 | K32: 0.35 | L32: 0.5 | M32: 32 | N32: 5.6 | O32: 28 | V32: 44927 | W32: 46752 | X32: Текущая инвентаризация
A33: Перегрузка цемента в ж/д вагон и автотранспорт | B33: 0036 | C33: 1 | G33: Точечный источник | J33: 15.6 | K33: 0.35 | L33: 0.5 | M33: 32 | N33: 5.6 | O33: 28 | V33: 44927 | W33: 46752 | X33: Текущая инвентаризация
A34: Перегрузка цемента в ж/д вагон и автотранспорт | B34: 0037 | C34: 1 | G34: Точечный источник | J34: 15.6 | K34: 0.35 | L34: 0.5 | M34: 32 | N34: 5.6 | O34: 28 | V34: 44927 | W34: 46752 | X34: Текущая инвентаризация
A35: Перегрузка цемента в ж/д вагон и автотранспорт | B35: 0038 | C35: 1 | G35: Точечный источник | J35: 15.6 | K35: 0.35 | L35: 0.5 | M35: 32 | N35: 5.6 | O35: 28 | V35: 44927 | W35: 46752 | X35: Текущая инвентаризация
A36: Перегрузка цемента в ж/д вагон и автотранспорт | B36: 0039 | C36: 1 | G36: Точечный источник | J36: 15.6 | K36: 0.35 | L36: 0.5 | M36: 32 | N36: 5.6 | O36: 28 | V36: 44927 | W36: 46752 | X36: Текущая инвентаризация
A37: Перегрузка цемента в ж/д вагон и автотранспорт | B37: 0040 | C37: 1 | G37: Точечный источник | J37: 15.6 | K37: 0.35 | L37: 0.5 | M37: 32 | N37: 5.6 | O37: 28 | V37: 44927 | W37: 46752 | X37: Текущая инвентаризация
A38: Перегрузка цемента в ж/д вагон и автотранспорт | B38: 0041 | C38: 1 | G38: Точечный источник | J38: 15.6 | K38: 0.35 | L38: 0.5 | M38: 32 | N38: 5.6 | O38: 28 | V38: 44927 | W38: 46752 | X38: Текущая инвентаризация
A39: Перегрузка цемента в ж/д вагон и автотранспорт | B39: 0042 | C39: 1 | G39: Точечный источник | J39: 15.6 | K39: 0.35 | L39: 0.5 | M39: 32 | N39: 5.6 | O39: 28 | V39: 44927 | W39: 46752 | X39: Текущая инвентаризация
... A42: Узел пересыпки цемента | B42: 0045 | C42: 1 | G42: Точечный источник | J42: 19.3 | K42: 0.35 | L42: 0.5 | M42: 63.43 | N42: 11.1 | O42: 28 | V42: 44927 | W42: 46752 | X42: Текущая инвентаризация
A43: Сварочные работы: ручная дуговая сварка, газовая сварка стали; Металлообрабатывающие станки | B43: 0046 | C43: 8 | G43: Точечный источник | J43: 6 | K43: 0.8 | M43: 0.2 | N43: 0.1 | O43: 28 | V43: 44927 | W43: 46752 | X43: Текущая инвентаризация
A44: Лаборатория | B44: 0048 | C44: 9 | G44: Точечный источник | J44: 9 | K44: 0.35 | M44: 6.44 | N44: 0.62 | O44: 28 | V44: 44927 | W44: 46752 | X44: Текущая инвентаризация
A45: Лабораторные дробилки и мельницы | B45: 0049 | C45: 9 | G45: Точечный источник | J45: 9 | K45: 0.445 | M45: 9.97 | N45: 1.55 | O45: 28 | V45: 44927 | W45: 46752 | X45: Текущая инвентаризация
A46: Дистиллятор | B46: 0051 | C46: 9 | G46: Точечный источник | J46: 9 | K46: 0.3 | M46: 6.51 | N46: 0.46 | O46: 28 | V46: 44927 | W46: 46752 | X46: Текущая инвентаризация
A47: Склад кислот | B47: 0052 | C47: 9 | G47: Точечный источник | J47: 8 | K47: 0.2 | M47: 4.46 | N47: 0.14 | O47: 28 | V47: 44927 | W47: 46752 | X47: Текущая инвентаризация
A48: Узел пересыпки клинкера | B48: 0053 | C48: 3 | G48: Точечный источник | J48: 45 | K48: 0.35 | L48: 0.5 | M48: 63.43 | N48: 11.1 | O48: 28 | V48: 44927 | W48: 46752 | X48: Текущая инвентаризация
A49: Узел перегрузки цемента | B49: 0054 | C49: 10 | G49: Точечный источник | J49: 15.6 | K49: 0.35 | L49: 0.5 | M49: 71.43 | N49: 12.5 | O49: 28 | V49: 44927 | W49: 46752 | X49: Текущая инвентаризация
A50: Сушильный барабан | B50: 0055 | C50: 11 | G50: Точечный источник | J50: 20 | K50: 1.5 | M50: 16.18 | N50: 28.6 | O50: 140 | V50: 44927 | W50: 46752 | X50: Текущая инвентаризация
A51: Узел пересыпки цемента | B51: 0056 | C51: 12 | G51: Точечный источник | J51: 13 | K51: 0.25 | L51: 0.4 | M51: 8 | N51: 0.8 | O51: 28 | V51: 44927 | W51: 46752 | X51: Текущая инвентаризация
A52: Узел пересыпки цемента | B52: 0057 | C52: 12 | G52: Точечный источник | J52: 13 | K52: 0.25 | L52: 0.4 | M52: 8 | N52: 0.8 | O52: 28 | V52: 44927 | W52: 46752 | X52: Текущая инвентаризация
A53: Узел пересыпки цемента | B53: 0058 | C53: 12 | G53: Точечный источник | J53: 13 | K53: 0.25 | L53: 0.4 | M53: 8 | N53: 0.8 | O53: 28 | V53: 44927 | W53: 46752 | X53: Текущая инвентаризация
A54: Узел пересыпки цемента | B54: 0059 | C54: 12 | G54: Точечный источник | J54: 13 | K54: 0.25 | L54: 0.4 | M54: 8 | N54: 0.8 | O54: 28 | V54: 44927 | W54: 46752 | X54: Текущая инвентаризация
A55: Разгрузка известняка на складе. Хранение (сдувание со склада). | B55: 6001 | C55: 13 | G55: Неорганизованные источники | J55: 3 | V55: 44927 | W55: 46752 | X55: Текущая инвентаризация
A56: Загрузка известняка в приемный бункер дробилки | B56: 6002 | C56: 13 | G56: Неорганизованные источники | J56: 2 | V56: 44927 | W56: 46752 | X56: Текущая инвентаризация
A57: Разгрузка с транспортера на склад. Хранение (сдувание со склада). Штабелирование склада. Перегрузка со склада на конвейер | B57: 6003 | C57: 14 | G57: Неорганизованные источники | J57: 3 | V57: 44927 | W57: 46752 | X57: Текущая инвентаризация
A58: Разгрузка глины на складе. Хранение (сдувание со склада). | B58: 6006 | C58: 15 | G58: Неорганизованные источники | J58: 3 | V58: 44927 | W58: 46752 | X58: Текущая инвентаризация
A59: Загрузка глины в приемный бункер | B59: 6007 | C59: 15 | G59: Неорганизованные источники | J59: 2 | V59: 44927 | W59: 46752 | X59: Текущая инвентаризация
A60: Усреднительный склад вспомогательных материалов | B60: 6008 | C60: 16 | G60: Неорганизованные источники | J60: 3 | V60: 44927 | W60: 46752 | X60: Текущая инвентаризация
A61: Открытый склад кремнистого алевролита (песчаника) | B61: 6012 | C61: 17 | G61: Неорганизованные источники | J61: 3 | V61: 44927 | W61: 46752 | X61: Текущая инвентаризация
A62: Приемный бункер кремнистого алевролита (песчаника) | B62: 6013 | C62: 17 | G62: Неорганизованные источники | J62: 2 | V62: 44927 | W62: 46752 | X62: Текущая инвентаризация
A63: Открытый склад железной руды (огарков) | B63: 6017 | C63: 18 | G63: Неорганизованные источники | J63: 3 | V63: 44927 | W63: 46752 | X63: Текущая инвентаризация
A64: Приемный бункер железной руды (огарков) | B64: 6018 | C64: 18 | G64: Неорганизованные источники | J64: 2 | V64: 44927 | W64: 46752 | X64: Текущая инвентаризация
A65: Перегрузка железной руды (огарков) с ленточного конвейера на транспортер | B65: 6019 | C65: 18 | G65: Неорганизованные источники | J65: 2 | V65: 44927 | W65: 46752 | X65: Текущая инвентаризация
A66: Пересыпка известняка с транспортера на транспортер | B66: 6023 | C66: 4 | G66: Неорганизованные источники | J66: 2 | V66: 44927 | W66: 46752 | X66: Текущая инвентаризация
... A131: Разгрузка клинкера с автотранспорта. Хранение (сдувание со склада) | B131: 6113 | C131: 32 | G131: Неорганизованные источники | J131: 3 | V131: 44927 | W131: 46752 | X131: Текущая инвентаризация

Sheet Источники выделения
A1: Наименование источника выделения | B1: Номер источника выделения | C1: Номер источника загрязнения* | D1: Наименование выпускаемой продукции | E1: Количество источников выделения | F1: Кол-во ИВ, работающих одновременно | G1: Время работы - в сутки | H1: Время работы - в год | I1: Номер режима | J1: Сезон | K1: Срок действия с | L1: Срок действия по | M1: Инвентаризация/Перспектива
A2: Вытяжная труба пылеуловителя | B2: 0001 | C2: 0001 | H2: 2800 | J2: Лето (Круглый год) | K2: 44927 | L2: 46752 | M2: Текущая инвентаризация
A3: Вытяжная труба пылеуловителя | B3: 0002 | C3: 0002 | H3: 2800 | J3: Лето (Круглый год) | K3: 44927 | L3: 46752 | M3: Текущая инвентаризация
A4: Вытяжная труба пылеуловителя | B4: 0003 | C4: 0003 | H4: 2800 | J4: Лето (Круглый год) | K4: 44927 | L4: 46752 | M4: Текущая инвентаризация
A5: Вытяжная труба пылеуловителя | B5: 0004 | C5: 0004 | H5: 2300 | J5: Лето (Круглый год) | K5: 44927 | L5: 46752 | M5: Текущая инвентаризация
A6: Вытяжная труба пылеуловителя | B6: 0005 | C6: 0005 | H6: 2300 | J6: Лето (Круглый год) | K6: 44927 | L6: 46752 | M6: Текущая инвентаризация
A7: Вытяжная труба пылеуловителя | B7: 0008 | C7: 0008 | H7: 5400 | J7: Лето (Круглый год) | K7: 44927 | L7: 46752 | M7: Текущая инвентаризация
A8: Вытяжная труба пылеуловителя | B8: 0009 | C8: 0009 | H8: 6000 | J8: Лето (Круглый год) | K8: 44927 | L8: 46752 | M8: Текущая инвентаризация
A9: Дымовая труба | B9: 0011 | C9: 0011 | H9: 6480 | J9: Лето (Круглый год) | K9: 44927 | L9: 46752 | M9: Текущая инвентаризация
A10: Вытяжная труба пылеуловителя | B10: 0012 | C10: 0012 | H10: 5500 | J10: Лето (Круглый год) | K10: 44927 | L10: 46752 | M10: Текущая инвентаризация
A11: Вытяжная труба пылеуловителя | B11: 0013 | C11: 0013 | H11: 5500 | J11: Лето (Круглый год) | K11: 44927 | L11: 46752 | M11: Текущая инвентаризация
A12: Вытяжная труба пылеуловителя | B12: 0014 | C12: 0014 | H12: 5400 | J12: Лето (Круглый год) | K12: 44927 | L12: 46752 | M12: Текущая инвентаризация
A13: Вытяжная труба пылеуловителя | B13: 0015 | C13: 0015 | H13: 5400 | J13: Лето (Круглый год) | K13: 44927 | L13: 46752 | M13: Текущая инвентаризация
... A46: Дистиллятор | B46: 0051 | C46: 0051 | H46: 730 | J46: Лето (Круглый год) | K46: 44927 | L46: 46752 | M46: Текущая инвентаризация
A47: Отпуск кислот; вытяжной шкаф | B47: 0052 | C47: 0052 | H47: =150+70 -> 220 | J47: Лето (Круглый год) | K47: 44927 | L47: 46752 | M47: Текущая инвентаризация
A48: Узел пересыпки клинкера | B48: 0053 | C48: 0053 | H48: 5300 | J48: Лето (Круглый год) | K48: 44927 | L48: 46752 | M48: Текущая инвентаризация
A49: Узел перегрузки цемента | B49: 0054 | C49: 0054 | H49: 4800 | J49: Лето (Круглый год) | K49: 44927 | L49: 46752 | M49: Текущая инвентаризация
A50: Дымовая труба | B50: 0055 | C50: 0055 | H50: 6260 | J50: Лето (Круглый год) | K50: 44927 | L50: 46752 | M50: Текущая инвентаризация
A51: Узел пересыпки цемента | B51: 0056 | C51: 0056 | H51: 5000 | J51: Лето (Круглый год) | K51: 44927 | L51: 46752 | M51: Текущая инвентаризация
A52: Узел пересыпки цемента | B52: 0057 | C52: 0057 | H52: 5000 | J52: Лето (Круглый год) | K52: 44927 | L52: 46752 | M52: Текущая инвентаризация
A53: Узел пересыпки цемента | B53: 0058 | C53: 0058 | H53: 5000 | J53: Лето (Круглый год) | K53: 44927 | L53: 46752 | M53: Текущая инвентаризация
A54: Узел пересыпки цемента | B54: 0059 | C54: 0059 | H54: 5000 | J54: Лето (Круглый год) | K54: 44927 | L54: 46752 | M54: Текущая инвентаризация
A55: Открытый склад известняка | B55: 6001 | C55: 6001 | H55: 8760 | J55: Лето (Круглый год) | K55: 44927 | L55: 46752 | M55: Текущая инвентаризация
A56: Загрузка известняка в приемный бункер дробилки | B56: 6002 | C56: 6002 | H56: 2111.1111 | J56: Лето (Круглый год) | K56: 44927 | L56: 46752 | M56: Текущая инвентаризация
A57: Усреднительный склад известняка | B57: 6003 | C57: 6003 | H57: 8760 | J57: Лето (Круглый год) | K57: 44927 | L57: 46752 | M57: Текущая инвентаризация
A58: Открытый склад глины | B58: 6006 | C58: 6006 | H58: 8760 | J58: Лето (Круглый год) | K58: 44927 | L58: 46752 | M58: Текущая инвентаризация
A59: Приемный бункер глины | B59: 6007 | C59: 6007 | H59: 3333 | J59: Лето (Круглый год) | K59: 44927 | L59: 46752 | M59: Текущая инвентаризация
... A131: Накопительная площадка клинкера | B131: 6113 | C131: 6113 | H131: 8760 | J131: Лето (Круглый год) | K131: 44927 | L131: 46752 | M131: Текущая инвентаризация

Sheet Очистные сооружения
A1: Номер ГПОУ | B1: Наименование ГПОУ | C1: Номер источника загрязнения* | D1: Номер источника выделения* | E1: Время работы, час/сут | F1: Инвентаризация/Перспектива
A2: 1 | B2: рукавный фильтр | C2: 0001 | D2: 0001 | F2: Текущая инвентаризация
A3: 2 | B3: рукавный фильтр | C3: 0002 | D3: 0002 | F3: Текущая инвентаризация
A4: 3 | B4: рукавный фильтр | C4: 0003 | D4: 0003 | F4: Текущая инвентаризация
A5: 4 | B5: рукавный фильтр | C5: 0004 | D5: 0004 | F5: Текущая инвентаризация
A6: 5 | B6: рукавный фильтр | C6: 0005 | D6: 0005 | F6: Текущая инвентаризация
A7: 6 | B7: рукавный фильтр | C7: 0008 | D7: 0008 | F7: Текущая инвентаризация
A8: 7 | B8: рукавный фильтр | C8: 0009 | D8: 0009 | F8: Текущая инвентаризация
A9: 8 | B9: электро-фильтр | C9: 0011 | D9: 0011 | F9: Текущая инвентаризация
A10: 9 | B10: рукавный фильтр | C10: 0012 | D10: 0012 | F10: Текущая инвентаризация
A11: 10 | B11: рукавный фильтр | C11: 0013 | D11: 0013 | F11: Текущая инвентаризация
A12: 11 | B12: рукавный фильтр | C12: 0014 | D12: 0014 | F12: Текущая инвентаризация
A13: 12 | B13: рукавный фильтр | C13: 0015 | D13: 0015 | F13: Текущая инвентаризация
... A45: 44 | B45: электро-фильтр | C45: 0055 | D45: 0055 | F45: Текущая инвентаризация

Sheet Данные ЗВ
A1: Номер источника загрязнения* | B1: Номер источника выделения* | C1: Код загрязняющего вещества | D1: Наименование загрязняющего вещества | E1: Г/С загрязняющего вещества | F1: Т/Г загрязняющего вещества | G1: МГ/М3 загрязняющего вещества | H1: Номер ГПОУ* | I1: КПД проектный | J1: КПД фактический | K1: Инвентаризация/Перспектива
A2: 0001 | B2: 0001 | C2: 2908 | D2: Пыль неорганическая, содержащая двуокись кремния в %: 70-20 (шамот, цемент, пыль цементного производства - глина, глинистый сланец, доменный шлак, песок, клинкер, зола, кремнезем, зола углей казахстанских месторождений) (494) | E2: 0.02353 | F2: 0.23718 | G2: 1.43 | H2: 1 | K2: Текущая инвентаризация
A3: 0002 | B3: 0002 | C3: 2908 | D3: Пыль неорганическая, содержащая двуокись кремния в %: 70-20 (шамот, цемент, пыль цементного производства - глина, глинистый сланец, доменный шлак, песок, клинкер, зола, кремнезем, зола углей казахстанских месторождений) (494) | E3: 0.00207 | F3: 0.02087 | G3: 0.33 | H3: 2 | K3: Текущая инвентаризация
A4: 0003 | B4: 0003 | C4: 2908 | D4: Пыль неорганическая, содержащая двуокись кремния в %: 70-20 (шамот, цемент, пыль цементного производства - глина, глинистый сланец, доменный шлак, песок, клинкер, зола, кремнезем, зола углей казахстанских месторождений) (494) | E4: 0.00207 | F4: 0.02087 | G4: 0.33 | H4: 3 | K4: Текущая инвентаризация
A5: 0004 | B5: 0004 | C5: 2908 | D5: Пыль неорганическая, содержащая двуокись кремния в %: 70-20 (шамот, цемент, пыль цементного производства - глина, глинистый сланец, доменный шлак, песок, клинкер, зола, кремнезем, зола углей казахстанских месторождений) (494) | E5: 0.00035 | F5: 0.0029 | G5: 0.06 | H5: 4 | K5: Текущая инвентаризация
A6: 0005 | B6: 0005 | C6: 2908 | D6: Пыль неорганическая, содержащая двуокись кремния в %: 70-20 (шамот, цемент, пыль цементного производства - глина, глинистый сланец, доменный шлак, песок, клинкер, зола, кремнезем, зола углей казахстанских месторождений) (494) | E6: 0.01389 | F6: 0.11501 | G6: 2.73 | H6: 5 | K6: Текущая инвентаризация
A7: 0008 | B7: 0008 | C7: 2908 | D7: Пыль неорганическая, содержащая двуокись кремния в %: 70-20 (шамот, цемент, пыль цементного производства - глина, глинистый сланец, доменный шлак, песок, клинкер, зола, кремнезем, зола углей казахстанских месторождений) (494) | E7: 0.00028 | F7: 0.00544 | G7: 0.06 | H7: 6 | K7: Текущая инвентаризация
A8: 0009 | B8: 0009 | C8: 2908 | D8: Пыль неорганическая, содержащая двуокись кремния в %: 70-20 (шамот, цемент, пыль цементного производства - глина, глинистый сланец, доменный шлак, песок, клинкер, зола, кремнезем, зола углей казахстанских месторождений) (494) | E8: 0.00034 | F8: 0.00734 | G8: 0.07 | H8: 7 | K8: Текущая инвентаризация
A9: 0011 | B9: 0011 | C9: 301 | D9: Азота (IV) диоксид (Азота диоксид) (4) | E9: 24.88889 | F9: 584.90878 | G9: 506.1 | K9: Текущая инвентаризация
C10: 304 | D10: Азот (II) оксид (Азота оксид) (6) | E10: 4.04444 | F10: 95.04768 | G10: 82.24 | K10: Текущая инвентаризация
C11: 330 | D11: Сера диоксид (Ангидрид сернистый, Сернистый газ, Сера (IV) оксид) (516) | E11: 2.20711 | F11: 51.86885 | G11: 44.88 | K11: Текущая инвентаризация
C12: 337 | D12: Углерод оксид (Окись углерода, Угарный газ) (584) | E12: 38.11111 | F12: 895.64157 | G12: 774.97 | K12: Текущая инвентаризация
C13: 2908 | D13: Пыль неорганическая, содержащая двуокись кремния в %: 70-20 (шамот, цемент, пыль цементного производства - глина, глинистый сланец, доменный шлак, песок, клинкер, зола, кремнезем, зола углей казахстанских месторождений) (494) | E13: 2.99444 | F13: 70.37174 | G13: 60.89 | H13: 8 | K13: Текущая инвентаризация
A14: 0012 | B14: 0012 | C14: 2908 | D14: Пыль неорганическая, содержащая двуокись кремния в %: 70-20 (шамот, цемент, пыль цементного производства - глина, глинистый сланец, доменный шлак, песок, клинкер, зола, кремнезем, зола углей казахстанских месторождений) (494) | E14: 0.00879 | F14: 0.17404 | G14: 1.73 | H14: 9 | K14: Текущая инвентаризация
A15: 0013 | B15: 0013 | C15: 2908 | D15: Пыль неорганическая, содержащая двуокись кремния в %: 70-20 (шамот, цемент, пыль цементного производства - глина, глинистый сланец, доменный шлак, песок, клинкер, зола, кремнезем, зола углей казахстанских месторождений) (494) | E15: 0.001 | F15: 0.0198 | G15: 0.2 | H15: 10 | K15: Текущая инвентаризация
A16: 0014 | B16: 0014 | C16: 2908 | D16: Пыль неорганическая, содержащая двуокись кремния в %: 70-20 (шамот, цемент, пыль цементного производства - глина, глинистый сланец, доменный шлак, песок, клинкер, зола, кремнезем, зола углей казахстанских месторождений) (494) | E16: 0.00042 | F16: 0.00816 | G16: 0.06 | H16: 11 | K16: Текущая инвентаризация
A17: 0015 | B17: 0015 | C17: 2908 | D17: Пыль неорганическая, содержащая двуокись кремния в %: 70-20 (шамот, цемент, пыль цементного производства - глина, глинистый сланец, доменный шлак, песок, клинкер, зола, кремнезем, зола углей казахстанских месторождений) (494) | E17: 0.00042 | F17: 0.00816 | G17: 0.06 | H17: 12 | K17: Текущая инвентаризация
A18: 0016 | B18: 0016 | C18: 2908 | D18: Пыль неорганическая, содержащая двуокись кремния в %: 70-20 (шамот, цемент, пыль цементного производства - глина, глинистый сланец, доменный шлак, песок, клинкер, зола, кремнезем, зола углей казахстанских месторождений) (494) | E18: 0.01989 | F18: 0.16469 | G18: 1.43 | H18: 13 | K18: Текущая инвентаризация
A19: 0017 | B19: 0017 | C19: 2908 | D19: Пыль неорганическая, содержащая двуокись кремния в %: 70-20 (шамот, цемент, пыль цементного производства - глина, глинистый сланец, доменный шлак, песок, клинкер, зола, кремнезем, зола углей казахстанских месторождений) (494) | E19: 0.00056 | F19: 0.01089 | G19: 0.06 | H19: 14 | K19: Текущая инвентаризация
A20: 0018 | B20: 0018 | C20: 2908 | D20: Пыль неорганическая, содержащая двуокись кремния в %: 70-20 (шамот, цемент, пыль цементного производства - глина, глинистый сланец, доменный шлак, песок, клинкер, зола, кремнезем, зола углей казахстанских месторождений) (494) | E20: 0.00056 | F20: 0.00403 | G20: 0.06 | H20: 15 | K20: Текущая инвентаризация
A21: 0019 | B21: 0019 | C21: 2908 | D21: Пыль неорганическая, содержащая двуокись кремния в %: 70-20 (шамот, цемент, пыль цементного производства - глина, глинистый сланец, доменный шлак, песок, клинкер, зола, кремнезем, зола углей казахстанских месторождений) (494) | E21: 0.00133 | F21: 0.00958 | G21: 0.13 | H21: 16 | K21: Текущая инвентаризация
A22: 0020 | B22: 0020 | C22: 2908 | D22: Пыль неорганическая, содержащая двуокись кремния в %: 70-20 (шамот, цемент, пыль цементного производства - глина, глинистый сланец, доменный шлак, песок, клинкер, зола, кремнезем, зола углей казахстанских месторождений) (494) | E22: 0.0111 | F22: 0.27572 | G22: 0.57 | H22: 17 | K22: Текущая инвентаризация
A23: 0021 | B23: 0021 | C23: 2908 | D23: Пыль неорганическая, содержащая двуокись кремния в %: 70-20 (шамот, цемент, пыль цементного производства - глина, глинистый сланец, доменный шлак, песок, клинкер, зола, кремнезем, зола углей казахстанских месторождений) (494) | E23: 0.00056 | F23: 0.01089 | G23: 0.06 | H23: 18 | K23: Текущая инвентаризация
A24: 0022 | B24: 0022 | C24: 2908 | D24: Пыль неорганическая, содержащая двуокись кремния в %: 70-20 (шамот, цемент, пыль цементного производства - глина, глинистый сланец, доменный шлак, песок, клинкер, зола, кремнезем, зола углей казахстанских месторождений) (494) | E24: 0.00056 | F24: 0.00968 | G24: 0.06 | H24: 19 | K24: Текущая инвентаризация
A25: 0024 | B25: 0024 | C25: 2908 | D25: Пыль неорганическая, содержащая двуокись кремния в %: 70-20 (шамот, цемент, пыль цементного производства - глина, глинистый сланец, доменный шлак, песок, клинкер, зола, кремнезем, зола углей казахстанских месторождений) (494) | E25: 0.0153 | F25: 0.0661 | G25: 1.1 | H25: 20 | K25: Текущая инвентаризация
... A46: 0045 | B46: 0045 | C46: 2908 | D46: Пыль неорганическая, содержащая двуокись кремния в %: 70-20 (шамот, цемент, пыль цементного производства - глина, глинистый сланец, доменный шлак, песок, клинкер, зола, кремнезем, зола углей казахстанских месторождений) (494) | E46: 0.04107 | F46: 0.91816 | G46: 4.08 | H46: 41 | K46: Текущая инвентаризация
A47: 0046 | B47: 0046 | C47: 123 | D47: Железо (II, III) оксиды (в пересчете на железо) (диЖелезо триоксид, Железа оксид) (274) | E47: 0.01417 | F47: 0.03088 | G47: 156.23 | K47: Текущая инвентаризация
C48: 143 | D48: Марганец и его соединения (в пересчете на марганца (IV) оксид) (327) | E48: 0.00188 | F48: 0.00536 | G48: 20.73 | K48: Текущая инвентаризация
C49: 301 | D49: Азота (IV) диоксид (Азота диоксид) (4) | E49: 0.00333 | F49: 0.0135 | G49: 36.72 | K49: Текущая инвентаризация
C50: 342 | D50: Фтористые газообразные соединения /в пересчете на фтор/ (617) | E50: 0.00022 | F50: 0.0012 | G50: 2.43 | K50: Текущая инвентаризация
C51: 2902 | D51: Взвешенные частицы (116) | E51: 0.00592 | F51: 0.05428 | G51: 65.27 | K51: Текущая инвентаризация
C52: 2908 | D52: Пыль неорганическая, содержащая двуокись кремния в %: 70-20 (шамот, цемент, пыль цементного производства - глина, глинистый сланец, доменный шлак, песок, клинкер, зола, кремнезем, зола углей казахстанских месторождений) (494) | E52: 0.00023 | F52: 4e-05 | G52: 2.54 | K52: Текущая инвентаризация
C53: 2930 | D53: Пыль абразивная (Корунд белый, Монокорунд) (1027*) | E53: 0.0026 | F53: 0.01376 | G53: 28.67 | K53: Текущая инвентаризация
A54: 0048 | B54: 0048 | C54: 150 | D54: Натрий гидроксид (Натр едкий, Сода каустическая) (876*) | E54: 1.3e-05 | F54: 0.000137 | G54: 0.02 | K54: Текущая инвентаризация
C55: 302 | D55: Азотная кислота (5) | E55: 0.0005 | F55: 0.005256 | G55: 0.89 | K55: Текущая инвентаризация
C56: 303 | D56: Аммиак (32) | E56: 4.9e-05 | F56: 0.000515 | G56: 0.09 | K56: Текущая инвентаризация
C57: 306 | D57: Аммоний тиоцианат (Аммоний роданид) (76*) | E57: 4.9e-05 | F57: 0.000515 | G57: 0.09 | K57: Текущая инвентаризация
C58: 316 | D58: Гидрохлорид (Соляная кислота, Водород хлорид) (163) | E58: 0.000132 | F58: 0.001388 | G58: 0.23 | K58: Текущая инвентаризация
C59: 322 | D59: Серная кислота (517) | E59: 2.7e-05 | F59: 0.000284 | G59: 0.05 | K59: Текущая инвентаризация
C60: 348 | D60: Ортофосфорная кислота (938*) | E60: 0.0005 | F60: 0.005256 | G60: 0.89 | K60: Текущая инвентаризация
A61: 0049 | B61: 0049 | C61: 2908 | D61: Пыль неорганическая, содержащая двуокись кремния в %: 70-20 (шамот, цемент, пыль цементного производства - глина, глинистый сланец, доменный шлак, песок, клинкер, зола, кремнезем, зола углей казахстанских месторождений) (494) | E61: 0.0074 | F61: 0.01558 | G61: 5.26 | K61: Текущая инвентаризация
A62: 0051 | B62: 0051 | C62: 1061 | D62: Этанол (Этиловый спирт) (667) | E62: 0.3178 | F62: 0.8353 | G62: 761.73 | K62: Текущая инвентаризация
A63: 0052 | B63: 0052 | C63: 316 | D63: Гидрохлорид (Соляная кислота, Водород хлорид) (163) | E63: 0.0002556 | F63: 8.04e-05 | G63: 2.01 | K63: Текущая инвентаризация
C64: 322 | D64: Серная кислота (517) | E64: 1.48e-05 | F64: 7.7e-06 | G64: 0.12 | K64: Текущая инвентаризация
A65: 0053 | B65: 0053 | C65: 2908 | D65: Пыль неорганическая, содержащая двуокись кремния в %: 70-20 (шамот, цемент, пыль цементного производства - глина, глинистый сланец, доменный шлак, песок, клинкер, зола, кремнезем, зола углей казахстанских месторождений) (494) | E65: 0.00056 | F65: 0.01068 | G65: 0.06 | H65: 42 | K65: Текущая инвентаризация
A66: 0054 | B66: 0054 | C66: 2908 | D66: Пыль неорганическая, содержащая двуокись кремния в %: 70-20 (шамот, цемент, пыль цементного производства - глина, глинистый сланец, доменный шлак, песок, клинкер, зола, кремнезем, зола углей казахстанских месторождений) (494) | E66: 0.00063 | F66: 0.01089 | G66: 0.06 | H66: 43 | K66: Текущая инвентаризация
A67: 0055 | B67: 0055 | C67: 301 | D67: Азота (IV) диоксид (Азота диоксид) (4) | E67: 0.71525 | F67: 16.11887 | G67: 37.82 | H67: 44 | K67: Текущая инвентаризация
C68: 304 | D68: Азот (II) оксид (Азота оксид) (6) | E68: 0.11444 | F68: 2.57902 | G68: 6.05 | K68: Текущая инвентаризация
C69: 330 | D69: Сера диоксид (Ангидрид сернистый, Сернистый газ, Сера (IV) оксид) (516) | E69: 1.91687 | F69: 43.19858 | G69: 101.36 | K69: Текущая инвентаризация
C70: 337 | D70: Углерод оксид (Окись углерода, Угарный газ) (584) | E70: 8.89771 | F70: 200.51879 | G70: 470.49 | K70: Текущая инвентаризация
C71: 2908 | D71: Пыль неорганическая, содержащая двуокись кремния в %: 70-20 (шамот, цемент, пыль цементного производства - глина, глинистый сланец, доменный шлак, песок, клинкер, зола, кремнезем, зола углей казахстанских месторождений) (494) | E71: 0.12875 | F71: 2.90151 | G71: 6.81 | K71: Текущая инвентаризация
A72: 0056 | B72: 0056 | C72: 2908 | D72: Пыль неорганическая, содержащая двуокись кремния в %: 70-20 (шамот, цемент, пыль цементного производства - глина, глинистый сланец, доменный шлак, песок, клинкер, зола, кремнезем, зола углей казахстанских месторождений) (494) | E72: 0.0011 | F72: 0.0202 | G72: 1.52 | K72: Текущая инвентаризация
A73: 0057 | B73: 0057 | C73: 2908 | D73: Пыль неорганическая, содержащая двуокись кремния в %: 70-20 (шамот, цемент, пыль цементного производства - глина, глинистый сланец, доменный шлак, песок, клинкер, зола, кремнезем, зола углей казахстанских месторождений) (494) | E73: 0.0011 | F73: 0.0202 | G73: 1.52 | K73: Текущая инвентаризация
A74: 0058 | B74: 0058 | C74: 2908 | D74: Пыль неорганическая, содержащая двуокись кремния в %: 70-20 (шамот, цемент, пыль цементного производства - глина, глинистый сланец, доменный шлак, песок, клинкер, зола, кремнезем, зола углей казахстанских месторождений) (494) | E74: 0.0011 | F74: 0.0202 | G74: 1.52 | K74: Текущая инвентаризация
A75: 0059 | B75: 0059 | C75: 2908 | D75: Пыль неорганическая, содержащая двуокись кремния в %: 70-20 (шамот, цемент, пыль цементного производства - глина, глинистый сланец, доменный шлак, песок, клинкер, зола, кремнезем, зола углей казахстанских месторождений) (494) | E75: 0.0011 | F75: 0.0202 | G75: 1.52 | K75: Текущая инвентаризация
A76: 6001 | B76: 6001 | C76: 2908 | D76: Пыль неорганическая, содержащая двуокись кремния в %: 70-20 (шамот, цемент, пыль цементного производства - глина, глинистый сланец, доменный шлак, песок, клинкер, зола, кремнезем, зола углей казахстанских месторождений) (494) | E76: 0.9367 | F76: 5.2807 | K76: Текущая инвентаризация
A77: 6002 | B77: 6002 | C77: 2908 | D77: Пыль неорганическая, содержащая двуокись кремния в %: 70-20 (шамот, цемент, пыль цементного производства - глина, глинистый сланец, доменный шлак, песок, клинкер, зола, кремнезем, зола углей казахстанских месторождений) (494) | E77: 0.0675 | F77: 0.513 | K77: Текущая инвентаризация
A78: 6003 | B78: 6003 | C78: 2908 | D78: Пыль неорганическая, содержащая двуокись кремния в %: 70-20 (шамот, цемент, пыль цементного производства - глина, глинистый сланец, доменный шлак, песок, клинкер, зола, кремнезем, зола углей казахстанских месторождений) (494) | E78: 0.9009 | F78: 6.3404 | K78: Текущая инвентаризация
A79: 6006 | B79: 6006 | C79: 2908 | D79: Пыль неорганическая, содержащая двуокись кремния в %: 70-20 (шамот, цемент, пыль цементного производства - глина, глинистый сланец, доменный шлак, песок, клинкер, зола, кремнезем, зола углей казахстанских месторождений) (494) | E79: 0.3275 | F79: 1.3075 | K79: Текущая инвентаризация
A80: 6007 | B80: 6007 | C80: 2908 | D80: Пыль неорганическая, содержащая двуокись кремния в %: 70-20 (шамот, цемент, пыль цементного производства - глина, глинистый сланец, доменный шлак, песок, клинкер, зола, кремнезем, зола углей казахстанских месторождений) (494) | E80: 0.0024 | F80: 0.0288 | K80: Текущая инвентаризация
A81: 6008 | B81: 6008 | C81: 2908 | D81: Пыль неорганическая, содержащая двуокись кремния в %: 70-20 (шамот, цемент, пыль цементного производства - глина, глинистый сланец, доменный шлак, песок, клинкер, зола, кремнезем, зола углей казахстанских месторождений) (494) | E81: 0.1458 | F81: 0.408 | K81: Текущая инвентаризация
A82: 6012 | B82: 6012 | C82: 2908 | D82: Пыль неорганическая, содержащая двуокись кремния в %: 70-20 (шамот, цемент, пыль цементного производства - глина, глинистый сланец, доменный шлак, песок, клинкер, зола, кремнезем, зола углей казахстанских месторождений) (494) | E82: 1.5973 | F82: 2.904 | K82: Текущая инвентаризация
A83: 6013 | B83: 6013 | C83: 2908 | D83: Пыль неорганическая, содержащая двуокись кремния в %: 70-20 (шамот, цемент, пыль цементного производства - глина, глинистый сланец, доменный шлак, песок, клинкер, зола, кремнезем, зола углей казахстанских месторождений) (494) | E83: 0.0192 | F83: 0.0768 | K83: Текущая инвентаризация
A84: 6017 | B84: 6017 | C84: 2908 | D84: Пыль неорганическая, содержащая двуокись кремния в %: 70-20 (шамот, цемент, пыль цементного производства - глина, глинистый сланец, доменный шлак, песок, клинкер, зола, кремнезем, зола углей казахстанских месторождений) (494) | E84: 1.0151 | F84: 2.1127 | K84: Текущая инвентаризация
A85: 6018 | B85: 6018 | C85: 2908 | D85: Пыль неорганическая, содержащая двуокись кремния в %: 70-20 (шамот, цемент, пыль цементного производства - глина, глинистый сланец, доменный шлак, песок, клинкер, зола, кремнезем, зола углей казахстанских месторождений) (494) | E85: 0.064 | F85: 0.0691 | K85: Текущая инвентаризация
A86: 6019 | B86: 6019 | C86: 2908 | D86: Пыль неорганическая, содержащая двуокись кремния в %: 70-20 (шамот, цемент, пыль цементного производства - глина, глинистый сланец, доменный шлак, песок, клинкер, зола, кремнезем, зола углей казахстанских месторождений) (494) | E86: 0.032 | F86: 0.0691 | K86: Текущая инвентаризация
A87: 6023 | B87: 6023 | C87: 2908 | D87: Пыль неорганическая, содержащая двуокись кремния в %: 70-20 (шамот, цемент, пыль цементного производства - глина, глинистый сланец, доменный шлак, песок, клинкер, зола, кремнезем, зола углей казахстанских месторождений) (494) | E87: 0.0026 | F87: 0.073 | K87: Текущая инвентаризация
... A140: 6093 | B140: 6093 | C140: 123 | D140: Железо (II, III) оксиды (в пересчете на железо) (диЖелезо триоксид, Железа оксид) (274) | E140: 0.01417 | F140: 0.03088 | K140: Текущая инвентаризация
C141: 143 | D141: Марганец и его соединения (в пересчете на марганца (IV) оксид) (327) | E141: 0.00188 | F141: 0.00536 | K141: Текущая инвентаризация
C142: 301 | D142: Азота (IV) диоксид (Азота диоксид) (4) | E142: 0.00333 | F142: 0.0135 | K142: Текущая инвентаризация
C143: 342 | D143: Фтористые газообразные соединения /в пересчете на фтор/ (617) | E143: 0.00022 | F143: 0.0012 | K143: Текущая инвентаризация
C144: 2908 | D144: Пыль неорганическая, содержащая двуокись кремния в %: 70-20 (шамот, цемент, пыль цементного производства - глина, глинистый сланец, доменный шлак, песок, клинкер, зола, кремнезем, зола углей казахстанских месторождений) (494) | E144: 0.00023 | F144: 4e-05 | K144: Текущая инвентаризация
A145: 6094 | B145: 6094 | C145: 2754 | D145: Алканы С12-19 /в пересчете на С/ (Углеводороды предельные С12-С19 (в пересчете на С); Растворитель РПК-265П) (10) | E145: 0.1389 | F145: 1.45 | K145: Текущая инвентаризация
A146: 6095 | B146: 6095 | C146: 2754 | D146: Алканы С12-19 /в пересчете на С/ (Углеводороды предельные С12-С19 (в пересчете на С); Растворитель РПК-265П) (10) | E146: 0.1389 | F146: 1.45 | K146: Текущая инвентаризация
A147: 6096 | B147: 6096 | C147: 2908 | D147: Пыль неорганическая, содержащая двуокись кремния в %: 70-20 (шамот, цемент, пыль цементного производства - глина, глинистый сланец, доменный шлак, песок, клинкер, зола, кремнезем, зола углей казахстанских месторождений) (494) | E147: 0.015 | F147: 0.108 | K147: Текущая инвентаризация
A148: 6103 | B148: 6103 | C148: 2908 | D148: Пыль неорганическая, содержащая двуокись кремния в %: 70-20 (шамот, цемент, пыль цементного производства - глина, глинистый сланец, доменный шлак, песок, клинкер, зола, кремнезем, зола углей казахстанских месторождений) (494) | E148: 0.00106 | F148: 0.00607 | K148: Текущая инвентаризация
A149: 6104 | B149: 6104 | C149: 2908 | D149: Пыль неорганическая, содержащая двуокись кремния в %: 70-20 (шамот, цемент, пыль цементного производства - глина, глинистый сланец, доменный шлак, песок, клинкер, зола, кремнезем, зола углей казахстанских месторождений) (494) | E149: 0.00067 | F149: 0.00081 | K149: Текущая инвентаризация
A150: 6105 | B150: 6105 | C150: 2908 | D150: Пыль неорганическая, содержащая двуокись кремния в %: 70-20 (шамот, цемент, пыль цементного производства - глина, глинистый сланец, доменный шлак, песок, клинкер, зола, кремнезем, зола углей казахстанских месторождений) (494) | E150: 0.00067 | F150: 0.001 | K150: Текущая инвентаризация
A151: 6106 | B151: 6106 | C151: 2908 | D151: Пыль неорганическая, содержащая двуокись кремния в %: 70-20 (шамот, цемент, пыль цементного производства - глина, глинистый сланец, доменный шлак, песок, клинкер, зола, кремнезем, зола углей казахстанских месторождений) (494) | E151: 4.2e-05 | F151: 4.7e-05 | K151: Текущая инвентаризация
A152: 6107 | B152: 6107 | C152: 2908 | D152: Пыль неорганическая, содержащая двуокись кремния в %: 70-20 (шамот, цемент, пыль цементного производства - глина, глинистый сланец, доменный шлак, песок, клинкер, зола, кремнезем, зола углей казахстанских месторождений) (494) | E152: 0.00065 | F152: 0.00303 | K152: Текущая инвентаризация
A153: 6108 | B153: 6108 | C153: 2908 | D153: Пыль неорганическая, содержащая двуокись кремния в %: 70-20 (шамот, цемент, пыль цементного производства - глина, глинистый сланец, доменный шлак, песок, клинкер, зола, кремнезем, зола углей казахстанских месторождений) (494) | E153: 0.00026 | F153: 0.00057 | K153: Текущая инвентаризация
A154: 6109 | B154: 6109 | C154: 2908 | D154: Пыль неорганическая, содержащая двуокись кремния в %: 70-20 (шамот, цемент, пыль цементного производства - глина, глинистый сланец, доменный шлак, песок, клинкер, зола, кремнезем, зола углей казахстанских месторождений) (494) | E154: 0.00107 | F154: 0.00624 | K154: Текущая инвентаризация
A155: 6110 | B155: 6110 | C155: 2908 | D155: Пыль неорганическая, содержащая двуокись кремния в %: 70-20 (шамот, цемент, пыль цементного производства - глина, глинистый сланец, доменный шлак, песок, клинкер, зола, кремнезем, зола углей казахстанских месторождений) (494) | E155: 0.00102 | F155: 0.0095 | K155: Текущая инвентаризация
A156: 6113 | B156: 6113 | C156: 2908 | D156: Пыль неорганическая, содержащая двуокись кремния в %: 70-20 (шамот, цемент, пыль цементного производства - глина, глинистый сланец, доменный шлак, песок, клинкер, зола, кремнезем, зола углей казахстанских месторождений) (494) | E156: 0.0955 | F156: 1.068 | K156: Текущая инвентаризация

Sheet Мероприятия по снижению выбросо
A1: Номер ИЗА | B1: Номер ИВ | C1: Код ЗВ | D1: Мероприятие (Наименование на русском) | E1: Мероприятие (Наименование на казахском) | F1: Мероприятие (Период с:) | G1: Мероприятие (Период по:) | H1: Сроки реализации мероприятия с, год | I1: Сроки реализации мероприятия с, квартал | J1: Сроки реализации мероприятия по, год | K1: Сроки реализации мероприятия по, квартал | L1: Капиталовложения тыс.тенге | M1: Основная деятельность тыс.тенге | N1: Процент уменьшения | O1: Инвентаризация/Перспектива

Sheet Мероприятия в периоды НМУ
A1: Номер ИЗА | B1: Номер ИВ | C1: Код ЗВ | D1: Год | E1: Режим НМУ | F1: Метод контроля источника (Наименование на русском) | G1: Метод контроля источника (Наименование на казахском) | H1: Метод контроля источника (Период с:) | I1: Метод контроля источника (Период по:) | J1: Мероприятие (Наименование на русском) | K1: Мероприятие (Наименование на казахском) | L1: Мероприятие (Период с:) | M1: Мероприятие (Период по:) | N1: Процент уменьшения | O1: Инвентаризация/Перспектива

Sheet Мероприятия по применению НДТ
A1: Номер ИЗА | B1: Номер ИВ | C1: Код ЗВ | D1: Мероприятие (Наименование на русском) | E1: Мероприятие (Наименование на казахском) | F1: Мероприятие (Период с:) | G1: Мероприятие (Период по:) | H1: Сроки реализации мероприятия с, год | I1: Сроки реализации мероприятия с, квартал | J1: Сроки реализации мероприятия по, год | K1: Сроки реализации мероприятия по, квартал | L1: Капиталовложения тыс.тенге | M1: Основная деятельность тыс.тенге | N1: Процент уменьшения | O1: Инвентаризация/Перспектива

Sheet season
A1: № | B1: Наименование
A2: 1 | B2: Лето (Круглый год)
A3: 2 | B3: Зима

Sheet lists_for_excel
A1: Области | B1: область_Абай | C1: Семей_Г_А_ | D1: Абралинский_с_о_ | E1: с_Абралы | F1: Айнабулакский_с_о_ | G1: с_Айнабулак | H1: Акбулакский_с_о_ | I1: с_Акбулак | J1: Алгабасский_с_о_ | K1: с_Алгабас | L1: Достыкский_с_о_ | M1: с_Достык | N1: Иртышский_с_о_ | O1: с_Мурат | P1: с_Прииртышское | Q1: Жиеналинский_с_о | R1: с_Букенчи | S1: с_Маралды | T1: Кокентауский_с_о_ | U1: с_Кокентау | V1: с_Кыземшек | W1: с_Жазык | X1: Новобаженовский_с_о_ | Y1: с_Булак | Z1: Карауленский_с_о_ | AA1: с_Кайнар | AB1: Озерский_с_о_ | AC1: с_Озерки | AD1: с_Караколь | AE1: с_Половинка | AF1: Приречный_с_о_ | AG1: с_Приречное | AH1: с_Гранитное | AI1: с_Муздыбай | AJ1: Чаганская_п_а_ | AK1: Шульбинская_п_а_ | AL1: Курчатов_Г_А_ | AM1: Абайский_район | AN1: Карааульский_с_о_ | AO1: Кенгирбайбийский_с_о | AP1: с_Кенгирбай_би | AQ1: Архатский_с_о_ | AR1: Каскабулакский_с_о_ | AS1: Кундыздинский_с_о_ | AT1: с_Журекадыр | AU1: Медеуский_с_о_ | AV1: Кокбайский_с_о_ | AW1: с_Кокбай | AX1: Токтамысский_с_о | AY1: Сарыжалский_с_о_ | AZ1: район_Ақсуат | BA1: Аксуатский_с_о_ | BB1: с_Аксуат | BC1: Екпинский_с_о_ | BD1: с_Екпин | BE1: с_Аккала | BF1: с_Кокжол | BG1: Кокжиринский_с_о_ | BH1: с_Базарга | BI1: с_Кызбай | BJ1: с_Мурсалим | BK1: с_Сериктес | BL1: Киндиктинский_с_о_ | BM1: с_Киндикты | BN1: Кумгольский_с_о_ | BO1: с_Кумголь | BP1: с_Кокбастау | BQ1: с_Каргыба | BR1: с_Кызылжулдыз | BS1: Кызылкесекский_с_о_ | BT1: с_Кызылкесек | BU1: с_Егиндибулак | BV1: с_Уштобе | BW1: Ойшиликский_с_о_ | BX1: с_Ойшилик | BY1: с_Айнабастау | BZ1: с_Акжол | CA1: с_Есим | CB1: с_Танамырза | CC1: с_Томар | CD1: Сатпаевский_с_о_ | CE1: с_Сатпаев | CF1: с_Коктубек | CG1: с_Сулутал | CH1: Ыргызбайский_с_о_ | CI1: с_Жантикей | CJ1: с_Кожакельды | CK1: Аягозский_район | CL1: Аягоз_г_а_ | CM1: Айгызский_с_о_ | CN1: с_Айгыз | CO1: с_Коксала | CP1: Актогайский_с_о_ | CQ1: Акшатауский_с_о_ | CR1: с_Доненбай | CS1: с_Акклет | CT1: с_Коныртау | CU1: Акшаулинский_с_о_ | CV1: Акшийский_с_о_ | CW1: с_Акши | CX1: с_Актубек | CY1: Байкошкарский_с_о_ | CZ1: с_Байкошкар | DA1: Баршатасский_с_о_ | DB1: Бидайыкский_с_о_ | DC1: с_Бидайык | DD1: Емелтауский_с_о_ | DE1: Карагашский_с_о_ | DF1: с_Караагаш | DG1: с_Каражал | DH1: Копинский_с_о_ | DI1: с_Копа | DJ1: Косагашский_с_о_ | DK1: с_Косагаш | DL1: Мадениетский_с_о_ | DM1: с_Мадениет | DN1: Майлинский_с_о_ | DO1: с_Майлино | DP1: Малгельдинский_с_о_ | DQ1: с_Корык | DR1: Мынбулакский_с_о_ | DS1: с_Ай | DT1: с_Актас | DU1: с_Ескенебулагы | DV1: с_Желдыкара | DW1: с_Кенколат | DX1: Нарынский_с_о_ | DY1: с_Шынкожа | DZ1: Оркенский_с_о_ | EA1: с_Оркен | EB1: Сарыаркинский_с_о_ | EC1: с_Сарыарка | ED1: с_Биесимас | EE1: Мамырсуский_с_о_ | EF1: с_Мамырсу | EG1: с_Батпак | EH1: Тарлаулинский_с_о_ | EI1: с_Тарлаулы | EJ1: Тарбагатайский_с_о | EK1: с_Тарбагатай | EL1: с_Акшокы | EM1: с_Малтугел | EN1: с_Ортаарал | EO1: Бескарагайский_район | EP1: Бескарагайский_с_о_ | EQ1: Баскольский_с_о_ | ER1: с_Башкуль | ES1: Бегенский_с_о_ | ET1: с_Бегень | EU1: Глуховский_с_о_ | EV1: с_Джеланды | EW1: с_Старая_Крепость | EX1: Долонский_с_о_ | EY1: с_Долонь | EZ1: с_Бодене | FA1: с_Черемушка | FB1: Канонерский_с_о_ | FC1: с_Канонерка | FD1: Маловладимировский_с_о_ | FE1: с_Малая_Владимировка | FF1: Карабасский_с_о_ | FG1: с_Карабас | FH1: Жетижарский_с_о_ | FI1: с_Жетижар | FJ1: с_Кривинка | FK1: с_Лесное | FL1: Ерназаровский_с_о_ | FM1: с_Ерназар | FN1: Бородулихинский_район | FO1: Бородулихинский_с_о_ | FP1: Андреевский_с_о_ | FQ1: с_Михайличенково | FR1: Бель_Агачский_с_о_ | FS1: с_Бековка | FT1: с_Зенковка | FU1: Бакинский_с_о_ | FV1: с_Коростели | FW1: Дмитриевский_с_о_ | FX1: Жезкентский_с_о_ | FY1: Жерновский_с_о_ | FZ1: Зубаировский_с_о_ | GA1: Красноярский_с_о_ | GB1: с_Уба_Форпост | GC1: Кунарлинский_с_о_ | GD1: с_Песчанка | GE1: с_Жарбұлақ | GF1: Новодворовский_с_о_ | GG1: Новопокровский_с_о_ | GH1: Новошульбинский_с_о_ | GI1: с_Новая_Шульба | GJ1: с_Солоновка | GK1: Переменовский_с_о_ | GL1: Петропавловский_с_о_ | GM1: с_Петропавловка | GN1: с_Изатулла | GO1: Подборный_с_о_ | GP1: с_Михайловка | GQ1: Степной_с_о_ | GR1: с_Шелехово | GS1: с_Орловка | GT1: Таврический_с_о_ | GU1: с_Буркотово | GV1: Жарминский_район | GW1: Шарская_г_а_ | GX1: с_Кезенсу | GY1: с_Кошек | GZ1: Калбатауский_с_о_ | HA1: с_Калбатау | HB1: с_Ортабулак | HC1: Акжальский_с_о_ | HD1: с_Жанаозен | HE1: с_Акжал | HF1: Ауэзовский_с_о_ | HG1: Бельтерекский_с_о_ | HH1: с_Белтерек | HI1: с_8_Марта | HJ1: Божегурский_с_о_ | HK1: Бирликский_с_о_ | HL1: с_Бирлик | HM1: Бирликшильский_с_о_ | HN1: с_Сулусары | HO1: с_Шымылдык | HP1: Жангизтобинский_с_о_ | HQ1: с_Жангизтобе | HR1: Жарминский_с_о_ | HS1: с_Жарма | HT1: Жарыкский_с_о_ | HU1: с_Жарык | HV1: с_Малай | HW1: Аршалинский_с_о_ | HX1: с_Аршалы | HY1: с_Жарыктас | HZ1: Капанбулакский_с_о_ | IA1: с_Капанбулак | IB1: с_Егинбулак | IC1: с_Төлеуғали_Әбдібекова | ID1: Карасуский_с_о_ | IE1: с_Киши_Карасу | IF1: с_Аскаралы | IG1: с_Конырбиик | IH1: Каратобинский_с_о_ | II1: с_Ади | IJ1: с_Кентарлау | IK1: Кызылагашский_с_о_ | IL1: с_Кызылагаш | IM1: с_Карасу | IN1: Ушбиикский_с_о_ | IO1: с_Ушбиик | IP1: Суыкбулакский_с_о_ | IQ1: с_Дельбегетей | IR1: с_Жайма | IS1: с_Теристанбалы | IT1: Шалабаевский_с_о_ | IU1: с_Шалабай | IV1: Кокпектинский_район | IW1: Кокпектинский_с_о_ | IX1: Улкен_Букенский_с_о_ | IY1: с_Улкен_Бокен | IZ1: Кокжайыкский_с_о_ | JA1: с_Кокжайык | JB1: с_о_им_Койгельды_Аухадиева | JC1: с_Укиликыз | JD1: Бигашский_с_о_ | JE1: Тассайский_с_о_ | JF1: с_Тассай | JG1: Теректинский_с_о_ | JH1: с_Теректы | JI1: Ульгулималшинский_с_о_ | JJ1: с_Ульгули_Малши | JK1: Шугылбайский_с_о | JL1: Урджарский_район | JM1: Урджарский_с_о_ | JN1: Акжарский_с_о_ | JO1: Колдененский_с_о_ | JP1: Акшокинский_с_о_ | JQ1: Алтыншокинский_с_о_ | JR1: Бахтинский_с_о_ | JS1: Бестерекский_с_о_ | JT1: Келдимуратовский_с_о_ | JU1: Жана_тилекский_с_о_ | JV1: Егинсуский_с_о_ | JW1: Елтайский_с_о_ | JX1: Кабанбайский_с_о_ | JY1: с_Кабанбай | JZ1: Кокозекский_с_о_ | KA1: Каратуминский_с_о_ | KB1: Коктальский_с_о_ | KC1: Коктерекский_с_о_ | KD1: Карабутинский_с_о_ | KE1: Карабулакский_с_о_ | KF1: Каракольский_с_о_ | KG1: с_Каракол | KH1: Каратальский_с_о_ | KI1: Коныршаулинский_с_о_ | KJ1: Маканчинский_с_о_ | KK1: Науалинский_с_о_ | KL1: Жогаргы_Егинсуский_с_о_ | KM1: Баркытбельский_с_о_ | KN1: Салкынбельский_с_о_ | KO1: Шолпанский_с_о_ | KP1: Акмолинская_область | KQ1: Кокшетау_Г_А_ | KR1: Станционная_п_а_ | KS1: Косшы_Г_А_ | KT1: Степногорск_Г_А_ | KU1: Аксуская_п_а_ | KV1: Бестобинская_п_а_ | KW1: Заводская_п_а_ | KX1: Карабулакская_с_а_ | KY1: с_Карабулак | KZ1: Шантобинская_п_а_ | LA1: Богембайский_с_о_ | LB1: с_а_Изобильный | LC1: с_а_Кырыккудык | LD1: Аккольский_район | LE1: Аккольская_г_а_ | LF1: с_а_Азат | LG1: Карасайский_с_о_ | LH1: с_Сазды_булак | LI1: Кенесский_с_о_ | LJ1: Наумовский_с_о_ | LK1: с_Наумовка | LL1: Новорыбинский_с_о_ | LM1: Жалгызкарагайский_с_о_ | LN1: Енбекский_с_о_ | LO1: Урюпинский_с_о_ | LP1: Аршалынский_район | LQ1: Аршалынская_п_а_ | LR1: с_о__Жибек_жолы | LS1: Анарский_с_о_ | LT1: Берсуатский_с_о_ | LU1: с_Берсуат | LV1: Волгодоновский_с_о_ | LW1: с_Койгельды | LX1: с_о_Арнасай | LY1: Ижевский_с_о_ | LZ1: Константиновский_с_о_ | MA1: с_о_Турген | MB1: Михайловский_с_о_ | MC1: Булаксайский_с_о_ | MD1: Сарабинский_с_о_ | ME1: Астраханский_район | MF1: Астраханский_с_о_ | MG1: Есильский_с_о_ | MH1: с_Степное | MI1: Жалтырский_с_о_ | MJ1: с_Жалтыр | MK1: с_а__Каменка | ML1: Кызылжарский_с_о_ | MM1: Николаевский_с_о_ | MN1: Новочеркасский_с_о_ | MO1: Острогорский_с_о_ | MP1: Первомайский_с_о_ | MQ1: Староколутонский_с_о_ | MR1: Колутонский_с_о_ | MS1: Узункольский_с_о_ | MT1: с_Узунколь | MU1: Атбасарский_район | MV1: Шункыркольский_с_о_ | MW1: с_Новомариновка | MX1: с_а__Борисовка | MY1: Макеевский_с_о_ | MZ1: с_Шуйское | NA1: Мариновский_с_о_ | NB1: с_о__Бастау | NC1: с_а__Новосельское | ND1: с_Новосельское | NE1: с_о_Акана_Курманова | NF1: Покровский_с_о_ | NG1: с_Садовое | NH1: Полтавский_с_о_ | NI1: с_Полтавка | NJ1: Сепеевский_с_о_ | NK1: Сергеевский_с_о_ | NL1: Тельманский_с_о_ | NM1: с_Тельмана | NN1: с_Поповка | NO1: Ярославский_с_о_ | NP1: с_Родионовка | NQ1: Буландынский_район | NR1: Вознесенский_с_о_ | NS1: Алтындынский_с_о_ | NT1: Ергольский_с_о_ | NU1: Журавлевский_с_о_ | NV1: Капитоновский_с_о_ | NW1: Карамышевский_с_о_ | NX1: с_Отрадное | NY1: Никольский_с_о_ | NZ1: Новобратский_с_о_ | OA1: Айнакольский_с_о_ | OB1: Амангельдинский_с_о_ | OC1: Караузекский_с_о_ | OD1: Егиндыкольский_район | OE1: Егиндыкольский_с_о_ | OF1: Абайский_с_о_ | OG1: Алакольский_с_о_ | OH1: Армавирский_с_о_ | OI1: с_а__Бауманское | OJ1: Буревестникский_с_о_ | OK1: Жалманкулакский_с_о_ | OL1: с_Жулдыз | OM1: Коржинкольский_с_о_ | ON1: район_Биржан_сал | OO1: Степнякская_г_а_ | OP1: Аксуская_с_а_ | OQ1: с_Аксу | OR1: Ангалбатырский_с_о_ | OS1: Бирсуатский_с_о_ | OT1: с_Сауле | OU1: Баймырзинский_с_о_ | OV1: Донской_с_о_ | OW1: Енбекшильдерский_с_о_ | OX1: с_Енбекшильдерское | OY1: с_а__Заозерное | OZ1: Зауральский_с_о_ | PA1: с_а__Кенащи | PB1: с_Кенащи | PC1: с_а__Краснофлотское | PD1: с_Краснофлотское | PE1: Макинский_с_о_ | PF1: с_Буланды | PG1: с_а__Мамай | PH1: Валихановский_с_о_ | PI1: с_Валиханово | PJ1: Ульгинский_с_о_ | PK1: Ерейментауский_район | PL1: Акмырзинский_с_о_ | PM1: Бестогайский_с_о_ | PN1: с_Байсары | PO1: с_о__Олжабай_батыра | PP1: с_Олжабай_батыра | PQ1: с_Ынтымак | PR1: Бозтальский_с_о_ | PS1: с_Бозтал | PT1: Тайбайский_с_о_ | PU1: Куншалганский_с_о_ | PV1: с_Куншалган | PW1: с_Шакей | PX1: Койтасский_с_о_ | PY1: с_а__Аксуат | PZ1: с__Аксуат | QA1: с_а_Новомарковка | QB1: Улентинский_с_о_ | QC1: с_Уленты | QD1: Еркиншиликский_с_о_ | QE1: с_Еркиншилик | QF1: с_Енбек | QG1: с_а_Селетинский | QH1: Тургайский_с_о_ | QI1: с_Тургай | QJ1: с_Нижний_Торгай | QK1: с__Балыкты | QL1: с_Карагайлы | QM1: Есильский_район | QN1: Аксайский_с_о_ | QO1: с_Аксай | QP1: Бузулукский_с_о_ | QQ1: Двуречный_с_о_ | QR1: с_Двуречное | QS1: Жаныспайский_с_о_ | QT1: Зареченский_с_о_ | QU1: с_а__Знаменка | QV1: с_Знаменка | QW1: Красивинский_с_о_ | QX1: с_Красивое | QY1: Красногорская_п_а_ | QZ1: Московский_с_о_ | RA1: Орловский_с_о_ | RB1: Свободненский_с_о_ | RC1: Юбилейный_с_о_ | RD1: с_Ейское | RE1: Интернациональный_с_о_ | RF1: с_Интернациональное | RG1: Жаксынский_район | RH1: Жаксынский_с_о_ | RI1: Белагашский_с_о_ | RJ1: Беловодский_с_о_ | RK1: с_Кайракты | RL1: Жанакииминский_с_о_ | RM1: с_Жана_Киима | RN1: с_Киима | RO1: Запорожский_с_о_ | RP1: с_Лозовое | RQ1: Ишимский_с_о_ | RR1: с_Ишимское | RS1: Калининский_с_о_ | RT1: с_Калининское | RU1: Киевский_с_о_ | RV1: Кызылсайский_с_о_ | RW1: с_Кировское | RX1: с_а_Новокиенка | RY1: с_Новокиенка | RZ1: Подгорненский_с_о_ | SA1: Тарасовский_с_о_ | SB1: Терсаканская_с_а_ | SC1: с_Терсакан | SD1: Чапаевский_с_о_ | SE1: Жаркаинский_район | SF1: Отрадный_с_о_ | SG1: с_а__Бирсуат | SH1: с_Бирсуат | SI1: с_а__Гастелло | SJ1: с_Гастелло | SK1: с_а__Далабай | SL1: с_Далабай | SM1: Жанадалинский_с_о_ | SN1: Костычевский_с_о_ | SO1: с_Донское | SP1: с_а__Кумсуат | SQ1: с_Кумсуат | SR1: с_а__Львовское | SS1: Нахимовский_с_о_ | ST1: с_Нахимовка | SU1: с_а__Пригородное | SV1: с_Пригородное | SW1: с_а__Пятигорское | SX1: с_а__Тасоткель | SY1: с_Тасоткель | SZ1: с_а__Тассуат | TA1: с_а__Ушкарасу | TB1: с_а__Шойындыколь | TC1: с_Шойындыколь | TD1: Зерендинский_район | TE1: Зерендинский_с_о_ | TF1: с_Зеренда | TG1: Аккольский_с_о_ | TH1: с_Молодежное | TI1: Алексеевская_п_а_ | TJ1: Булакский_с_о_ | TK1: с_Еленовка | TL1: с_Карагай | TM1: с_а_Айдабол | TN1: Викторовский_с_о_ | TO1: с_Викторовка | TP1: Кусепский_с_о_ | TQ1: с_Жамбыл | TR1: Конысбайский_с_о_ | TS1: Кызылсаянский_с_о_ | TT1: Ортакский_с_о_ | TU1: Приреченский_с_о_ | TV1: с_о_Малика_Габдуллина | TW1: с_Малика_Габдуллина | TX1: Симферопольский_с_о_ | TY1: Троицкий_с_о_ | TZ1: с_Троицкое | UA1: Чаглинский_с_о_ | UB1: Исаковский_с_о_ | UC1: с_о_им_Канай_би | UD1: Кызылегисский_с_о_ | UE1: с_Кызылегис | UF1: Байтерекский_с_о_ | UG1: Садовый_с_о_ | UH1: с_о_им_Сакена_Сейфуллина | UI1: Сарыозекский_с_о_ | UJ1: Коргалжынский_район | UK1: Коргалжынский_с_о_ | UL1: с_Коргалжын | UM1: Арыктинский_с_о_ | UN1: с_Арыкты | UO1: Кенбидаикский_с_о_ | UP1: Майшукырский_с_о_ | UQ1: Карашалгинский_с_о_ | UR1: с_Шалкар | US1: Сабундинский_с_о_ | UT1: Сандыктауский_район | UU1: Балкашинский_с_о_ | UV1: Баракпайский_с_о_ | UW1: с_Хлебное | UX1: Белгородский_с_о_ | UY1: с_Белгородское | UZ1: с_Преображенка | VA1: Берликский_с_о_ | VB1: Васильевский_с_о_ | VC1: Веселовский_с_о_ | VD1: Жамбылский_с_о_ | VE1: с_Приозерное | VF1: Каменский_с_о_ | VG1: с_Каменка | VH1: Лесной_с_о_ | VI1: Максимовский_с_о_ | VJ1: Новоникольский_с_о_ | VK1: Сандыктауский_с_о_ | VL1: Широковский_с_о_ | VM1: Целиноградский_район | VN1: с_о_Акмол | VO1: Нуресильский_с_о_ | VP1: Кояндинская_с_а_ | VQ1: Жарлыкольский_с_о_ | VR1: Караоткельский_с_о_ | VS1: Оразакский_с_о_ | VT1: Кызылсуатский_с_о_ | VU1: с_о_Тасты | VV1: с_Тасты | VW1: Арайлынский_с_о_ | VX1: с_Арайлы | VY1: с_а__Маншук | VZ1: Жанаесильский_с_о_ | WA1: с_о_Родина | WB1: с_о_Кабанбай_батыра | WC1: с_о_Рахымжана_Кошкарбаева | WD1: с__Рахымжана_Кошкарбаева | WE1: Софиевский_с_о_ | WF1: с_Софиевка | WG1: Талапкерский_с_о_ | WH1: Шалкарский_с_о_ | WI1: Шортандинский_район | WJ1: Шортандинская_п_а_ | WK1: Дамсинский_с_о_ | WL1: с_о_Бозайгыр | WM1: Жолымбетская_п_а_ | WN1: с_о__Бектау | WO1: Новокубанский_с_о_ | WP1: Новоселовский_с_о_ | WQ1: с_Новоселовка | WR1: Петровский_с_о_ | WS1: с_Петровка | WT1: Пригородный_с_о_ | WU1: Раевский_с_о_ | WV1: Бурабайский_район | WW1: Щучинская_г_а_ | WX1: Абылайхановский_с_о_ | WY1: с_Акылбай | WZ1: с_Карабауыр | XA1: с_Озерное | XB1: Боровская_п_а_ | XC1: Веденовский_с_о_ | XD1: с_Веденовка | XE1: Зеленоборский_с_о_ | XF1: с_Зеленый_Бор | XG1: с_Наурызбай_батыра | XH1: Златопольский_с_о_ | XI1: Кенесаринский_с_о_ | XJ1: с_Кенесары | XK1: с_о__Атамекен | XL1: Катаркольский_с_о_ | XM1: с_Катарколь | XN1: Урумкайский_с_о_ | XO1: Успеноюрьевский_с_о_ | XP1: с_Успено_юрьевка | XQ1: Актюбинская_область | XR1: Актобе_Г_А_ | XS1: Алгинский_район | XT1: Алгинская_г_а_ | XU1: Бескоспинский_с_о_ | XV1: с_Есет_батыра_Кокиулы | XW1: с_Кзылту | XX1: Бестамакский_с_о_ | XY1: с_Бестамак | XZ1: Каракудыкский_с_о_ | YA1: с_Коктогай | YB1: Акайский_с_о_ | YC1: с_Акай | YD1: с_Кольтабан | YE1: Ушкудукский_с_о_ | YF1: Караагашский_с_о_ | YG1: Карахобдинский_с_о_ | YH1: с_Карахобда | YI1: Маржанбулакский_с_о_ | YJ1: с_Маржанбулак | YK1: Сарыхобдинский_с_о_ | YL1: Тамдинский_с_о_ | YM1: с_Тамды | YN1: Токмансайский_с_о_ | YO1: Айтекебийский_район | YP1: с_о_Темирбека_Жургенева | YQ1: Актастынский_с_о_ | YR1: Аралтогайский_с_о_ | YS1: Кызылжулдузский_с_о_ | YT1: Айкенский_с_о_ | YU1: с_Айке | YV1: с_о_Тумабулак | YW1: Жабасакский_с_о_ | YX1: Кайрактинский_с_о_ | YY1: Карабутакский_с_о_ | YZ1: Кумкудукский_с_о_ | ZA1: Саратский_с_о_ | ZB1: Сулукольский_с_о_ | ZC1: Ушкаттинский_с_о_ | ZD1: Байганинский_район | ZE1: Карауылкелдинский_с_о_ | ZF1: с_Карауылкелды | ZG1: с_Кокбулак | ZH1: с_Косарал | ZI1: Ащинский_с_о_ | ZJ1: с_Ногайты | ZK1: Жанажолский_с_о_ | ZL1: с_Оймауыт | ZM1: Жаркамысский_с_о_ | ZN1: с_Жаркамыс | ZO1: с_Актам | ZP1: с_Каражар | ZQ1: Кольтабанский_с_о_ | ZR1: с_Жарлы | ZS1: с_Ебейти | ZT1: с_Айрык | ZU1: Кызылбулакский_с_о_ | ZV1: с_Булактыколь | ZW1: Сарытогайский_с_о_ | ZX1: Миялинский_с_о_ | ZY1: с_Миялы | ZZ1: Каргалинский_район | AAA1: Бадамшинский_с_о_ | AAB1: с_Бадамша | AAC1: Ащылысайский_с_о_ | AAD1: Алимбетовский_с_о_ | AAE1: Велиховский_с_о_ | AAF1: с_Акжайык | AAG1: Желтауский_с_о_ | AAH1: с_Шамши_Калдаякова | AAI1: Кемпирсайский_с_о_ | AAJ1: Кос_Истекский_с_о_ | AAK1: Хобдинский_район | AAL1: Кобдинский_с_о_ | AAM1: Акрабский_с_о_ | AAN1: Бестауский_с_о_ | AAO1: Сарбулакский_с_о_ | AAP1: с_о_Имангали_Билтабанова | AAQ1: Жарсайский_с_о_ | AAR1: Жиренкопинский_с_о_ | AAS1: Бегалинский_с_о_ | AAT1: с_о_им_И_Курманова | AAU1: Отекский_с_о_ | AAV1: Согалинский_с_о_ | AAW1: Талдысайский_с_о_ | AAX1: Терисакканский_с_о_ | AAY1: Мартукский_район | AAZ1: Мартукский_с_о_ | ABA1: Байторысайский_с_о_ | ABB1: Хазретовский_с_о_ | ABC1: Жайсанский_с_о_ | ABD1: с_Жайсан | ABE1: Каратогайский_с_о_ | ABF1: Карашайский_с_о_ | ABG1: с_о_Танирберген | ABH1: с_о_Байнассай | ABI1: Аккудыкский_с_о_ | ABJ1: Родниковский_с_о_ | ABK1: с_о__Курмансай | ABL1: Сарыжарский_с_о_ | ABM1: Мугалжарский_район | ABN1: Кандыагашская_г_а_ | ABO1: Эмбинская_г_а_ | ABP1: Жемская_г_а_ | ABQ1: Аккемерский_с_о_ | ABR1: с_Коктобе | ABS1: Ащысайский_с_о_ | ABT1: Батпаккольский_с_о_ | ABU1: Егиндыбулакский_с_о_ | ABV1: с_Сагашили | ABW1: с_о_им_Кудайбергена_Жубанова | ABX1: Журынский_с_о_ | ABY1: с_Джурун | ABZ1: Кайындинский_с_о_ | ACA1: Кумжарганский_с_о_ | ACB1: с_Кумсай | ACC1: Кумсайский_с_о_ | ACD1: Мугалжарский_с_о_ | ACE1: с_Мугалжар | ACF1: с_Талдысай | ACG1: Уилский_район | ACH1: Уилский_с_о_ | ACI1: с_Уил | ACJ1: Каиндинский_с_о_ | ACK1: Караойский_с_о_ | ACL1: с_о_им__Ш_Берсиева | ACM1: с_Каратал | ACN1: Коптогайский_с_о_ | ACO1: с_Коптогай | ACP1: Саралжынский_с_о_ | ACQ1: с_Аккемер | ACR1: Сарыбийский_с_о_ | ACS1: с_Сарыбие | ACT1: Темирский_район | ACU1: Темирская_г_а_ | ACV1: Шубаркудукский_с_о_ | ACW1: Алтыкарасуский_с_о_ | ACX1: с_Алтыкарасу | ACY1: с_Енбекши | ACZ1: с_Сарытогай | ADA1: с_Кумкудык | ADB1: с_Бабатай | ADC1: с_Шибулак | ADD1: Кенкиякский_с_о_ | ADE1: с_Башенколь | ADF1: Кенестуский_с_о_ | ADG1: Саркольский_с_о_ | ADH1: Таскопинский_с_о_ | ADI1: с_Таскопа | ADJ1: Жаксымайский_с_о_ | ADK1: Хромтауский_район | ADL1: Богетсайский_с_о_ | ADM1: с_о_Дон | ADN1: Коктобинский_с_о_ | ADO1: Коктауский_с_о_ | ADP1: Кудуксайский_с_о_ | ADQ1: Кызылсуский_с_о_ | ADR1: с_Акжар | ADS1: Никельтауский_с_о_ | ADT1: Табантальский_с_о_ | ADU1: Тасоткельский_с_о_ | ADV1: Шалкарский_район | ADW1: Шалкарская_г_а_ | ADX1: Айшуакский_с_о_ | ADY1: с_Бегимбет | ADZ1: с_Есетата | AEA1: с_Котртас | AEB1: Бозойский_с_о_ | AEC1: с_Канбакты | AED1: с_Коянкулак | AEE1: с_о_Бершугир | AEF1: с_о_им_Есета_Котибарова | AEG1: с_Байкадам | AEH1: с_Алакозы | AEI1: Жанаконысский_с_о_ | AEJ1: с_Аккайтым | AEK1: с_Копасор | AEL1: Кишикумский_с_о_ | AEM1: с_Шиликты | AEN1: Кауылжырский_с_о_ | AEO1: с_Кауылжыр | AEP1: Монкебийский_с_о_ | AEQ1: с_Монке_би | AER1: Тогызский_с_о_ | AES1: с_Жылан | AET1: Челкарский_с_о_ | AEU1: с_Жылтыр | AEV1: с_Талдыкум | AEW1: Шетиргизский_с_о_ | AEX1: с_Каратогай | AEY1: Иргизский_район | AEZ1: Иргизский_с_о_ | AFA1: с_Иргиз | AFB1: с_Калыбай | AFC1: Аманкольский_с_о_ | AFD1: Жайсанбайский_с_о_ | AFE1: Кумтогайский_с_о_ | AFF1: с_Каракудык | AFG1: с_Карасай | AFH1: с_Курылыс | AFI1: с_Шенбертал | AFJ1: Нуринский_с_о_ | AFK1: с_Мамыр | AFL1: Тауипский_с_о_ | AFM1: с_Куйлыс | AFN1: Алматинская_область | AFO1: Қонаев_Г_А_ | AFP1: Заречный_с_о_ | AFQ1: с_Заречное | AFR1: Шенгельдинский_с_о_ | AFS1: с_Шенгельды | AFT1: Балхашский_район | AFU1: Баканасский_с_о_ | AFV1: с_Баканас | AFW1: с_Бояулы | AFX1: Акдалинский_с_о_ | AFY1: с_Акдала | AFZ1: с_Аралтобе | AGA1: с_Акколь | AGB1: с_Кокжиде | AGC1: Бакбактинский_с_о_ | AGD1: Берекенский_с_о_ | AGE1: Желторангинский_с_о_ | AGF1: с_Каскаогиз | AGG1: Жиделинский_с_о_ | AGH1: с_Коктал | AGI1: Балатопарский_с_о_ | AGJ1: с_Балатопар | AGK1: Куйганский_с_о_ | AGL1: Топарский_с_о_ | AGM1: Енбекшиказахский_район | AGN1: Есикская_г_а_ | AGO1: Аватский_с_о_ | AGP1: Асинский_с_о_ | AGQ1: с_Кайрат | AGR1: Балтабайский_с_о_ | AGS1: с_Балтабай | AGT1: Болекский_с_о_ | AGU1: с_о_Байдибек_би | AGV1: Жанашарский_с_о_ | AGW1: Казахстанский_с_о_ | AGX1: с_Ащибулак | AGY1: с_им_Ж_Кайыпова | AGZ1: Каражотинский_с_о_ | AHA1: с_Каражота | AHB1: с_Актоган | AHC1: с_Сарыбулак | AHD1: Каракемерский_с_о_ | AHE1: Каратурыкский_с_о_ | AHF1: с_Таукаратурык | AHG1: Корамский_с_о_ | AHH1: Кырбалтабайский_с_о_ | AHI1: Малыбайский_с_о_ | AHJ1: Масакский_с_о_ | AHK1: с_Казтая_Ултаракова | AHL1: с_Нурлы | AHM1: с_о_Согеты | AHN1: с_о_Бартогай | AHO1: Рахатский_с_о_ | AHP1: Саймасайский_с_о_ | AHQ1: Ташкенсазский_с_о_ | AHR1: Тескенсуский_с_о_ | AHS1: с_Тескенсу | AHT1: с_Кольди | AHU1: Тургенский_с_о_ | AHV1: с_Тургень | AHW1: Шелекский_с_о_ | AHX1: Жамбылский_район | AHY1: Узынагашский_с_о_ | AHZ1: с_Узынагаш | AIA1: Айдарлинский_с_о_ | AIB1: Аккайнарский_с_о_ | AIC1: с_Аккайнар | AID1: Аксенгирский_с_о_ | AIE1: Актерекский_с_о_ | AIF1: Бериктасский_с_о_ | AIG1: Дегересский_с_о_ | AIH1: Каракастекский_с_о_ | AII1: с_о__Матибулак | AIJ1: Мынбаевский_с_о_ | AIK1: Самсинский_с_о_ | AIL1: Сарытаукумский_с_о_ | AIM1: Талапский_с_о_ | AIN1: Таранский_с_о_ | AIO1: Темиржолский_с_о_ | AIP1: Ульгулинский_с_о_ | AIQ1: Улькенский_с_о_ | AIR1: Унгуртасский_с_о_ | AIS1: Каргалинский_с_о_ | AIT1: Шиенский_с_о_ | AIU1: Шолаккаргалинский_с_о_ | AIV1: Кегенский_район | AIW1: Кегенский_с_о_ | AIX1: с_Темирлик | AIY1: с_Жанаталап | AIZ1: Болексазский_с_о_ | AJA1: с_Болексаз | AJB1: Жаланашский_с_о_ | AJC1: с_Жаланаш | AJD1: с_Жайдакбулак | AJE1: с_Тогызбулак | AJF1: Жылысайский_с_о_ | AJG1: с_Жылысай | AJH1: с_Мойнак | AJI1: с_Шыбышы | AJJ1: Каркаринский_с_о_ | AJK1: с_Каркара | AJL1: Сатинский_с_о_ | AJM1: с_Саты | AJN1: с_Курмети | AJO1: Тасашинский_с_о_ | AJP1: Туюкский_с_о_ | AJQ1: с_Туюк | AJR1: Узынбулакский_с_о_ | AJS1: с_Узынбулак | AJT1: с_Жалаулы | AJU1: Шырганакский_с_о_ | AJV1: Карасайский_район | AJW1: Каскеленская_г_а_ | AJX1: Айтейский_с_о_ | AJY1: с_Айтей | AJZ1: Ельтайский_с_о_ | AKA1: с_Береке | AKB1: с_Кошмамбет | AKC1: Жандосовский_с_о_ | AKD1: с_о_Жибек_жолы | AKE1: с_Жибек_жолы | AKF1: с_Кольащы | AKG1: с_Турар | AKH1: Иргелинский_с_о_ | AKI1: с_Кемертоган | AKJ1: Райымбекский_с_о_ | AKK1: с_Райымбек | AKL1: с_Долан | AKM1: Умтылский_с_о_ | AKN1: с_Жалпаксай | AKO1: Шамалганский_с_о_ | AKP1: Райымбекский_район | AKQ1: Нарынкольский_с_о_ | AKR1: с_Нарынкол | AKS1: Кайнарский_с_о_ | AKT1: Какпакский_с_о_ | AKU1: с_Какпак | AKV1: Карасазский_с_о_ | AKW1: Узак_батырский_с_о_ | AKX1: Сарыжазский_с_о_ | AKY1: Сумбинский_с_о_ | AKZ1: с_Сумбе | ALA1: Тегистикский_с_о_ | ALB1: с_Тегистик | ALC1: Текесский_с_о_ | ALD1: Шалкодинский_с_о_ | ALE1: с_Шалкоде | ALF1: Талгарский_район | ALG1: Талгарская_г_а_ | ALH1: Алатауский_с_о_ | ALI1: Бельбулакский_с_о_ | ALJ1: Бескайнарский_с_о_ | ALK1: Бесагашский_с_о_ | ALL1: Туздыбастауский_с_о_ | ALM1: с_Жалкамыс | ALN1: с_Жаналык | ALO1: с_Даулет | ALP1: Гульдалинский_с_о_ | ALQ1: Панфиловский_с_о_ | ALR1: Кендалинский_с_о_ | ALS1: Уйгурский_район | ALT1: Чунджинский_с_о_ | ALU1: с_Чунджа | ALV1: Аксуский_с_о_ | ALW1: с_Большой_Аксу | ALX1: Актамский_с_о_ | ALY1: Бахарский_с_о_ | ALZ1: Дардамтинский_с_о_ | AMA1: с_Дардамты | AMB1: Кетменский_с_о_ | AMC1: с_Кетмень | AMD1: Малодеханский_с_о_ | AME1: Кольжатский_с_о_ | AMF1: Кыргызсайский_с_о_ | AMG1: с_Сумба | AMH1: Таскарасуский_с_о_ | AMI1: Тигерменский_с_о_ | AMJ1: с_Тигермень | AMK1: Чарынский_с_о_ | AML1: Илийский_район | AMM1: Энергетический_с_о_ | AMN1: Ащибулакский_с_о_ | AMO1: Боралдайская_п_а_ | AMP1: Жетыгенский_с_о_ | AMQ1: с_Жетыген | AMR1: Казциковский_с_о_ | AMS1: с_Караой | AMT1: с_Косозен | AMU1: Куртинский_с_о_ | AMV1: Байсеркенский_с_о_ | AMW1: Междуреченский_с_о_ | AMX1: с_Междуреченское | AMY1: Атырауская_область | AMZ1: Атырау_Г_А_ | ANA1: Атырауский_с_о_ | ANB1: с_Қызыл_балық | ANC1: с_Курмангазы | AND1: Алмалинский_с_о_ | ANE1: Дамбинский_с_о_ | ANF1: Еркинкалинский_с_о_ | ANG1: с_Ракуша | ANH1: Кенузекский_с_о_ | ANI1: Каиршахтинский_с_о_ | ANJ1: с_Томарлы | ANK1: с_Бесикты | ANL1: Жылыойский_район | ANM1: Кульсаринская_г_а_ | ANN1: Аккизтогайский_с_о_ | ANO1: Жемский_с_о_ | ANP1: с_Тургызба | ANQ1: с_Караша | ANR1: Караарнинский_с_о_ | ANS1: Жана_Каратонская_п_а_ | ANT1: Косчагилский_с_о_ | ANU1: с_Косчагил | ANV1: Майкомгенский_с_о_ | ANW1: с_Майкомген | ANX1: Индерский_район | ANY1: Индерборская_п_а_ | ANZ1: Боденевский_с_о_ | AOA1: с_о__Елтай | AOB1: с_Елтай | AOC1: с__Аккала | AOD1: Жарсуатский_с_о_ | AOE1: с__Жарсуат | AOF1: с_Актан | AOG1: с_Кетебай | AOH1: с_Кызылжар | AOI1: Коктогайский_с_о_ | AOJ1: с_о__Есбол | AOK1: с_Есбол | AOL1: Орликовский_с_о_ | AOM1: с_Орлик | AON1: Исатайский_район | AOO1: Аккистауский_с_о_ | AOP1: с_Аккистау | AOQ1: Жанбайский_с_о_ | AOR1: с_Жанбай | AOS1: Зинеденский_с_о_ | AOT1: Исатайский_с_о_ | AOU1: с_Исатай | AOV1: Камыскалинский_с_о_ | AOW1: с_Хамита_Ергалиева | AOX1: с_Аукайран | AOY1: с_Жаскайрат | AOZ1: Тущыкудыкский_с_о_ | APA1: с_Айбас | APB1: с_Кызылуй | APC1: Курмангазинский_район | APD1: с_о_Құрманғазы | APE1: Азгирский_с_о_ | APF1: Асанский_с_о_ | APG1: с_о_Бөкейхан | APH1: Дынгызылский_с_о_ | API1: Енбекшинский_с_о_ | APJ1: с_о__Орлы | APK1: с_о_Жаңаталап | APL1: Кудряшовский_с_о_ | APM1: Кигашский_с_о_ | APN1: Макашский_с_о_ | APO1: Нуржауский_с_о_ | APP1: Тенизский_с_о_ | APQ1: Сафоновский_с_о_ | APR1: Суюндукский_с_о_ | APS1: Шортанбайский_с_о_ | APT1: Кзылкогинский_район | APU1: с_Айдын | APV1: Джангельдинский_с_о_ | APW1: с_Жангельдино | APX1: Коздыгаринский_с_о_ | APY1: с_Коныстану | APZ1: с_Буйрек | AQA1: с_Коскулак | AQB1: Кызылкогинский_с_о_ | AQC1: с_Карабау | AQD1: с_Бухар | AQE1: Мукурский_с_о_ | AQF1: с_Мукур | AQG1: с_Сарыкумак | AQH1: с_Соркол | AQI1: Ойылский_с_о_ | AQJ1: с_Аккора | AQK1: Сагизский_с_о_ | AQL1: с_Сагиз | AQM1: с_Былкылдакты | AQN1: с_Кенбай | AQO1: с_Коныраулы | AQP1: Тасшагильский_с_о_ | AQQ1: с_Когам | AQR1: Тайсойганский_с_о_ | AQS1: с_Тайсойган | AQT1: Макатский_район | AQU1: Макатская_п_а_ | AQV1: Байгетобинский_с_о_ | AQW1: Доссорская_п_а_ | AQX1: Махамбетский_район | AQY1: Махамбетский_с_о_ | AQZ1: Акжаиыкский_с_о_ | ARA1: Алгинский_с_о_ | ARB1: Баксайский_с_о_ | ARC1: Есбольский_с_о_ | ARD1: Жалгансайский_с_о_ | ARE1: Сарайчиковский_с_о_ | ARF1: с_о__Бейбарыс | ARG1: Западно_Казахстанская_область | ARH1: Уральск_Г_А_ | ARI1: Деркульская_п_а_ | ARJ1: Желаевский_с_о_ | ARK1: Зачаганская_п_а_ | ARL1: Круглоозерновская_п_а_ | ARM1: Акжаикский_район | ARN1: с_Чапаев | ARO1: с_Жайык | ARP1: Акжолский_с_о_ | ARQ1: с_Лбищенское | ARR1: с_Битилеу | ARS1: с_Кабыл | ART1: с_Тинали | ARU1: Аксуатский_с_о | ARV1: с_Тегисжол | ARW1: с_Жанажол | ARX1: с_Тоган | ARY1: с_Алмалы | ARZ1: с_Атамекен | ASA1: Базартобинский_с_о_ | ASB1: с_Базартобе | ASC1: с_Кадыркул | ASD1: Базаршоланский_с_о_ | ASE1: с_Базаршолан | ASF1: Бударинский_с_о_ | ASG1: с_Бударино | ASH1: с_Самал | ASI1: с_Коловертное | ASJ1: Есенсайский_с_о_ | ASK1: с_Кенсуат | ASL1: с_Тасоба | ASM1: с_Битик | ASN1: Жанабулакский_с_о_ | ASO1: с_Жанабулак | ASP1: Кабыршактинский_с_о_ | ASQ1: с_Кабыршакты | ASR1: Карауылтобинский_с_о_ | ASS1: с_Карауылтобе | AST1: Конеккеткенский_с_о_ | ASU1: с_Конеккеткен | ASV1: с_Камыстыколь | ASW1: Курайлысайский_с_о_ | ASX1: с_Сайкудук | ASY1: Мергеневский_с_о_ | ASZ1: с_Мергенево | ATA1: с_Мойылды | ATB1: с_Жолап | ATC1: с_Жанама | ATD1: с_Сарман | ATE1: Тайпакский_с_о_ | ATF1: с_Тайпак | ATG1: с_Шабдаржап | ATH1: Бурлинский_район | ATI1: Аксайская_г_а_ | ATJ1: Достық_с_о_ | ATK1: Бурлинский_с_о_ | ATL1: Бумакольский_с_о_ | ATM1: Григорьевский_с_о_ | ATN1: с_Кентубек | ATO1: Карагандинский_с_о_ | ATP1: Канайский_с_о_ | ATQ1: Приуральный_с_о_ | ATR1: Пугачевский_с_о_ | ATS1: Каракудукский_с_о_ | ATT1: Успенский_с_о_ | ATU1: Жангалинский_район | ATV1: Жанакалинский_с_о_ | ATW1: с_Акбалшык | ATX1: с_Ушкемпир | ATY1: с_Киши_Айдархан | ATZ1: с_Сарыколь | AUA1: Жанаказанский_с_о_ | AUB1: с_Жанаказан | AUC1: с_Жуалыой | AUD1: Копжасарский_с_о_ | AUE1: с_Копжасар | AUF1: Кызылобинский_с_о_ | AUG1: с_Кызылоба | AUH1: с_Айтпай | AUI1: с_Торткулак | AUJ1: Маштексайский_с_о_ | AUK1: с_Маштексай | AUL1: с_Мукыр | AUM1: Мендешевский_с_о_ | AUN1: с_Кыркопа | AUO1: Пятимарский_с_о_ | AUP1: с_Аккус | AUQ1: с_Борык | AUR1: с_Плантация | AUS1: Жанибекский_район | AUT1: Жанибекский_с_о_ | AUU1: с_Жанибек | AUV1: Акобинский_с_о_ | AUW1: с_Акоба | AUX1: Борсынский_с_о_ | AUY1: с_Борсы | AUZ1: с_Тегисшил | AVA1: Жаксыбайский_с_о_ | AVB1: с_Жаксыбай | AVC1: Куйгенкольский_с_о_ | AVD1: с_Колтабан | AVE1: с_Курсай | AVF1: с_Онеге | AVG1: Камыстинский_с_о_ | AVH1: с_Камысты | AVI1: Таловский_с_о_ | AVJ1: с_Таловка | AVK1: Тауский_с_о_ | AVL1: с_Тау | AVM1: с_Жигер | AVN1: с_им_И_Жумаева | AVO1: с_Узункол | AVP1: район_Бәйтерек | AVQ1: Переметнинский_с_о_ | AVR1: с_Забродино | AVS1: Дарьинский_с_о_ | AVT1: с_о_Атамекен | AVU1: с_Қайнар | AVV1: Зеленовский_с_о_ | AVW1: с_о_Бейбітшілік | AVX1: Кушумский_с_о_ | AVY1: с_Большой_Чаган | AVZ1: с_Ақсу | AWA1: с_Кушум | AWB1: Макаровский_с_о_ | AWC1: Мичуринский_с_о_ | AWD1: с_Мичуринское | AWE1: с_Зеленое | AWF1: с_Октябрьское | AWG1: Шалғайский_с_о_ | AWH1: Раздольненский_с_о_ | AWI1: Белесский_с_о_ | AWJ1: с_Белес | AWK1: Рубежинский_с_о_ | AWL1: Егиндибулакский_с_о_ | AWM1: Трекинский_с_о_ | AWN1: Сұлукөлский_с_о_ | AWO1: Чировский_с_о_ | AWP1: Щаповский_с_о_ | AWQ1: с_Жаңатаң | AWR1: Янайкинский_с_о_ | AWS1: с_Янайкино | AWT1: Январцевский_с_о_ | AWU1: с_Январцево | AWV1: Казталовский_район | AWW1: Казталовский_с_о_ | AWX1: с_Бозоба | AWY1: с_Коныс | AWZ1: с_Сексенбаев | AXA1: Акпатерский_с_о_ | AXB1: с_Акпатер | AXC1: с_Кишкенеталдыкудук | AXD1: Березинский_с_о_ | AXE1: с_Кайынды | AXF1: Болашакский_с_о_ | AXG1: с_Болашак | AXH1: с_Копкутир | AXI1: с_Аккурай | AXJ1: Бостандыкский_с_о_ | AXK1: с_Бостандык | AXL1: Бирикский_с_о_ | AXM1: с_Ажибай | AXN1: с_Кызылту | AXO1: Жалпакталский_с_о_ | AXP1: с_Жалпактал | AXQ1: с_Абиш | AXR1: с_Комекши | AXS1: с_Танат | AXT1: с_Коктерек | AXU1: с_Уразгали | AXV1: с_Саралжын | AXW1: Караобинский_с_о_ | AXX1: с_Караоба | AXY1: с_Конысбай | AXZ1: Караузенский_с_о_ | AYA1: с_Караузен | AYB1: с_Жас | AYC1: с_Серик | AYD1: с_Ашысай | AYE1: Кошанколский_с_о_ | AYF1: с_Кошанколь | AYG1: с_Ордабай | AYH1: Талдыапанский_с_о_ | AYI1: с_Талдыапан | AYJ1: с_Бейистерек | AYK1: с_Кайшакудук | AYL1: с_Кособа | AYM1: Талдыкудукский_с_о_ | AYN1: с_Талдыкудук | AYO1: с_Хайруш | AYP1: Теренколский_с_о_ | AYQ1: с_Нурсай | AYR1: с_Беспишен | AYS1: с_Мереке | AYT1: Каратобинский_район | AYU1: с_Соналы | AYV1: с_Шоптыколь | AYW1: Аккозинский_с_о_ | AYX1: с_Коржын | AYY1: с_Аккозы | AYZ1: с_Бесоба | AZA1: с_Косбаз | AZB1: с_Егендыколь | AZC1: Жусандойский_с_о_ | AZD1: с_Жусандой | AZE1: с_Ханколь | AZF1: Каракулский_с_о_ | AZG1: с_Алаколь | AZH1: с_Косколь | AZI1: Коскольский_с_о_ | AZJ1: с_Шалгын | AZK1: с_Каракамыс | AZL1: Сулыкольский_с_о_ | AZM1: с_Сулыколь | AZN1: с_Толен | AZO1: с_Ушана | AZP1: Бокейординский_район | AZQ1: Сайхинский_с_о_ | AZR1: с_Большевик | AZS1: с_Жарменке | AZT1: с_Шонай | AZU1: Бисенский_с_о_ | AZV1: с_Бисен | AZW1: с_Жетібай | AZX1: с_Жиеккум | AZY1: Уялинский_с_о_ | AZZ1: с_Уялы | BAA1: с_Кеной | BAB1: с_о_им_Темира_Масина | BAC1: с_Борли | BAD1: с_Теренкудук | BAE1: Муратсайский_с_о_ | BAF1: с_Муратсай | BAG1: с_Ажен | BAH1: с_Тайгара | BAI1: Ординский_с_о_ | BAJ1: с_Хан_Ордасы | BAK1: с_Сейткали | BAL1: с_Уштерек | BAM1: Саралжинский_с_о_ | BAN1: Сырымский_район | BAO1: Жымпитынский_с_о_ | BAP1: с_Оленти | BAQ1: с_Жанаонир | BAR1: с_Сасыкколь | BAS1: Аралтобинский_с_о_ | BAT1: Буланский_с_о_ | BAU1: с_Булан | BAV1: Булдуртинский_с_о_ | BAW1: с_Аккудук | BAX1: с_Каракудук | BAY1: Жетыкольский_с_о_ | BAZ1: с_Жетыколь | BBA1: Жосалинский_с_о_ | BBB1: Кособинский_с_о_ | BBC1: с_Жыракудук | BBD1: Саройский_с_о_ | BBE1: с_Жанаконыс | BBF1: с_Коздикара | BBG1: с_Кызылтан | BBH1: Талдыбулакский_с_о_ | BBI1: Шолаканкатынский_с_о_ | BBJ1: Таскалинский_район | BBK1: Таскалинский_с_о_ | BBL1: Актауский_с_о_ | BBM1: с_Актау | BBN1: с_Ақкүтір | BBO1: с_Кызылбас | BBP1: Амагельдинский_с_о_ | BBQ1: с_Чижа_1 | BBR1: Кощинский_с_о_ | BBS1: с_Оян | BBT1: с_Кеңжайлау | BBU1: с_Калмакшабын | BBV1: с_Кисыксай | BBW1: Мерекенский_с_о_ | BBX1: с_Калмак | BBY1: Мерейский_с_о_ | BBZ1: с_Мерей | BCA1: с_Тоғайлы | BCB1: Чижинский_с_о_ | BCC1: с_Чижа_2 | BCD1: с_Талдыбулак | BCE1: Теректинский_район | BCF1: с_о_Теректі | BCG1: с_Теректі | BCH1: Акжаикский_с_о_ | BCI1: с_Акжаик | BCJ1: Аксогымский_с_о_ | BCK1: Анкатинский_с_о_ | BCL1: с_Ерсары | BCM1: Богдановский_с_о_ | BCN1: Долинский_с_о_ | BCO1: с_Долинное | BCP1: с_Тонкерис | BCQ1: Новопавловский_с_о_ | BCR1: Подстепновский_с_о_ | BCS1: Покатиловский_с_о_ | BCT1: Чаганский_с_о_ | BCU1: с_Кемер | BCV1: Шагатайский_с_о_ | BCW1: с_Шагатай | BCX1: с_Сарыомир | BCY1: Чингирлауский_район | BCZ1: Чингирлауский_с_о_ | BDA1: с_Шынгырлау | BDB1: с_Жанакуш | BDC1: с_Кызылкуль | BDD1: с_Ұрысай | BDE1: Алмазненский_с_о_ | BDF1: с_Сегизсай | BDG1: с_Ащысай | BDH1: с_Женишке | BDI1: Акшатский_с_о_ | BDJ1: с_Акшат | BDK1: Ардакский_с_о_ | BDL1: с_Ардак | BDM1: Жамбылская_область | BDN1: Тараз_Г_А_ | BDO1: Байзакский_район | BDP1: Сарыкемерский_с_о_ | BDQ1: с_о_Байтерек | BDR1: Ботамойнакский_с_о_ | BDS1: Бурылский_с_о_ | BDT1: Диханский_с_о_ | BDU1: Жалгызтобинский_с_о_ | BDV1: Жанатурмысский_с_о_ | BDW1: Коптерекский_с_о_ | BDX1: Кызылжулдызский_с_о_ | BDY1: Кокталский_с_о_ | BDZ1: Костюбинский_с_о_ | BEA1: Мырзатайский_с_о_ | BEB1: Суханбаевский_с_о_ | BEC1: Сазтерекский_с_о_ | BED1: Темирбекский_с_о_ | BEE1: Туймекентский_с_о_ | BEF1: Ынтымакский_с_о_ | BEG1: Айшабибинский_с_о_ | BEH1: с_Айшабиби | BEI1: Акбастауский_с_о_ | BEJ1: Акбулымский_с_о_ | BEK1: Гродековский_с_о_ | BEL1: Полаткошинский_с_о_ | BEM1: Ерназарский_с_о_ | BEN1: Колькайнарский_с_о_ | BEO1: Кызылкайнарский_с_о_ | BEP1: Орнекский_с_о_ | BEQ1: с_о__Карасу | BER1: Тогызтарауский_с_о_ | BES1: Жуалынский_район | BET1: Б_Момышулы_с_о_ | BEU1: Актюбинский_с_о_ | BEV1: Биликольский_с_о_ | BEW1: с_Абдыкадыр | BEX1: Боралдайский_с_о_ | BEY1: Нурлыкент_с_о_ | BEZ1: Жетитобинский_с_о_ | BFA1: Кокбастауский_с_о_ | BFB1: Куренбельский_с_о_ | BFC1: Кошкаратинский_с_о_ | BFD1: Шакпакский_с_о_ | BFE1: Кызыларыкский_с_о_ | BFF1: Кордайский_район | BFG1: Кордайский_с_о_ | BFH1: Аухаттинский_с_о_ | BFI1: с_Кызылсай | BFJ1: Беткайнарский_с_о_ | BFK1: Кененский_с_о_ | BFL1: Какпатасский_с_о_ | BFM1: Касыкский_с_о_ | BFN1: Масанчинский_с_о_ | BFO1: Ногайбайский_с_о_ | BFP1: Отарский_с_о_ | BFQ1: рзд_Анрахай | BFR1: Сарыбулакский_с_о_ | BFS1: Сортобинский_с_о_ | BFT1: Степновский_с_о_ | BFU1: Сулуторский_с_о_ | BFV1: Улкенсулуторский_с_о_ | BFW1: район_Турара_Рыскулова | BFX1: Куланский_с_о_ | BFY1: Акыртобинский_с_о_ | BFZ1: с_Жанатурмыс | BGA1: Каракыстакский_с_о_ | BGB1: Кокдоненский_с_о_ | BGC1: Корагатинский_с_о_ | BGD1: Когершинский_с_о_ | BGE1: Кумарыкский_с_о_ | BGF1: с_им_Рахима_Сабденова | BGG1: Луговской_с_о_ | BGH1: с_о_Акниет | BGI1: Теренозекский_с_о_ | BGJ1: Меркенский_район | BGK1: Меркенский_с_о_ | BGL1: Акерменский_с_о_ | BGM1: Актоганский_с_о_ | BGN1: с_Казахдикан | BGO1: с_Турлыбай_батыр | BGP1: с_Плодовоягодное | BGQ1: Жанатоганский_с_о_ | BGR1: с_Костоган | BGS1: с_о_Андас_батыра | BGT1: Ойталский_с_о | BGU1: Т_Рыскуловский_с_о_ | BGV1: с_Т_Рыскулова | BGW1: Сарымолдаевский_с_о_ | BGX1: Суратский_с_о_ | BGY1: с_Сурат | BGZ1: Таттинский_с_о_ | BHA1: Акаралский_с_о_ | BHB1: Аспаринский_с_о_ | BHC1: Мойынкумский_район | BHD1: Мойынкумский_с_о_ | BHE1: Акбакайская_с_а_ | BHF1: Аксуекская_с_а_ | BHG1: Биназарский_с_о_ | BHH1: Карабогетский_с_о_ | BHI1: Кызылталский_с_о_ | BHJ1: Кылышбайский_с_о_ | BHK1: Мирненская_с_а_ | BHL1: Кызылотауский_с_о_ | BHM1: Мынаралский_с_о_ | BHN1: Уланбелский_с_о_ | BHO1: Хантауский_с_о_ | BHP1: Чиганакский_с_о_ | BHQ1: Сарысуский_район | BHR1: Байкадамский_с_о_ | BHS1: с_Саудакент | BHT1: Жайылминский_с_о_ | BHU1: с_Жайылма | BHV1: с_Кызылдикан | BHW1: Жанаталапский_с_о_ | BHX1: Жанаарыкский_с_о_ | BHY1: с_Узакбай_Сыздыкбаева | BHZ1: Игликский_с_о_ | BIA1: с_Ондирис | BIB1: Камкалинский_с_о_ | BIC1: Туркестанский_с_о_ | BID1: Тогызкентский_с_о_ | BIE1: Досболский_с_о_ | BIF1: Таласский_район | BIG1: Аккумский_с_о_ | BIH1: с_о_Берікқара | BII1: Каратауский_с_о_ | BIJ1: Кызылаутский_с_о_ | BIK1: Ойыкский_с_о_ | BIL1: Ушаралский_с_о_ | BIM1: Шакировский_с_о_ | BIN1: Шуский_район | BIO1: Шуская_г_а_ | BIP1: Толебийский_с_о_ | BIQ1: с_Алга | BIR1: Далакайнарский_с_о_ | BIS1: Дулатский_с_о_ | BIT1: с_Болтирик | BIU1: Бирликустемский_с_о_ | BIV1: Ескишуский_с_о_ | BIW1: Жанакогамский_с_о_ | BIX1: Балуан_Шолакский_с_о_ | BIY1: Шокпарский_с_о_ | BIZ1: с_Шокпар | BJA1: Коккайнарский_с_о_ | BJB1: с_о_Динмухамеда_Кунаева | BJC1: Ондирисский_с_о_ | BJD1: Тасоткелский_с_о_ | BJE1: Актобинский_с_о_ | BJF1: область_Жетісу | BJG1: Талдыкорган_Г_А_ | BJH1: Еркинский_с_о_ | BJI1: Отенайский_с_о_ | BJJ1: Текели_Г_А_ | BJK1: Рудничный_с_о_ | BJL1: Аксуский_район | BJM1: Жансугуровский_с_о_ | BJN1: Арасанский_с_о_ | BJO1: Есебулатовский_с_о_ | BJP1: Жаналыкский_с_о_ | BJQ1: Кошкентальский_с_о_ | BJR1: Капальский_с_о | BJS1: Каракозский_с_о_ | BJT1: Карашиликский_с_о_ | BJU1: с_о_Барлыбека_Сырттанова | BJV1: Матайский_с_о_ | BJW1: Молалинский_с_о_ | BJX1: Ойтоганский_с_о_ | BJY1: Суыксайский_с_о_ | BJZ1: Алакольский_район | BKA1: Ушаральская_г_а_ | BKB1: Актубекский_с_о_ | BKC1: Архарлинский_с_о_ | BKD1: Бескольский_с_о_ | BKE1: с_о_Сапак | BKF1: Екпендинский_с_о_ | BKG1: Жагатальский_с_о_ | BKH1: Жанаминский_с_о_ | BKI1: Жайпакский_с_о_ | BKJ1: Жыландинский_с_о_ | BKK1: Кольбайский_с_о_ | BKL1: Кызылащинский_с_о_ | BKM1: Лепсинский_с_о_ | BKN1: Токжайлауский_с_о_ | BKO1: Ушбулакский_с_о_ | BKP1: Ынталинский_с_о_ | BKQ1: Ыргайтинский_с_о_ | BKR1: Ескельдинский_район | BKS1: Алдабергеновский_с_о_ | BKT1: с_о_им_Бактыбая_Жолбарысулы | BKU1: Жалгызагашский_с_о_ | BKV1: Кокжазыкский_с_о_ | BKW1: Кайнарлинский_с_о_ | BKX1: Конырский_с_о_ | BKY1: Сырымбетовский_с_о_ | BKZ1: Туленгутский_с_о_ | BLA1: с_о__Акын_Сара | BLB1: Кербулакский_район | BLC1: Алтынемельский_с_о_ | BLD1: Басшийский_с_о_ | BLE1: Жайнак_батырский_с_о_ | BLF1: Жоламанский_с_о_ | BLG1: Коксуский_с_о_ | BLH1: Карашокинский_с_о_ | BLI1: Каспанский_с_о_ | BLJ1: Когалинский_с_о_ | BLK1: Сарыбастауский_с_о_ | BLL1: Шанханайский_с_о_ | BLM1: Шубарский_с_о_ | BLN1: Коксуский_район | BLO1: Балпыкский_с_о_ | BLP1: с_о__Мусабек | BLQ1: с_о_Кабылиса | BLR1: Лабасинский_с_о_ | BLS1: Муканшинский_с_о_ | BLT1: Мукринский_с_о_ | BLU1: с_Мукры | BLV1: Жарлыозекский_с_о_ | BLW1: Каратальский_район | BLX1: Уштобинская_г_а_ | BLY1: Ескельдинский_с_о_ | BLZ1: Байшегирский_с_о_ | BMA1: с_о_Жолбарыс_батыра | BMB1: Кызылбалыкский_с_о_ | BMC1: Бастобинский_с_о_ | BMD1: с_Ортатобе | BME1: с_о_Айту_би | BMF1: Тастобинский_с_о_ | BMG1: Панфиловский_район | BMH1: Жаркентская_г_а_ | BMI1: Баскунчинский_с_о_ | BMJ1: с_Шижин | BMK1: Жаскентский_с_о_ | BML1: Коныроленский_с_о_ | BMM1: Пиджимский_с_о_ | BMN1: Сарыбельский_с_о_ | BMO1: Талдинский_с_о_ | BMP1: Улкенагашский_с_о_ | BMQ1: Улькеншыганский_с_о_ | BMR1: Чулакайский_с_о_ | BMS1: Саркандский_район | BMT1: Саркандская_г_а_ | BMU1: Аманбоктерский_с_о_ | BMV1: Бакалинский_с_о_ | BMW1: Екиашинский_с_о_ | BMX1: Карашиганский_с_о_ | BMY1: Койлыкский_с_о_ | BMZ1: Черкасский_с_о_ | BNA1: Шатырбайский_с_о_ | BNB1: Карагандинская_область | BNC1: Караганда_Г_А_ | BND1: Әлихан_Бөкейхан_р_а_ | BNE1: р_а__им_Казыбек_би | BNF1: Балхаш_Г_А_ | BNG1: Гульшатская_п_а_ | BNH1: Саякская_п_а_ | BNI1: Приозерск_Г_А_ | BNJ1: Сарань_Г_А_ | BNK1: Актасская_п_а_ | BNL1: Темиртау_Г_А_ | BNM1: Актауская_п_а_ | BNN1: Шахтинск_Г_А_ | BNO1: Долинская_п_а_ | BNP1: Новодолинская_п_а_ | BNQ1: Шаханская_п_а_ | BNR1: Абайская_г_а_ | BNS1: Дзержинский_с_о_ | BNT1: с_Сарепта | BNU1: Дубовский_с_о_ | BNV1: с_Дубовка | BNW1: Есенгельдинский_с_о_ | BNX1: с_Пахотное | BNY1: Ильичевский_с_о_ | BNZ1: с_Жон | BOA1: Коксунский_с_о_ | BOB1: Карабасская_п_а_ | BOC1: с_Жартас | BOD1: с_Восход | BOE1: Кулайгырский_с_о_ | BOF1: Курминский_с_о_ | BOG1: с_Курминское | BOH1: Самарский_с_о_ | BOI1: Топарская_п_а_ | BOJ1: Южная_п_а_ | BOK1: Актогайский_район | BOL1: с_Актогай | BOM1: с_Абай | BON1: с_Акшкол | BOO1: Айыртасский_с_о_ | BOP1: с_Айыртас | BOQ1: с_о_Жидебай | BOR1: с_Ушарал | BOS1: с_Каракой | BOT1: с_о__Кежек | BOU1: с_Акший | BOV1: с_Нарманбет | BOW1: с_Дуаншы | BOX1: с_о__Караменде_би | BOY1: с_Куаныш | BOZ1: Кусакский_с_о_ | BPA1: с_Кошкар | BPB1: Кызыларайский_с_о_ | BPC1: с_Акжарык | BPD1: Нуркенский_с_о_ | BPE1: с_Нуркен | BPF1: с_Аксенгир | BPG1: с_Жалантас | BPH1: с_Жидебай | BPI1: Ортадересинский_с_о_ | BPJ1: с_Орта_Дересин | BPK1: с_Акжайдак | BPL1: Сарытерекский_с_о_ | BPM1: с_Сарытерек | BPN1: с_Актумсык | BPO1: с_Жетымшокы | BPP1: с_Кенели | BPQ1: Сарышаганская_п_а_ | BPR1: п_Сарышаган | BPS1: Тасаралский_с_о_ | BPT1: с_Тасарал | BPU1: Торангылыкский_с_о_ | BPV1: с_о__Шабанбай_би | BPW1: с_Шабанбай_би | BPX1: с_Бегазы | BPY1: с_Касабай | BPZ1: с_Сона | BQA1: Шашубайская_п_а_ | BQB1: Бухар_Жырауский_район | BQC1: Ботакаринская_п_а_ | BQD1: Зеленобалковский_с_о_ | BQE1: с_Доскей_ауылы | BQF1: Акоринская_с_а_ | BQG1: с_Акоре | BQH1: Умуткерский_с_о_ | BQI1: Кызылкаинский_с_о_ | BQJ1: Ботакаринская_с_а_ | BQK1: Бухар_Жырау_с_о_ | BQL1: Гагаринский_с_о_ | BQM1: с_о_Керней | BQN1: Молодецкая_с_а_ | BQO1: Тогузкудукский_с_о_ | BQP1: с_Тасшокы | BQQ1: Каражарский_с_о_ | BQR1: Каракудукская_с_а_ | BQS1: Кушокынская_п_а_ | BQT1: Самаркандский_с_о_ | BQU1: Новоузенский_с_о_ | BQV1: с_Новоузенка | BQW1: с_о__Баймырза | BQX1: Шешенкаринский_с_о_ | BQY1: с_Шешенкара | BQZ1: Акбелский_с_о_ | BRA1: Ростовский_с_о_ | BRB1: Центральный_с_о_ | BRC1: Суыксуская_с_а_ | BRD1: Габиден_Мустафинская_п_а_ | BRE1: с_о__Тузды | BRF1: Уштобинский_с_о_ | BRG1: с_Курылус | BRH1: с_Белагаш | BRI1: Каркаралинский_район | BRJ1: с_о__Мади | BRK1: с_Едрей | BRL1: Аманжоловский_с_о_ | BRM1: с_Талды | BRN1: с_Акбай_Кызылбай | BRO1: с_Белдеутас | BRP1: с_Сарыобалы | BRQ1: с_о_Таттимбет | BRR1: с_Актасты | BRS1: с_Шилдебай | BRT1: Бактинский_с_о_ | BRU1: с_Бакты | BRV1: с_Абыз | BRW1: с_Шолаккайын | BRX1: с_о_Балкантау | BRY1: Бесобинский_с_о_ | BRZ1: с_Карашокы | BSA1: с_Егиндыбулак | BSB1: с_о_Нуркена_Абдирова | BSC1: с_Жекежал | BSD1: с_Жанатоган | BSE1: с_Ежебай | BSF1: Кайнарбулакский_с_о_ | BSG1: с_Аппаз | BSH1: с_Жалпакшилик | BSI1: с_Милыбулак | BSJ1: с_Саз | BSK1: Карагайлинская_п_а_ | BSL1: Каршигалинский_с_о_ | BSM1: с_Коктас | BSN1: Киргизский_с_о_ | BSO1: с_Буркутты | BSP1: с_о__Коянды | BSQ1: с_Коянды | BSR1: с_о__Мартбек_Мамыраев | BSS1: с_Жананегиз | BST1: с_о_Ныгмет_Нурмаков | BSU1: с_Осибай | BSV1: с_Бастал | BSW1: с_Колбасы | BSX1: Тегисшилдикский_с_о_ | BSY1: с_Тегисшилдик | BSZ1: с_Калинино | BTA1: Темиршинский_с_о_ | BTB1: с_Татан | BTC1: Томарский_с_о_ | BTD1: Угарский_с_о_ | BTE1: с_Матак | BTF1: Шарыктинский_с_о_ | BTG1: с_Кызылшилик | BTH1: с_Ынталы | BTI1: Нуринский_район | BTJ1: п_а_Нура | BTK1: Балыктыкольский_с_о_ | BTL1: с_Балыктыколь | BTM1: Баршинский_с_о_ | BTN1: с_Баршино | BTO1: с_о_Құлан | BTP1: с_Куланотпес | BTQ1: Жараспайский_с_о_ | BTR1: с_Жараспай | BTS1: Акмешитский_с_о_ | BTT1: с_Акмешит | BTU1: Индустриальный_с_о_ | BTV1: Кенжарыкский_с_о_ | BTW1: с_Изенды | BTX1: Каройский_с_о_ | BTY1: с_о_Егінді | BTZ1: Каракоинский_с_о_ | BUA1: с_Жанбобек | BUB1: с_Акколка | BUC1: Корганжарский_с_о_ | BUD1: с__Карим_Мынбаев | BUE1: Куланутпесский_с_о_ | BUF1: с_Куланутпес | BUG1: Байтуганский_с_о_ | BUH1: с_о_Мұзбел | BUI1: Сарыозенский_с_о_ | BUJ1: с_Ткенекты | BUK1: Соналинский_с_о_ | BUL1: Ахметский_с_о_ | BUM1: Тассуатский_с_о_ | BUN1: Кобетейский_с_о_ | BUO1: с_Кобетей | BUP1: Шахтерский_с_о_ | BUQ1: Шубаркольская_п_а_ | BUR1: Осакаровский_район | BUS1: Осакаровская_п_а_ | BUT1: Батпактинский_с_о_ | BUU1: с_о_Сарыозек | BUV1: с_о_Жансары | BUW1: Звездный_с_о_ | BUX1: с_о_Есиль | BUY1: Каратомарский_с_о_ | BUZ1: с_Сенокосное | BVA1: Кундуздинский_с_о_ | BVB1: Маржанкольский_с_о_ | BVC1: Мирный_с_о_ | BVD1: с_Мирное | BVE1: Молодежная_п_а_ | BVF1: Озерный_с_о_ | BVG1: с_о_Карагайлы | BVH1: Пионерский_с_о_ | BVI1: с_о_Акбулак | BVJ1: с_о_Сункар | BVK1: Трудовой_с_о_ | BVL1: Шидертинский_с_о_ | BVM1: Шетский_район | BVN1: Аксу_Аюлинский_с_о_ | BVO1: с_Аксу_Аюлы | BVP1: с_Актобе | BVQ1: с_Енбекшил | BVR1: Агадырьская_п_а_ | BVS1: п_Агадырь | BVT1: с_Сарыши | BVU1: Акжалская_п_а_ | BVV1: с_Акжартас | BVW1: Акчатауская_п_а_ | BVX1: Акчатауский_с_о_ | BVY1: с__Жарылгап_батыр | BVZ1: с_Каргалы | BWA1: с_Кызылтау | BWB1: с_Акбауыр | BWC1: Батыкский_с_о_ | BWD1: с_Батык | BWE1: Босагинский_с_о_ | BWF1: с_Босага | BWG1: Бурминский_с_о_ | BWH1: Дарьинская_п_а_ | BWI1: Жамбылская_п_а_ | BWJ1: С_Сейфуллинская_п_а_ | BWK1: Кеншокинский_с_о_ | BWL1: с_Нура | BWM1: с_Жанажурт | BWN1: Коктенкольский_с_о_ | BWO1: с_Коктенколь | BWP1: с_Алихан | BWQ1: Нижнекайрактинский_с_о_ | BWR1: Краснополянский_с_о_ | BWS1: с_Карамурун | BWT1: с_о__Карима_Мынбаева | BWU1: Мойынтынская_п_а_ | BWV1: п_Мойынты | BWW1: Нураталдинский_с_о_ | BWX1: с_Кошкарбай | BWY1: с_Кызылкой | BWZ1: Ортауский_с_о_ | BXA1: с_Ортау | BXB1: Акойский_с_о_ | BXC1: с_Акой | BXD1: Кийктинский_с_о_ | BXE1: с_Кийкти | BXF1: Тагылинский_с_о_ | BXG1: с_Жумыскер | BXH1: с_Койтас | BXI1: Шетский_с_о_ | BXJ1: с_Унрек | BXK1: Костанайская_область | BXL1: Костанай_Г_А_ | BXM1: Аркалык_Г_А_ | BXN1: Ангарский_с_о_ | BXO1: Ашутастинский_с_о_ | BXP1: с_Аккошкар | BXQ1: Восточный_с_о_ | BXR1: Екидинская_с_а_ | BXS1: с_Екидин | BXT1: Жалгызталский_с_о_ | BXU1: с_Жанакала | BXV1: с_Кызылжулдуз | BXW1: Молодежный_с_о_ | BXX1: Родининский_с_о_ | BXY1: с_Родина | BXZ1: Фурмановский_с_о_ | BYA1: Целинная_с_а_ | BYB1: Лисаковск_Г_А_ | BYC1: Октябрьская_п_а_ | BYD1: Рудный_Г_А_ | BYE1: Горняцкая_п_а_ | BYF1: Качарская_п_а_ | BYG1: Алтынсаринский_район | BYH1: Убаганский_с_о_ | BYI1: Большечураковский_с_о_ | BYJ1: Димитровский_с_о_ | BYK1: с_о_Красный_Кордон | BYL1: с_о_им_Ильяса_Омарова | BYM1: с_им_Ильяса_Омарова | BYN1: с_о_имени_Омара_Шипина | BYO1: с_Темир_Казык | BYP1: Новоалексеевская_с_а_ | BYQ1: с_Новоалексеевка | BYR1: Свердловский_с_о_ | BYS1: с_о_имени_Мариям_Хәкімжановой | BYT1: Амангельдинский_район | BYU1: с_Есир | BYV1: Амантогайский_с_о_ | BYW1: с_Амантогай | BYX1: с_Шакпак | BYY1: Байгабылский_с_о_ | BYZ1: с_Байгабыл | BZA1: с_Жетибай | BZB1: Кабыргинский_с_о_ | BZC1: с_Кабырга | BZD1: с_Агайдар | BZE1: с_Есенбаев | BZF1: Кумкешуский_с_о_ | BZG1: с_Кумкешу | BZH1: Урпекский_с_о_ | BZI1: с_Агаштыколь | BZJ1: с_Косжан | BZK1: Тастинский_с_о_ | BZL1: Уштогайский_с_о_ | BZM1: Аулиекольский_район | BZN1: Аулиекольский_с_о_ | BZO1: Аманкарагайский_с_о_ | BZP1: с_Аманкарагай | BZQ1: Кушмурун_п_а_ | BZR1: п_Кушмурун | BZS1: Диевский_с_о_ | BZT1: Казанбасский_с_о_ | BZU1: Москалевский_с_о_ | BZV1: с_Москалевка | BZW1: Новонежинский_с_о_ | BZX1: с_Калинин | BZY1: с_а_Тимофеевка | BZZ1: с_Тимофеевка | CAA1: Черниговский_с_о_ | CAB1: с_Черниговка | CAC1: Первомайская_с_а_ | CAD1: с_а_Коктал | CAE1: Денисовский_район | CAF1: Денисовский_с_о_ | CAG1: с_Денисовка | CAH1: Архангельский_с_о_ | CAI1: с_Комаровка | CAJ1: Аятский_с_о_ | CAK1: с_Аятское | CAL1: с_Зааятское | CAM1: Красноармейский_с_о_ | CAN1: с_Красноармейское | CAO1: с_а_Крымское | CAP1: с_о_Перелески | CAQ1: с_Антоновка | CAR1: Глебовская_с_а_ | CAS1: с_Глебовка | CAT1: Жангельдинский_район | CAU1: Торгайский_с_о_ | CAV1: Аккольская_с_а_ | CAW1: Акшиганакский_с_о_ | CAX1: с_Акшиганак | CAY1: с_Туйемойнак | CAZ1: Албарбогетский_с_о_ | CBA1: с_Колкамыс | CBB1: Шегенская_с_а_ | CBC1: с_Шеген | CBD1: Аралбайская_с_а_ | CBE1: с_Аралбай | CBF1: Жаркольский_с_о_ | CBG1: с_Тауыш | CBH1: с_Сарысу | CBI1: с_Тентексай | CBJ1: с_Токанай | CBK1: Каламкарасуский_с_о_ | CBL1: с_Каламкарасу | CBM1: с_а_Ахмета_Байтұрсынұлы | CBN1: Кызбельский_с_о_ | CBO1: с_Ошаганды | CBP1: с_Узынкарасу | CBQ1: Сужарганская_с_а_ | CBR1: с_Сужарган | CBS1: Шилинский_с_о_ | CBT1: Житикаринский_район | CBU1: Пригородная_с_а_ | CBV1: Аккаргинский_с_о_ | CBW1: Большевистский_с_о_ | CBX1: Забеловский_с_о_ | CBY1: Милютинский_с_о_ | CBZ1: Муктикольский_с_о_ | CCA1: с_Муктиколь | CCB1: Тохтаровский_с_о_ | CCC1: Чайковская_с_а_ | CCD1: Ырсайский_с_о_ | CCE1: Камыстинский_район | CCF1: с_Фрунзе | CCG1: Адаевский_с_о_ | CCH1: с_Адаевка | CCI1: с_Жаилма | CCJ1: Алтынсаринская_с_а_ | CCK1: с_Алтынсарино | CCL1: Аралкольский_с_о_ | CCM1: с_Уркаш | CCN1: Аркинский_с_о_ | CCO1: Бестобинская_с_а_ | CCP1: с_Бестобе | CCQ1: Дружбинская_с_а_ | CCR1: Клочковский_с_о_ | CCS1: Карабатырский_с_о_ | CCT1: Карабалыкский_район | CCU1: Карабалыкская_п_а_ | CCV1: Белоглинский_с_о_ | CCW1: Боскольский_с_о_ | CCX1: с_Тастыозек | CCY1: с_а_Лесное | CCZ1: с_Славенка | CDA1: Новотроицкий_с_о_ | CDB1: с_Магнай | CDC1: с_Подгородка | CDD1: Урнекский_с_о_ | CDE1: Побединская_с_а_ | CDF1: Смирновский_с_о_ | CDG1: с_Смирновка | CDH1: Станционый_с_о_ | CDI1: с_Станционное | CDJ1: Тогузакский_с_о_ | CDK1: Карасуский_район | CDL1: с_Восток | CDM1: с_Тюнтюгур | CDN1: с_Комсомольское | CDO1: Карамырзинский_с_о_ | CDP1: с_Карамырза | CDQ1: с_Кошевое | CDR1: Койбагарский_с_о_ | CDS1: с_Амангельды | CDT1: Люблинский_с_о_ | CDU1: с_Люблинка | CDV1: с_Корниловка | CDW1: Жалгысканский_с_о_ | CDX1: Октябрьский_с_о_ | CDY1: с_Железнодорожное | CDZ1: Ушаковский_с_о_ | CEA1: Челгашинский_с_о_ | CEB1: Черняевский_с_о_ | CEC1: Костанайский_район | CED1: Тобылская_г_а_ | CEE1: Александровский_с_о_ | CEF1: Белозерский_с_о_ | CEG1: Владимировский_с_о_ | CEH1: с_Владимировка | CEI1: Айсаринский_с_о_ | CEJ1: с_Половниковка | CEK1: Ждановский_с_о_ | CEL1: с_Ждановка | CEM1: Майкольский_с_о_ | CEN1: Надеждинский_с_о_ | CEO1: Садчиковский_с_о_ | CEP1: Ульяновский_с_о_ | CEQ1: с_Ульяновское | CER1: Мендыкаринский_район | CES1: Боровской_с_о_ | CET1: Алешинский_с_о_ | CEU1: Буденновский_с_о_ | CEV1: с_Буденновка | CEW1: Введенский_с_о_ | CEX1: с_Введенка | CEY1: Краснопресненский_с_о_ | CEZ1: с_Красная_Пресня | CFA1: Каракогинский_с_о_ | CFB1: Ломоносовский_с_о_ | CFC1: с_Каскат | CFD1: с_Борки | CFE1: с_Первомайское | CFF1: с_Чернышевка | CFG1: Сосновский_с_о_ | CFH1: с_Каменскуральское | CFI1: Тенизовский_с_о_ | CFJ1: с_Тенизовское | CFK1: Наурзумский_район | CFL1: Карамендинский_с_о_ | CFM1: с_Караменды | CFN1: Буревестнинская_с_а_ | CFO1: с_Буревестник | CFP1: Дамдинский_с_о_ | CFQ1: с_Дамды | CFR1: Кожинская_с_а_ | CFS1: с_Кожа | CFT1: Улендинская_с_а_ | CFU1: с_Уленды | CFV1: Раздольный_с_о_ | CFW1: с_Раздольное | CFX1: Шолаксайская_с_а_ | CFY1: Сарыкольский_район | CFZ1: Сарыкольская_п_а_ | CGA1: Барвиновская_с_а_ | CGB1: с_Барвиновка | CGC1: Веселоподольский_с_о_ | CGD1: Златоустовская_с_а_ | CGE1: с_Златоуст | CGF1: Комсомольский_с_о_ | CGG1: с_а_Большие_Дубравы | CGH1: с_Большие_Дубравы | CGI1: с_а__Маяк | CGJ1: с_Маяк | CGK1: Севастопольский_с_о_ | CGL1: с_Вишневка | CGM1: Сорочинский_с_о_ | CGN1: Тагильский_с_о_ | CGO1: с_Тагильское | CGP1: Тимирязевская_с_а_ | CGQ1: с_Тимирязевка | CGR1: с_а_Урожайное | CGS1: с_Урожайное | CGT1: район_Беимбета_Майлина | CGU1: с_о_Әйет | CGV1: с_Әйет | CGW1: с_Красносельское | CGX1: Асенкритовский_с_о_ | CGY1: Белинский_с_о_ | CGZ1: с_Максут | CHA1: Майский_с_о_ | CHB1: Набережный_с_о_ | CHC1: Новоильинский_с_о_ | CHD1: с_Увальное | CHE1: Павловский_с_о_ | CHF1: с_Павловка | CHG1: Тобольская_п_а_ | CHH1: Узункольский_район | CHI1: Бауманская_с_а_ | CHJ1: с_Бауманское | CHK1: Ершовский_с_о_ | CHL1: с_Ершовка | CHM1: с_Миролюбовка | CHN1: Кировский_с_о_ | CHO1: с_Новопокровка | CHP1: с_Воскресеновка | CHQ1: с_Варваровка | CHR1: Пресногорьковский_с_о_ | CHS1: с_Волна | CHT1: с_Крутоярка | CHU1: с_Белоглинка | CHV1: с_Красный_Борок | CHW1: с_о_Обаған | CHX1: Ряжский_с_о_ | CHY1: с_Речное | CHZ1: с_а_Сатай | CIA1: с_Сатай | CIB1: Троебратский_с_о_ | CIC1: Федоровский_с_о_ | CID1: с_Сокол | CIE1: Федоровский_район | CIF1: с_Владыкинка | CIG1: Банновский_с_о_ | CIH1: Вишневый_с_о_ | CII1: Воронежский_с_о_ | CIJ1: Камышинский_с_о_ | CIK1: Костряковский_с_о_ | CIL1: с_Запасное | CIM1: с_Курское | CIN1: Косаралский_с_о_ | CIO1: с_Кенарал | CIP1: Ленинский_с_о_ | CIQ1: Новошумная_с_а_ | CIR1: с_Новошумное | CIS1: Пешковский_с_о_ | CIT1: Кызылординская_область | CIU1: Кызылорда_Г_А_ | CIV1: Акжарминский_с_о_ | CIW1: с_Баймурат | CIX1: с_Талдыарал | CIY1: Белкольская_п_а_ | CIZ1: Косшынырауский_с_о_ | CJA1: Караултобинский_с_о_ | CJB1: с_Караултобе | CJC1: Кызылжарминский_с_о_ | CJD1: Кызылозекский_с_о_ | CJE1: Талсуатский_с_о_ | CJF1: с_Талсуат | CJG1: Тасбугетская_п_а_ | CJH1: Байконыр_Г_А_ | CJI1: Аральский_район | CJJ1: Аральская_г_а_ | CJK1: Акирекский_с_о_ | CJL1: Атаншинский_с_о_ | CJM1: с_Жинишкекум | CJN1: Аманоткельский_с_о_ | CJO1: Аралкумский_с_о_ | CJP1: Богенский_с_о_ | CJQ1: с_Боген | CJR1: Жанакурылысский_с_о_ | CJS1: Жаксыкылышский_с_о_ | CJT1: Бекбауылский_с_о_ | CJU1: Камыстыбасский_с_о_ | CJV1: Жинишкекумский_с_о_ | CJW1: с_о__Жетес_би | CJX1: с_Раим | CJY1: Каракумский_с_о_ | CJZ1: Беларанский_с_о_ | CKA1: Каратеренский_с_о_ | CKB1: Косаманский_с_о_ | CKC1: с_Косаман | CKD1: Куландинский_с_о_ | CKE1: Косжарский_с_о_ | CKF1: Мергенсайский_с_о_ | CKG1: с_о_Аккум | CKH1: Раимский_с_о_ | CKI1: Саздинский_с_о_ | CKJ1: Саксаульский_с_о_ | CKK1: с_Саксаульский | CKL1: рзд_82_Курылык | CKM1: Сапакский_с_о_ | CKN1: Жалагашский_район | CKO1: Жалагашский_с_о_ | CKP1: с_Аккум | CKQ1: Аккырский_с_о_ | CKR1: Аламесекский_с_о_ | CKS1: им_Бухарбай_батыра_с_о_ | CKT1: Жанадарьинский_с_о_ | CKU1: с_Жанадарья | CKV1: Каракеткенский_с_о_ | CKW1: с_Каракеткен | CKX1: Макпалкольский_с_о_ | CKY1: с_о_Мырзабай_ахуна | CKZ1: Танский_с_о_ | CLA1: Шаменова_с_о | CLB1: Жанакорганский_район | CLC1: Жанакорганский_с_о_ | CLD1: с_о_им_Машбека_Налибаева | CLE1: Аккорганский_с_о_ | CLF1: Аккуикский_с_о_ | CLG1: Байкенженский_с_о_ | CLH1: с_о__Жаманбай_батыр | CLI1: с_Бесарык | CLJ1: Екпиндинский_с_о_ | CLK1: Жанарыкский_с_о_ | CLL1: Кейденский_с_о_ | CLM1: Келинтобинский_с_о_ | CLN1: Кандозский_с_о_ | CLO1: Кожамбердинский_с_о_ | CLP1: Кожакентский_с_о_ | CLQ1: с_о__Косуйенки | CLR1: Кыркенсеский_с_о_ | CLS1: с_Абдигаппар | CLT1: Кырашский_с_о_ | CLU1: Озгентский_с_о_ | CLV1: Сунакатинский_с_о_ | CLW1: Суттыкудыкский_с_о_ | CLX1: ст_Бесарык | CLY1: Томенарыкский_с_о_ | CLZ1: Шалкинский_с_о_ | CMA1: Манапский_с_о_ | CMB1: Казалинский_район | CMC1: Казалинская_г_а_ | CMD1: Айтеке_би_п_а_ | CME1: Акжонский_с_о_ | CMF1: Арандинский_с_о_ | CMG1: Арыкбалыкский_с_о_ | CMH1: Басыкаринский_с_о_ | CMI1: с_Басыкара | CMJ1: Бозкольский_с_о_ | CMK1: Карашенгельский_с_о_ | CML1: Кольарыкский_с_о_ | CMM1: Кумжиекский_с_о_ | CMN1: Кызылкумский_с_о_ | CMO1: Майдакольский_с_о_ | CMP1: Майлыбасский_с_о_ | CMQ1: с_Байкожа | CMR1: рзд_102 | CMS1: Муратбаевский_с_о_ | CMT1: с_Муратбаев | CMU1: Уркендеуский_с_о_ | CMV1: Сарыкольский_с_о_ | CMW1: Тасарыкский_с_о_ | CMX1: Шакенский_с_о_ | CMY1: Кармакшинский_район | CMZ1: с_Жосалы | CNA1: с_о_им_Алдашбай_Ахуна | CNB1: Дауылкольский_с_о_ | CNC1: с_Дур_Онгар | CND1: Иркольский_с_о_ | CNE1: Комекбаевский_с_о | CNF1: Кармакшинский_с_о_ | CNG1: Куандарьинский_с_о_ | CNH1: с_Куандария | CNI1: Торетамский_с_о_ | CNJ1: n_3_интернациональный_с_о_ | CNK1: с_3_интернационал | CNL1: Сырдарьинский_район | CNM1: с_Теренозек | CNN1: с_Акжарма | CNO1: Бесарыкский_с_о_ | CNP1: Жетикольский_с_о_ | CNQ1: с_о_им_Ильясова | CNR1: с_о_им_Калжан_Ахуна | CNS1: Когалыкольский_с_о_ | CNT1: с_Когалыколь | CNU1: Сейфуллинский_с_о_ | CNV1: с_о_им_Токмаганбетова | CNW1: с_им_А_Токмаганбетова | CNX1: Шаганский_с_о_ | CNY1: с_Шаган | CNZ1: Ширкейлийский_с_о_ | COA1: с_Ширкейли | COB1: Инкардарьинский_с_о_ | COC1: с_Инкардарья | COD1: Шиелийский_район | COE1: Шиелийский_с_о_ | COF1: Акмаянский_с_о_ | COG1: с_Досбол_би | COH1: Байгекумский_с_о_ | COI1: Бестамский_с_о_ | COJ1: Жиделиарыкский_с_о_ | COK1: с_Жиделиарык | COL1: Жолекский_с_о_ | COM1: Жуантобинский_с_о_ | CON1: с_им_И_Жакаева | COO1: Керделинский_с_о_ | COP1: с_им_Н_Бекежанова | COQ1: с_Буланбайбауы | COR1: Майлытогайский_с_о_ | COS1: Сулутюбинский_с_о_ | COT1: с_1_Мамыр | COU1: Талаптанский_с_о_ | COV1: с_Бала_би | COW1: Тартогайский_с_о_ | COX1: Теликольский_с_о_ | COY1: с_о_Туран | COZ1: Ортакшылский_с_о_ | CPA1: Мангистауская_область | CPB1: Актау_Г_А_ | CPC1: Умирзакский_с_о_ | CPD1: Жанаозен_Г_А_ | CPE1: с_а_Рахат | CPF1: Тенгеский_с_о_ | CPG1: с_а_Кендерли | CPH1: Бейнеуский_район | CPI1: Бейнеуский_с_о_ | CPJ1: Акжигитская_с_а_ | CPK1: с_Акжигит | CPL1: Саргинская_с_а_ | CPM1: с_Сарга | CPN1: Боранкульская_с_а_ | CPO1: с_Боранкул | CPP1: Есетская_с_а_ | CPQ1: Сынгырлауская_с_а_ | CPR1: с_Сынгырлау | CPS1: Самский_с_о_ | CPT1: с_Сам | CPU1: Толепская_с_а_ | CPV1: Таженский_с_о_ | CPW1: Турышская_с_а_ | CPX1: с_Турыш | CPY1: Каракиянский_район | CPZ1: Курыкский_с_о_ | CQA1: с_Курык | CQB1: Бостанский_с_о_ | CQC1: с_Бостан | CQD1: с_о_Болашак | CQE1: с_Бопай | CQF1: Жетыбайский_с_о_ | CQG1: с_Жетыбай | CQH1: с_Куланды | CQI1: Мунайшинский_с_о_ | CQJ1: Сенекский_с_о_ | CQK1: с_Сенек | CQL1: Мангистауский_район | CQM1: Шетпинский_с_о_ | CQN1: с_Уштаган | CQO1: с_Сазды | CQP1: с_а_Акшымырау | CQQ1: с_Акшымырау | CQR1: Жармышский_с_о_ | CQS1: с_Жармыш | CQT1: с_а_Жынгылды | CQU1: с_Жынгылды | CQV1: с_а_Кызан | CQW1: с_Кызан | CQX1: Ондынский_с_о_ | CQY1: с_Онды | CQZ1: с_Баскудук | CRA1: с_Беки | CRB1: с_о_Отпан | CRC1: Сайотесский_с_о_ | CRD1: с_Сайотес | CRE1: Тущыкудукский_с_о_ | CRF1: с_Тущыкудук | CRG1: с_Киякты | CRH1: Шайырский_с_о_ | CRI1: с_Шайыр | CRJ1: с_Тиген | CRK1: Шебирский_с_о_ | CRL1: с_Шебир | CRM1: Мунайлинский_район | CRN1: Мангистауский_с_о_ | CRO1: с_о_Баскудук | CRP1: Баяндинский_с_о_ | CRQ1: с_Баянды | CRR1: с_о_Даулет | CRS1: Кызылтобинский_с_о_ | CRT1: с_о_Батыр | CRU1: Тупкараганский_район | CRV1: Акшукурский_с_о_ | CRW1: с_Акшукур | CRX1: Баутинский_с_о_ | CRY1: Кызылозенский_с_о_ | CRZ1: с_Кызылозен | CSA1: с_о_Саина_Шапагатова | CSB1: Таушыкский_с_о_ | CSC1: с_Таушык | CSD1: Павлодарская_область | CSE1: Павлодар_Г_А_ | CSF1: Павлодарская_с_а_ | CSG1: Кенжекольский_с_о_ | CSH1: Ленинская_п_а_ | CSI1: Мойылдинский_с_о_ | CSJ1: Жетекшинская_с_а_ | CSK1: Аксу_Г_А_ | CSL1: Евгеньевский_с_о_ | CSM1: с_о_им_Мамаита_Омарова | CSN1: с_им_Мамаита_Омарова | CSO1: Калкаманский_с_о_ | CSP1: Экибастуз_Г_А_ | CSQ1: Байетский_с_о_ | CSR1: Экибастузский_с_о_ | CSS1: с_Тай | CST1: Железнодорожный_с_о_ | CSU1: с_а_Шикылдак | CSV1: с_о_им_Алькея_Маргулана | CSW1: Кояндинский_с_о_ | CSX1: Сарыкамысский_с_о_ | CSY1: с_Сарыкамыс | CSZ1: Солнечная_п_а_ | CTA1: Торт_Кудукский_с_о_ | CTB1: с_Торт_Кудук | CTC1: Шидертинская_п_а_ | CTD1: Жалаулинский_с_о_ | CTE1: с_Шолаксор | CTF1: Жолболдинский_с_о_ | CTG1: Кожамжарский_с_о_ | CTH1: Муткеновский_с_о_ | CTI1: с_Муткенова | CTJ1: с_о_Ақжол | CTK1: Баянаульский_район | CTL1: Баянаульский_с_о_ | CTM1: Аксанский_с_о_ | CTN1: с_Октябрь | CTO1: с_Акмектеп | CTP1: Жанажольский_с_о_ | CTQ1: с_Мәшһүр_Жүсіп | CTR1: Жанатилекский_с_о_ | CTS1: с_Жанатилек | CTT1: с_Мурынтал | CTU1: с_Каратомар | CTV1: Кундыкольский_с_о_ | CTW1: с_Биржанколь | CTX1: Куркелинский_с_о_ | CTY1: с_Шоманколь | CTZ1: Кызылтауский_с_о_ | CUA1: с_Жусупбека_Аймауытова | CUB1: с_Лекер | CUC1: Майкаинская_п_а_ | CUD1: с_Қаныш_Сәтбаев | CUE1: с_Кокдомбак | CUF1: с_Мұса_Шорман | CUG1: Торайгыровский_с_о_ | CUH1: с_Торайгырова | CUI1: с_Александровка | CUJ1: Узунбулакский_с_о_ | CUK1: с_Узунбулак | CUL1: Железинский_район | CUM1: Железинский_с_о_ | CUN1: с_Железинка | CUO1: с_Алакол | CUP1: Башмачинский_с_о_ | CUQ1: Веселорощинский_с_о_ | CUR1: Новомирский_с_о_ | CUS1: с_Церковное | CUT1: Озерновский_с_о_ | CUU1: Прииртышский_с_о_ | CUV1: Иртышский_район | CUW1: Агашорынский_с_о_ | CUX1: с_Агашорын | CUY1: с_Узынсу | CUZ1: Иса_Байзаковский_с_о_ | CVA1: с_Иса_Байзакова | CVB1: с_Луговое | CVC1: Майконырская_с_а_ | CVD1: Северный_с_о_ | CVE1: Селетинский_с_о_ | CVF1: район_Тереңкөл | CVG1: Теренкольский_с_о_ | CVH1: Байконысский_с_о_ | CVI1: Береговой_с_о_ | CVJ1: с_Зеленая_Роща | CVK1: Бобровский_с_о_ | CVL1: с_Жанабет | CVM1: Верненский_с_о_ | CVN1: с_Львовка | CVO1: Воскресенский_с_о_ | CVP1: с_Березовка | CVQ1: Жанакурлысский_с_о_ | CVR1: с_Трофимовка | CVS1: с_Жанакурлыс | CVT1: Ивановский_с_о_ | CVU1: Калиновский_с_о_ | CVV1: Песчанский_с_о_ | CVW1: с_Песчаное | CVX1: район_Аққулы | CVY1: с_о_Аққулы | CVZ1: Баймульдинский_с_о_ | CWA1: с_Такыр | CWB1: с_о_Қарақала | CWC1: с_Қарақала | CWD1: Майкарагайский_с_о_ | CWE1: Шакинский_с_о_ | CWF1: с_Шака | CWG1: Шарбактинский_с_о_ | CWH1: с_Шарбакты | CWI1: Ямышевский_с_о_ | CWJ1: Майский_район | CWK1: Коктубекский_с_о_ | CWL1: Белогорский_ХПП | CWM1: Акшиманский_с_о_ | CWN1: с_Басколь | CWO1: Кентубекский_с_о_ | CWP1: Казанский_с_о_ | CWQ1: с_Кызыленбек | CWR1: Каратерекский_с_о_ | CWS1: с_Каратерек | CWT1: с_Хасена_Сейтказина | CWU1: Майтубекский_с_о_ | CWV1: Малайсаринский_с_о_ | CWW1: Павлодарский_район | CWX1: Ефремовский_с_о_ | CWY1: Зангарский_с_о_ | CWZ1: Заринский_с_о_ | CXA1: с_о_Кемеңгер | CXB1: с_Кемеңгер | CXC1: Луганский_с_о_ | CXD1: с_Мичурино | CXE1: с_Госплемстанция | CXF1: Ольгинский_с_о_ | CXG1: Рождественский_с_о_ | CXH1: Чернорецкий_с_о_ | CXI1: Черноярский_с_о_ | CXJ1: с_Черноярка | CXK1: Шакатский_с_о_ | CXL1: Успенский_район | CXM1: Козыкеткенский_с_о_ | CXN1: с_Козыкеткен | CXO1: Лозовский_с_о_ | CXP1: Конырозекский_с_о_ | CXQ1: Равнопольский_с_о_ | CXR1: Щербактинский_район | CXS1: с_Алексеевка | CXT1: Галкинский_с_о_ | CXU1: с_Галкино | CXV1: Жылыбулакский_с_о_ | CXW1: с_Жылыбулак | CXX1: с_Сосновка | CXY1: Шалдайский_с_о_ | CXZ1: с_Шалдай | CYA1: Северо_Казахстанская_область | CYB1: Петропавловск_Г_А_ | CYC1: Айыртауский_район | CYD1: Володарский_с_о_ | CYE1: Антоновский_с_о_ | CYF1: с_Жумысшы | CYG1: Гусаковский_с_о_ | CYH1: с_Гусаковка | CYI1: Елецкий_с_о_ | CYJ1: с_Елецкое | CYK1: Имантауский_с_о_ | CYL1: Камсактинский_с_о_ | CYM1: с_Бурлык | CYN1: с_Никольское | CYO1: Нижнебурлукский_с_о_ | CYP1: с_Нижний_Бурлук | CYQ1: Лобановский_с_о_ | CYR1: Сырымбетский_с_о_ | CYS1: с_Сырымбет | CYT1: с_Сулуколь | CYU1: Украинский_с_о_ | CYV1: Акжарский_район | CYW1: Талшыкский_с_о_ | CYX1: Алкатерекский_с_о_ | CYY1: Восходский_с_о_ | CYZ1: Кенащинский_с_о_ | CZA1: Кишикараойский_с_о_ | CZB1: Кулыкольский_с_о_ | CZC1: Ленинградский_с_о_ | CZD1: Новосельский_с_о_ | CZE1: Акжаркынский_с_о_ | CZF1: Район_Магжана_Жумабаева | CZG1: Булаевская_г_а_ | CZH1: Авангардский_с_о_ | CZI1: Бастомарский_с_о_ | CZJ1: с_Писаревка | CZK1: Возвышенский_с_о_ | CZL1: Конюховский_с_о_ | CZM1: с_Конюхово | CZN1: Лебяжинский_с_о_ | CZO1: с_Лебяжье | CZP1: с_о_Магжан | CZQ1: Молодогвардейский_с_о_ | CZR1: с_о_Ноғайбай_би | CZS1: с_о_Аққайың | CZT1: Полудинский_с_о_ | CZU1: с_Полудино | CZV1: с_о_Алтын_дән | CZW1: с_Советское | CZX1: Таманский_с_о_ | CZY1: Узынкольский_с_о_ | CZZ1: с_о_Бәйтерек | DAA1: Чистовский_с_о_ | DAB1: с_Пролетарка | DAC1: Явленский_с_о_ | DAD1: Алматинский_с_о_ | DAE1: Бескудукский_с_о_ | DAF1: Волошинский_с_о_ | DAG1: Заградовский_с_о_ | DAH1: с_Чириковка | DAI1: Ильинский_с_о_ | DAJ1: Корнеевский_с_о_ | DAK1: Спасовский_с_о_ | DAL1: Тарангульский_с_о_ | DAM1: с_Тарангул | DAN1: Ясновский_с_о_ | DAO1: Пресновский_с_о_ | DAP1: с_Пресновка | DAQ1: с_Железное | DAR1: с_Баян | DAS1: Благовещенский_с_о_ | DAT1: с_Благовещенка | DAU1: Кладбинский_с_о_ | DAV1: с_Кладбинка | DAW1: с_Казанка | DAX1: с_Екатериновка | DAY1: Кайранкольский_с_о_ | DAZ1: Майбалыкский_с_о_ | DBA1: Пресноредутский_с_о_ | DBB1: с_Пресноредуть | DBC1: с_Ястребинка | DBD1: Кызылжарский_район | DBE1: Асановский_с_о_ | DBF1: Березовский_с_о_ | DBG1: Бугровский_с_о_ | DBH1: с_Новогеоргиевка | DBI1: Вагулинский_с_о_ | DBJ1: Виноградовский_с_о_ | DBK1: Куйбышевский_с_о_ | DBL1: Налобинский_с_о_ | DBM1: с_Налобино | DBN1: Петерфельдский_с_о_ | DBO1: Прибрежный_с_о_ | DBP1: Рассветский_с_о_ | DBQ1: Рощинский_с_о_ | DBR1: Светлопольский_с_о_ | DBS1: с_Знаменское | DBT1: Соколовский_с_о_ | DBU1: Якорский_с_о_ | DBV1: Мамлютский_район | DBW1: Мамлютская_г_а_ | DBX1: Беловский_с_о_ | DBY1: с_Белое | DBZ1: с_Щучье | DCA1: Воскресеновский_с_о_ | DCB1: Дубровинский_с_о_ | DCC1: Краснозаменный_с_о_ | DCD1: с_Краснознаменное | DCE1: Кызыласкерский_с_о_ | DCF1: Леденевский_с_о_ | DCG1: Новомихайловский_с_о_ | DCH1: Становский_с_о_ | DCI1: с_Афонькино | DCJ1: с_Орел | DCK1: Район_Шал_акына | DCL1: Сергеевская_г_а_ | DCM1: Афанасьевский_с_о_ | DCN1: с_Двойники | DCO1: Аютасский_с_о_ | DCP1: Городецкий_с_о_ | DCQ1: Кривощековский_с_о_ | DCR1: Приишимский_с_о_ | DCS1: Семипольский_с_о_ | DCT1: Сухорабовский_с_о_ | DCU1: с_Сухорабовка | DCV1: Аккайынский_район | DCW1: Аралагашский_с_о_ | DCX1: Власовский_с_о_ | DCY1: Киялинский_с_о_ | DCZ1: с_Ленинское | DDA1: Токушинский_с_о_ | DDB1: с_о_Шагалалы | DDC1: Тайыншинский_район | DDD1: Тайыншинская_г_а_ | DDE1: Алаботинский_с_о_ | DDF1: Амандыкский_с_о_ | DDG1: Большеизюмовский_с_о_ | DDH1: с_Большой_Изюм | DDI1: Донецкий_с_о_ | DDJ1: Драгомировский_с_о_ | DDK1: Зеленогайский_с_о_ | DDL1: с_Зеленый_Гай | DDM1: Келлеровский_с_о_ | DDN1: Летовочный_с_о_ | DDO1: Мироновский_с_о_ | DDP1: Тендыкский_с_о_ | DDQ1: Тихоокеанский_с_о_ | DDR1: Чермошнянский_с_о_ | DDS1: с_Леонидовка | DDT1: Чкаловский_с_о_ | DDU1: Яснополянский_с_о_ | DDV1: Тимирязевский_район | DDW1: Тимирязевский_с_о_ | DDX1: Белоградовский_с_о_ | DDY1: с_Белоградовка | DDZ1: Докучаевский_с_о_ | DEA1: с_Есиль | DEB1: Москворецкий_с_о_ | DEC1: Акжанский_с_о_ | DED1: Куртайский_с_о_ | DEE1: Хмельницкий_с_о_ | DEF1: Целинный_с_о_ | DEG1: Уалихановский_район | DEH1: Кишкенекольский_с_о_ | DEI1: Актуесайский_с_о_ | DEJ1: с_Мортык | DEK1: Кайратский_с_о_ | DEL1: Тельжанский_с_о_ | DEM1: Район_им_Габита_Мусрепова | DEN1: Новоишимский_с_о_ | DEO1: с_Новоишимское | DEP1: с_Жанасу | DEQ1: Дружбинский_с_о_ | DER1: Кокалажарский_с_о_ | DES1: Кырымбетский_с_о_ | DET1: с_Сокологоровка | DEU1: Нежинский_с_о_ | DEV1: с_Буденное | DEW1: Рузаевский_с_о_ | DEX1: Салкынкольский_с_о_ | DEY1: Тахтабродский_с_о_ | DEZ1: с_Тахтаброд | DFA1: Червонный_с_о_ | DFB1: Чистопольский_с_о_ | DFC1: с_Гаршино | DFD1: Шоптыкольский_с_о_ | DFE1: Шукыркольский_с_о_ | DFF1: Туркестанская_область | DFG1: Туркестан_Г_А_ | DFH1: Арысь_Г_А_ | DFI1: с_о_Байыркумский | DFJ1: Дармениский_с_о_ | DFK1: с_о_Жидели | DFL1: Монтайтасский_с_о_ | DFM1: с_о_Кожатогай | DFN1: Кентау_Г_А_ | DFO1: с_а_Ачисай | DFP1: с_а_Баялдыр | DFQ1: с_а_Кантаги | DFR1: Карнакский_с_о_ | DFS1: район_Байдибека | DFT1: Шаянский_с_о_ | DFU1: Агыбетский_с_о_ | DFV1: с_Казата | DFW1: с_Танатар | DFX1: с_Жогаргы_Боралдай | DFY1: с_Жыланды | DFZ1: с_О_Тайманова | DGA1: с_Талап | DGB1: с_Туйетас | DGC1: Борлысайский_с_о_ | DGD1: Бугунский_с_о_ | DGE1: с_Шалдар | DGF1: с_Екпинди | DGG1: с_Жиенкум | DGH1: с_Саркырама | DGI1: с_Жузимдик | DGJ1: с_Таскудык | DGK1: с_Шыбыт | DGL1: с__Ынтымак | DGM1: с_Кенестобе | DGN1: с_Бестогай | DGO1: Жетисайский_район | DGP1: с_о_Жолдасбая_Ералиева | DGQ1: с_Дихан | DGR1: с_Жетикубыр | DGS1: с_Арай | DGT1: с_Сейфуллина | DGU1: Асыкатинская_п_а_ | DGV1: с_о_Шаблана_Дильдабекова | DGW1: с_Зердели | DGX1: с_Жанадала | DGY1: с_Алпамыс | DGZ1: с_Куришти | DHA1: Жанааульский_с_о_ | DHB1: Жылысуский_с_о_ | DHC1: Атамекенский_с_о_ | DHD1: с_Жемисти | DHE1: с_Когалы | DHF1: с_Прали | DHG1: Каракайский_с_о_ | DHH1: с_Коскудык | DHI1: с_Кызылкум | DHJ1: с_Карасакал | DHK1: с_Туркебай | DHL1: с_Молшылык | DHM1: с_Алтынкөл | DHN1: Макталинский_с_о_ | DHO1: с_Шолпанкудук | DHP1: с_Оркенды | DHQ1: с_о__Казыбек_би | DHR1: Келесский_район | DHS1: с_Жанадауир | DHT1: с_Ескикорган | DHU1: с_Каратобе | DHV1: с_Лесбек_батыр | DHW1: с_Муратбаево | DHX1: Бозайский_с_о_ | DHY1: Бирлесуский_с_о_ | DHZ1: Биртилекский_с_о_ | DIA1: с_Аккурган | DIB1: с_Көлтоған | DIC1: с_Жолбасшы | DID1: с_Шукырсай | DIE1: Жузумдикский_с_о_ | DIF1: с__Бесауыл | DIG1: с_Кошкарата | DIH1: с_Макташы | DII1: Алпамыс_батыра_с_о_ | DIJ1: Ошактинский_с_о_ | DIK1: с_Коныртобе | DIL1: с_Санырау | DIM1: Ушкынский_с_о_ | DIN1: Казыгуртский_район | DIO1: Казыгуртский_с_о_ | DIP1: с_Казыгурт | DIQ1: Алтынтобинский_с_о_ | DIR1: с_Каржан | DIS1: Жанабазарский_с_о_ | DIT1: с_Женис | DIU1: с_Ушбастау | DIV1: Жигергенский_с_о_ | DIW1: с_Айнатас | DIX1: с_Тесиктобе | DIY1: с_о__Сабыра_Рахимова | DIZ1: с_Кокибел | DJA1: с_Кызылата | DJB1: Карабауский_с_о_ | DJC1: с_Сынтас | DJD1: с_Ушбулак | DJE1: Кызылкиянский_с_о_ | DJF1: с_Тугыртас | DJG1: с_Кызылкия | DJH1: с_о_Каракозы_Абдалиева | DJI1: с_Рабат | DJJ1: с_Атбулак | DJK1: с_Кызылдала | DJL1: Турбатский_с_о_ | DJM1: с_Турбат | DJN1: с_Кызылдихан | DJO1: Шанакский_с_о_ | DJP1: с_о_Сарапхана | DJQ1: с_Бакабулак | DJR1: с_Жинишке | DJS1: с_Майлыошак | DJT1: Шарбулакский_с_о_ | DJU1: с_Шарбулак | DJV1: Мактааральский_район | DJW1: Мырзакентская_п_а_ | DJX1: Ильичевская_п_а_ | DJY1: Иржарский_с_о_ | DJZ1: с_о__Жолдабая_Нурлыбаева | DKA1: с__Ынталы | DKB1: Мактааральский_с_о_ | DKC1: с_Акалтын | DKD1: с_Елконыс | DKE1: с_Шаттык | DKF1: с_Тулпар | DKG1: с_40_лет_Казахской_ССР | DKH1: с_Кокарал | DKI1: с_о__Аязхана_Калыбекова | DKJ1: с_Абат | DKK1: Ордабасынский_район | DKL1: Кажымуканский_с_о_ | DKM1: Бадамский_с_о_ | DKN1: Буржарский_с_о_ | DKO1: Женисский_с_о_ | DKP1: Караспанский_с_о_ | DKQ1: с_Тореарык | DKR1: с_Батыр_ата | DKS1: с_о_Торткуль | DKT1: с_Аксары | DKU1: с_о_Шубарсу | DKV1: Отрарский_район | DKW1: Шаульдерский_с_о_ | DKX1: с_о_Актобе | DKY1: Балтакольский_с_о_ | DKZ1: с_Балтаколь | DLA1: с_о_Каргалы | DLB1: Коксарайский_с_о_ | DLC1: с_Коксарай | DLD1: Караконырский_с_о_ | DLE1: Когамский_с_о_ | DLF1: Маякумский_с_о_ | DLG1: Отрарский_с_о_ | DLH1: Талаптинский_с_о_ | DLI1: Тимурский_с_о_ | DLJ1: Шиликский_с_о_ | DLK1: Сайрамский_район | DLL1: Аксукентский_с_о_ | DLM1: Арысский_с_о_ | DLN1: Жибекжолинский_с_о_ | DLO1: с_Таскешу | DLP1: с_Асиларык | DLQ1: с_Сарыарык | DLR1: с_Курлык | DLS1: Карамуртский_с_о_ | DLT1: Кутарысский_с_о_ | DLU1: Колкентский_с_о_ | DLV1: с_Колкент | DLW1: с_Аксуабат | DLX1: с_Молыбая_Оразалиева | DLY1: Манкентский_с_о_ | DLZ1: Сарыагашский_район | DMA1: Алимтауский_с_о_ | DMB1: Дарбазинский_с_о_ | DMC1: Дербисекский_с_о_ | DMD1: Жартытобинский_с_о_ | DME1: Жемистинский_с_о_ | DMF1: с__Зортобе | DMG1: Жылгинский_с_о_ | DMH1: Куркелесский_с_о_ | DMI1: с_Бескудук | DMJ1: с_Жанаарык | DMK1: с__Енкес | DML1: с_Култума | DMM1: с__Нурлыжол | DMN1: с__Куркелес | DMO1: Кабланбекский_с_о_ | DMP1: Тегисшильский_с_о_ | DMQ1: район_Сауран | DMR1: с_о_Шорнак | DMS1: с_Чернак | DMT1: с__Космезгил | DMU1: с__Аша | DMV1: с_о_Бабайкорган | DMW1: с_Ескі_Сауран | DMX1: с_о_Ески_Икан | DMY1: с_о_Жана_Икан | DMZ1: с_Ибата | DNA1: с_о_Жуйнек | DNB1: Иассы_с_о_ | DNC1: с_Шойтобе | DND1: с_о_Карашык | DNE1: с_Кумтиым | DNF1: с_о_Майдантал | DNG1: с_о_Орангай | DNH1: с_Орангай | DNI1: с_о_Ушкайык | DNJ1: с_Жалантос | DNK1: с_Султанбека_Кожанова | DNL1: с_Теке | DNM1: с_о_Шага | DNN1: с_30_лет_Казахстана | DNO1: Сузакский_район | DNP1: Шолаккорганский_с_о_ | DNQ1: Карагурский_с_о_ | DNR1: Кумкентский_с_о_ | DNS1: Кыземшекский_с_о_ | DNT1: Сузакский_с_о_ | DNU1: Сызганский_с_о_ | DNV1: с_о_Таукент | DNW1: Шуский_с_о_ | DNX1: Толебийский_район | DNY1: с_Корган | DNZ1: с_о_Биринши_Мамыр | DOA1: Зертасский_с_о_ | DOB1: Жогаргы_Аксусский_с_о_ | DOC1: Кемекалганский_с_о_ | DOD1: Коксаекский_с_о_ | DOE1: Киелитасский_с_о_ | DOF1: Каскасуйский_с_о_ | DOG1: Тюлькубасский_район | DOH1: Майлыкентский_с_о_ | DOI1: Акбийкский_с_о_ | DOJ1: Балыктинский_с_о_ | DOK1: Жабаглинский_с_о_ | DOL1: Жаскешуский_с_о_ | DOM1: с_Жаскешу | DON1: с_Рыскул | DOO1: с_Пистели | DOP1: Кельтемашатский_с_о_ | DOQ1: Кемербастауский_с_о_ | DOR1: Машатский_с_о_ | DOS1: Рыскуловский_с_о_ | DOT1: Састобенский_с_о_ | DOU1: Тастумсыкский_с_о_ | DOV1: Тюлькубасский_с_о_ | DOW1: п_Тюлькубас | DOX1: Чакпакский_с_о_ | DOY1: Шардаринский_район | DOZ1: Акшенгельдинский_с_о_ | DPA1: Жаушикумский_с_о_ | DPB1: с_Калгансыр | DPC1: с_Коксу | DPD1: Коссейитский_с_о_ | DPE1: с_о_Суткентский | DPF1: Узынатинский_с_о_ | DPG1: с_Узыната | DPH1: с_о_Алатау_батыра | DPI1: с_Целинное | DPJ1: с_Казахстан | DPK1: с_о_Кауысбека_Турысбекова | DPL1: область_Ұлытау | DPM1: Жезказган_Г_А_ | DPN1: Кенгирский_с_о_ | DPO1: с_Кенгирское | DPP1: с_Корганбай | DPQ1: ст_Теректы | DPR1: ст_Туйемойнак | DPS1: Сарыкенгирский_с_о_ | DPT1: с_Малшыбай | DPU1: Каражал_Г_А_ | DPV1: Жайремская_п_а_ | DPW1: Сатпаев_Г_А_ | DPX1: Жезказганская_п_а_ | DPY1: Жанааркинский_район | DPZ1: п_а_Жаңаарқа | DQA1: с_Айшырак | DQB1: с_Атасу | DQC1: ст_Мынадыр | DQD1: с_о_им_Мукажана_Жумажанова | DQE1: с_им_Мукажана_Жумажанова | DQF1: с_Актайлак | DQG1: Байдалы_бийский_с_о_ | DQH1: Ералиевский_с_о_ | DQI1: с_Ералиево | DQJ1: с_Акбастау | DQK1: с_Кезен | DQL1: Кызылжарская_п_а_ | DQM1: с_Инталы | DQN1: с_Интымак | DQO1: Тогускенский_с_о_ | DQP1: с_Тогускен | DQQ1: с_о_Орынбай | DQR1: с_Орынбай | DQS1: Улытауский_район | DQT1: Улытауский_с_о | DQU1: с_Улытау | DQV1: с_Бетбулак | DQW1: Борсенгирский_с_о_ | DQX1: с_Борсенгир | DQY1: Егиндинский_с_о_ | DQZ1: с_Егинди | DRA1: Жангильдинский_с_о_ | DRB1: с_Байконур | DRC1: Жездинская_п_а_ | DRD1: с_Сарлык | DRE1: с_Боздак | DRF1: Карсакпайская_п_а_ | DRG1: п_Карсакпай | DRH1: Коргасынский_с_о_ | DRI1: с_Коргасын | DRJ1: с_Унгирли | DRK1: с_Кулжанбай | DRL1: с_Наролген | DRM1: с_о_им_Мукана_Иманжанова | DRN1: с_Айыртау | DRO1: Мыйбулакский_с_о_ | DRP1: с_Мыйбулак | DRQ1: с_Аккенсе | DRR1: Каракенгирский_с_о_ | DRS1: с_Бозтумсык | DRT1: Сарысуский_с_о_ | DRU1: с_Тюемойнак | DRV1: Терсакканский_с_о_ | DRW1: Восточно_Казахстанская_область | DRX1: Усть_Каменогорск_Г_А_ | DRY1: Риддер_Г_А_ | DRZ1: Лениногорский_лесхоз | DSA1: с_Верхняя_Хариузовка | DSB1: с_Поперечное | DSC1: с_Ливино | DSD1: Глубоковский_район | DSE1: Глубоковский_с_о_ | DSF1: Алтайский_с_о_ | DSG1: Белоусовский_с_о_ | DSH1: Верхнеберезовский_с_о_ | DSI1: Берёзовский_с_о_ | DSJ1: с_Прапорщиково | DSK1: Кожоховский_с_о_ | DSL1: с_Кожохово | DSM1: с_Предгорное | DSN1: Быструшинский_с_о_ | DSO1: с_Быструха | DSP1: Малоубинский_с_о_ | DSQ1: с_Малоубинка | DSR1: Опытнопольский_с_о_ | DSS1: с_Опытное_поле | DST1: Секисовский_с_о_ | DSU1: с_Секисовка | DSV1: Ушановский_с_о_ | DSW1: Тарханский_с_о_ | DSX1: с_Тарханка | DSY1: Черемшанский_с_о_ | DSZ1: с_Черемшанка | DTA1: Зайсанский_район | DTB1: Зайсанская_г_а_ | DTC1: Биржанский_с_о_ | DTD1: с_Биржан | DTE1: с_Акарал | DTF1: с_Жинишкесу | DTG1: с_Кабыргатал | DTH1: с_Коскора | DTI1: с_Улкен_Каратал | DTJ1: Кенсайский_с_о_ | DTK1: с_Кенсай | DTL1: с_Жарсу | DTM1: с_Сарыжыра | DTN1: с_Дауал | DTO1: с_Мукашы | DTP1: с_Сатбай | DTQ1: Сарытерек_с_о_ | DTR1: с_Аккойын | DTS1: с_Когедай | DTT1: Айнабулакский_с_о | DTU1: с_Шыршытсу | DTV1: Даировский_с_о | DTW1: с_Дайыр | DTX1: с_Кокжыра | DTY1: Шиликтинский_с_о_ | DTZ1: с_Жалшы | DUA1: с_Какенталды | DUB1: с_Тасбастау | DUC1: район_Алтай | DUD1: г_а_Алтай | DUE1: Ново_Бухтарминский_с_о_ | DUF1: с_Новая_Бухтарма | DUG1: Зубовский_с_о_ | DUH1: Малеевский_с_о_ | DUI1: с_Малеевск | DUJ1: с_Путинцево | DUK1: с_Сажаевка | DUL1: Парыгинский_с_о_ | DUM1: с_Парыгино | DUN1: с_Баяновск | DUO1: с_о_Полянское | DUP1: с_Феклистовка | DUQ1: Соловьевский_с_о_ | DUR1: с_Ленинск | DUS1: Средигорненский_с_о_ | DUT1: Тургусунский_с_о_ | DUU1: с_Тургусун | DUV1: с_Восточное | DUW1: Курчумский_район | DUX1: Курчумский_с_о_ | DUY1: с_Курчум | DUZ1: с_Топтерек | DVA1: с_Бурабай | DVB1: с_Теректыбулак | DVC1: Маркакольский_с_о_ | DVD1: с_Маркаколь | DVE1: с_Акжайлау | DVF1: с_Булгартабыты | DVG1: с_Карашилик | DVH1: Балыкшинский_с_о_ | DVI1: с_Аманат | DVJ1: с_Жолнускау | DVK1: Тоскаинский_с_о_ | DVL1: с_Тоскаин | DVM1: с_Урунхайка | DVN1: с_Шаганатты | DVO1: Бурановский_с_о_ | DVP1: с_Буран | DVQ1: с_Жиделы | DVR1: с_Игилик | DVS1: с_Кунгей_Бокенбай | DVT1: с_Терскей_Бокенбай | DVU1: Калгутинский_с_о_ | DVV1: с_Акчий | DVW1: с_Куйган | DVX1: Маралдинский_с_о_ | DVY1: с_Курчумкистауы | DVZ1: Сарыоленский_с_о_ | DWA1: с_Сарыолен | DWB1: с_Барак_батыра | DWC1: Калжырский_с_о_ | DWD1: с_Калжыр | DWE1: с_Правый_Усть_Кальжыр | DWF1: Катон_Карагайский_район | DWG1: Улкен_Нарынский_с_о_ | DWH1: с_Берель | DWI1: Катон_Карагайский_с_о_ | DWJ1: Коробихинский_с_о_ | DWK1: с_Коробиха | DWL1: Белкарагайский_с_о_ | DWM1: Алтынбельский_с_о_ | DWN1: Новополяковский_с_о_ | DWO1: Новохайрузовский_с_о_ | DWP1: Урыльский_с_о_ | DWQ1: Солдатовский_с_о_ | DWR1: Солоновский_с_о_ | DWS1: район_Самар | DWT1: с_о_Аккала | DWU1: Бастаушинский_с_о_ | DWV1: Кулынжонский_с_о_ | DWW1: Мариногорский_с_о_ | DWX1: Миролюбовский_с_о_ | DWY1: Палатцынский_с_о_ | DWZ1: Тарбагатайский_район | DXA1: с_Жанатилеу | DXB1: с_Сагындык | DXC1: Жанааулский_с_о_ | DXD1: с_Жанаауыл | DXE1: с_Ахметбулак | DXF1: Жетыаральский_с_о_ | DXG1: с_Асусай | DXH1: с_Жангызтал | DXI1: с_Тауке | DXJ1: с_Шорга | DXK1: с_Отеген | DXL1: с_Шолакорда | DXM1: Маныракский_с_о_ | DXN1: с_Манырак | DXO1: с_Даулетбай | DXP1: с_Жалгызтобе | DXQ1: Тугыльский_с_о_ | DXR1: с_Тугыл | DXS1: с_Байтогас | DXT1: Уланский_район | DXU1: с_о_Касыма_Кайсенова | DXV1: Аблакетский_с_о_ | DXW1: с_Сагыр | DXX1: с_Бестерек | DXY1: с_Мамай_батыра | DXZ1: Азовский_с_о_ | DYA1: с_Ново_Азовое | DYB1: Алмасайский_с_о_ | DYC1: с_Алмасай | DYD1: Асубулакский_с_о_ | DYE1: с_Белогорское | DYF1: Багратионовский_с_о_ | DYG1: с_Уланское | DYH1: с_Бурсак | DYI1: с_Жанузак | DYJ1: Айыртауский_с_о_ | DYK1: Бозанбайский_с_о_ | DYL1: с_Бозанбай | DYM1: Огневский_с_о_ | DYN1: Усть_Каменогорский_с_о_ | DYO1: Саратовский_с_о_ | DYP1: с_Гагарино | DYQ1: Таргынский_с_о_ | DYR1: Толеген_Тохтаровский_с_о_ | DYS1: с_Украинка | DYT1: Шемонаихинский_район | DYU1: Шемонаихинская_г_а_ | DYV1: Вавилонский_с_о_ | DYW1: Волчанский_с_о_ | DYX1: Выдрихинский_с_о_ | DYY1: Верх_Убинский_с_о_ | DYZ1: с_Верх_Уба | DZA1: Зевакинский_с_о_ | DZB1: Каменевский_с_о_ | DZC1: с_Рассыпное | DZD1: с_Рулиха | DZE1: Разинский_с_о_ | DZF1: с_Красная_Шемонаиха | DZG1: с_Ново_Ильинка | DZH1: Усть_Таловский_с_о_ | DZI1: г_Астана | DZJ1: г_Алматы | DZK1: г_Шымкент
A2: Акмолинская область | B2: Абайский район | C2: Абралинский с.о. | D2: с.Абралы | E2: с.Айбас | F2: с.Айнабулак | G2: Киров завод | H2: с.Акбулак | I2: крес.пос.Майтерек | J2: с.Бетбулак | K2: с.Майтубек | L2: с.Достык | M2: Отд. 1 | N2: рзд.226 км | O2: рзд.16 | P2: с.Жалпак | Q2: с.Букенчи | R2: с.Ушаша | S2: крес.пос.Алтай | T2: с.Жазык | U2: с.Красная Юрта | V2: с.Актас | W2: с.Актас | X2: с.Баженово | Y2: с.Киякты | Z2: с.Кайнар | AA2: с.Карабулак | AB2: с.Караколь | AC2: Каштакское лесхоз | AD2: зимовка Борлыбулак | AE2: с.Типкаши | AF2: с.Приречное | AG2: рзд.1 | AH2: с.Жура | AI2: с.Культобе | AJ2: п.Чаган | AK2: п.Шульбинск | AL2: г.Курчатов | AM2: Абайская г.а. | AN2: с.Карааул | AO2: с.Кенгирбай би | AP2: с.Жидебай | AQ2: с.Архат | AR2: с.Каскабулак | AS2: с.Журекадыр | AT2: с.Жанаарна | AU2: с.Медеу | AV2: с.Кокбай | AW2: с.Баянкар | AX2: с.Токтамыс | AY2: с.Сарыжал | AZ2: Аксуатский с.о. | BA2: с.Аксуат | BB2: уч.Бекен | BC2: с.Аккала | BD2: Лагерь | BE2: с.Байбалта | BF2: Куйгенкора | BG2: с.Базарга | BH2: с.Алмас | BI2: с.Азимхан | BJ2: с.Адилхан | BK2: ЛСП | BL2: с.Алгабас | BM2: с.Актогай | BN2: с.Каргыба | BO2: с. Абылхаир | BP2: Жакты | BQ2: Жамануй | BR2: Огород | BS2: с.Егиндибулак | BT2: с.Байгали | BU2: с.Агымбай | BV2: с.Акколь | BW2: с.Айнабастау | BX2: с.Ескикокемер | BY2: с.Жартас | BZ2: с.Берген Исаханова | CA2: с.Акжайык | CB2: с.Манак | CC2: зимовка Айыртас | CD2: с.Кокдомбак | CE2: с.50 жылдык | CF2: с.Акоба | CG2: Доненбекбаз | CH2: с.Жантикей | CI2: с.Актобе | CJ2: с.Ортакараоба | CK2: Айгызский с.о. | CL2: г.Аягоз | CM2: с.Айгыз | CN2: Центрбаза | CO2: с.Балду | CP2: с.Актогай | CQ2: с.Акклет | CR2: с.Абутолла | CS2: с.Актай | CT2: с.Агали | CU2: с.Акшаули | CV2: с.Акши | CW2: ферма Карашокы | CX2: с.Сарысу | CY2: с.Байкошкар | CZ2: с.Айбол | DA2: с.Баршатас | DB2: рзд.69 км | DC2: с.Акшагат | DD2: с.Емелтау | DE2: с.Аксуат | DF2: зимовка Аблан | DG2: с.Красная Поляна | DH2: с.Копа | DI2: зимовка Боктыкарын | DJ2: с.Косагаш | DK2: Кормоцех | DL2: с.Мадениет | DM2: с.Арай | DN2: рзд.18 км | DO2: с.Барак | DP2: с.Корык | DQ2: 1 ферма | DR2: с.Акбулак | DS2: Дом чабана | DT2: зимовка Бишай | DU2: 3 гурт | DV2: с.Акбастау | DW2: с.Жаманак | DX2: с.Жана Жанбай | DY2: Бетонбаз | DZ2: с.Оркен | EA2: с.Степное 2 | EB2: с.Биесимас | EC2: с.Бельтума | ED2: с.Актас | EE2: с.Батпак | EF2: Депо | EG2: с.Сарыозек | EH2: с.Копа | EI2: с.Ажирык | EJ2: с.Акшокы | EK2: с.Абдан | EL2: зимовка Сарыжайлау | EM2: с.Абдразак 2 | EN2: Точка | EO2: Баскольский с.о. | EP2: с.Бескарагай | EQ2: с.Басколь | ER2: с.Базарколь | ES2: Бегенский лесхоз | ET2: Жив.т.Босшилик | EU2: с.Белокаменка | EV2: с.Аккульск | EW2: Лагерь Лесная Поляна | EX2: с.Бодене | EY2: Восточный лесхоз | EZ2: Дом лесника | FA2: Жив.точка Новая база | FB2: с.Канонерка | FC2: с.Карабаш | FD2: с.Бозтал | FE2: Кордон Рамадан | FF2: с.Карабас | FG2: Семеновский лесхоз | FH2: с.Жетижар | FI2: с.Байбура | FJ2: с.Куланшы | FK2: с.Костычевка | FL2: Морозовский лесхоз | FM2: с.Полянка | FN2: Андреевский с.о. | FO2: с.Барышовка | FP2: с.Андреевка | FQ2: с.Петроградское | FR2: рзд.41 | FS2: с.Бек-Карьер | FT2: с.Умурзак | FU2: с.Коростели | FV2: с.Тарск | FW2: с.Дмитриевка | FX2: с.Жезкент | FY2: с.Боровлянка | FZ2: с.Байтанат | GA2: с.Перевальное | GB2: с.Девятка | GC2: с.Жарбұлақ | GD2: с.Мурзово | GE2: с.Алексеевка | GF2: Подхоз Березовка | GG2: с.Аксу | GH2: с.Ақши | GI2: с.Потапенково | GJ2: с.Ключики | GK2: с.Андроновка | GL2: с.Изатулла | GM2: с.Воскресеновка | GN2: с.Мещанка | GO2: с.Камышенка | GP2: с.Жақсылық | GQ2: с.Кайракты | GR2: с.Троицкое | GS2: с.Копа | GT2: с.Актобе | GU2: с.Богомолово | GV2: Акжальский с.о. | GW2: г.Шар | GX2: рзд.6 | GY2: с.Караш | GZ2: с.Батыр Капай | HA2: Бригада 1 Табор | HB2: с.Боршабулак | HC2: с.Акжал | HD2: с.Бельдеу | HE2: с.Боке | HF2: с.Ауэзов | HG2: с.8 Марта | HH2: с.Карашокы | HI2: уч.Айнабулак | HJ2: с.Каражал | HK2: с.Алгабас | HL2: уч.Токабай | HM2: с.Сулусары | HN2: с.Енбекту | HO2: с.Акбиик | HP2: рзд.10 км | HQ2: рзд.9 км | HR2: с.Жарма | HS2: Абукора | HT2: с.Жаманколь | HU2: с.Кызылкайын | HV2: точка Бесбаз | HW2: с.Аршалы | HX2: с.Алаколь | HY2: с.Акай | HZ2: с.Балыктыколь | IA2: рзд.12 км | IB2: с.Каргалы | IC2: с.Берден | ID2: с.Акмектеп | IE2: уч.Акмолда | IF2: уч.Баймырза | IG2: с.Майса | IH2: с.Балдыберек | II2: с.Есерке | IJ2: с.Даубай | IK2: с.Бескарагай | IL2: с.Коржыной | IM2: Маш.двор | IN2: с.Ушбиик | IO2: с.Енрекей | IP2: с.Дельбегетей | IQ2: рзд.3 | IR2: Живконтора | IS2: уч.Раис | IT2: с.Шалабай | IU2: с.Алексеевка | IV2: Бигашский с.о. | IW2: с.Байкадам | IX2: с.Актас | IY2: с.Тентек | IZ2: с.Акой | JA2: с.Жумыскер | JB2: с.Преображенка | JC2: с.Малая Буконь | JD2: с.Бигаш | JE2: с.Кокпекти | JF2: с.Самык | JG2: с.Талдыбулак | JH2: с.Куленсай | JI2: с.Мамай | JJ2: с.Даулетбай | JK2: с.Мелитополь | JL2: Акжарский с.о. | JM2: с.Бургон | JN2: с.Акжар | JO2: с.Колденен | JP2: с.Акбауыр | JQ2: с.Алтыншокы | JR2: с.Бахты | JS2: с.Бестерек | JT2: с.Келдимурат | JU2: с.Жана тилек | JV2: с.Бурсак | JW2: с.Алатау | JX2: с.Кабанбай | JY2: с.Алыбай | JZ2: с.Кокозек | KA2: с.Каратума | KB2: с.Акжазык | KC2: с.Коктерек | KD2: с.Карабута | KE2: с.Дауал | KF2: с.Караколь | KG2: с.Сарытерек | KH2: с.Жинишкесу | KI2: с.Таскескен | KJ2: с.Маканчи | KK2: с.Малак | KL2: с.Жогаргы Егинсу | KM2: с.Баркытбел | KN2: с.Карабуйрат | KO2: с.Шолпан | KP2: Аккольский район | KQ2: Красноярский с.о. | KR2: п.Станционный | KS2: г.Косшы | KT2: Аксуская п.а. | KU2: п.Аксу | KV2: п.Бестобе | KW2: п.Заводской | KX2: с.Карабулак | KY2: с.Таскора | KZ2: п.Шантобе | LA2: с.Байконыс | LB2: с.Изобильное | LC2: с.Кырыккудык | LD2: Аккольская г.а. | LE2: Аккол орманшар | LF2: с.Азат | LG2: с.Енбек | LH2: с.Селета | LI2: с.Айтім ауылы | LJ2: с.Кемеркол | LK2: с.Филипповка | LL2: с.Кара-Озек | LM2: с.Жалгызкарагай | LN2: с.Енбек | LO2: с.Амангельды | LP2: Акбулакский с.о. | LQ2: п.Аршалы | LR2: рзд.102 | LS2: с.Донецкое | LT2: с.Байдала | LU2: с. Шалгай | LV2: рзд.42 | LW2: с.Береке | LX2: с.Арнасай | LY2: с.Ижевское | LZ2: с.Аканбурлык | MA2: с.Красное Озеро | MB2: с.Красновка | MC2: с.Акжар | MD2: с.Сарыоба | ME2: Астраханский с.о. | MF2: с.Астраханка | MG2: с.Есиль | MH2: с.Тобелес | MI2: с.Акбеит | MJ2: ст.Астраханка | MK2: с.Каменка | ML2: с.Жаскешу | MM2: с.Каратал | MN2: с.Новочеркасское | MO2: с.Караколь | MP2: с.Барашки | MQ2: с.Енбек | MR2: с.Бирлик | MS2: с.Есмырза | MT2: с.Кайнарское | MU2: Макеевский с.о. | MV2: с.Новомариновка | MW2: с.Шункырколь | MX2: с.Борисовка | MY2: с.Макеевка | MZ2: с.Третьяковка | NA2: с.Бейса хазирета | NB2: с.Бастау | NC2: с.Новосельское | ND2: с.Пролетарка | NE2: с.Акана Курманова | NF2: с.Енбек | NG2: с.Пригородное | NH2: с.Борки | NI2: КФК Сыздыкова | NJ2: с.Есенгельды | NK2: с.Ащиколь | NL2: с.Алчановка | NM2: рзд.87 | NN2: с.Каражар | NO2: с.Калиновка | NP2: с.Ждановка | NQ2: Айнакольский с.о. | NR2: с.Аккайын | NS2: с. Алаколь | NT2: с.Гордеевка | NU2: с.Воробьевка | NV2: с.Капитоновка | NW2: с.Мат | NX2: с.Шанырак | NY2: с.Алтайка | NZ2: с.Буденновка | OA2: с.Айнаколь | OB2: с.Боздак | OC2: с.Байсуат | OD2: Абайский с.о. | OE2: с.Егендыколь | OF2: с.Бурабай | OG2: с.Алакол | OH2: с.Спиридоновка | OI2: с.Бауманское | OJ2: с.Буревестник | OK2: с.Жалманкулак | OL2: с.Ынтымак | OM2: с.Березовка | ON2: Аксуская с.а. | OO2: г.Степняк | OP2: с.Аксу | OQ2: с.Талды | OR2: с.Ангал батыра | OS2: с.Бирсуат | OT2: МТС | OU2: с.Баймырза | OV2: с.Андыкожа батыра | OW2: с.Акбулак | OX2: с.Атансор | OY2: с.Заозерное | OZ2: с.Заураловка | PA2: с.Кенащи | PB2: с.Карасор | PC2: с.Краснофлотское | PD2: с.Арай | PE2: с.Буланды | PF2: с.Дачи | PG2: с.Мамай | PH2: с.Валиханово | PI2: с.Азнабай | PJ2: с.Жукей | PK2: Акмырзинский с.о. | PL2: с.Акмырза | PM2: с.Байсары | PN2: с.Чилинка | PO2: с.Алгабас | PP2: отг.Новображенка | PQ2: с.Баймен | PR2: с.Бозтал | PS2: отг.Айгыжар | PT2: с.Ельтай | PU2: с.Каратал | PV2: отг.Кордон | PW2: отг.Бригады 4 | PX2: с.Ажы | PY2: с. Аксуат | PZ2: с.Орнек | QA2: с.Новомарковка | QB2: с.Уленты | QC2: Насосная станция | QD2: с.Енбек | QE2: с.Веренка | QF2: рзд.27 | QG2: с.Селетинское | QH2: с. Балыкты | QI2: Тургайский ХПП | QJ2: уч.Караогиз | QK2: уч.Байгуты | QL2: уч.Искаккора | QM2: Алматинский с.о. | QN2: с.Аксай | QO2: Отдельно стоящие дома | QP2: с.Бузулук | QQ2: с.Двуречное | QR2: Насосная станция | QS2: с.Жаныспай | QT2: с.Дальное | QU2: с.Знаменка | QV2: с.Ельтай | QW2: с.Красивое | QX2: с.Тасоба | QY2: п.Красногорский | QZ2: с.Московское | RA2: с.Орловка | RB2: с.Раздольное | RC2: с. Узынжар | RD2: Подстанция | RE2: с.Дружба | RF2: Маш.двор | RG2: Белагашский с.о. | RH2: с.Жаксы | RI2: с.Аюлы | RJ2: с.Беловодское | RK2: с.Старое Перекатное | RL2: с.Алгабас | RM2: с.Тайпак | RN2: с.Жирен | RO2: с.Запорожье | RP2: с.Екатеринославка | RQ2: с.Ишимское | RR2: с.им.Баубека батыра | RS2: с.Береговое | RT2: с.Глебовка | RU2: с.Киевское | RV2: с.Кызылсай | RW2: с.Кызылсай | RX2: с.Новокиенка | RY2: с.Парчевка | RZ2: с.Подгорное | SA2: с.Казахское | SB2: с.Терсакан | SC2: с.Коксай | SD2: с.Восточное | SE2: Валихановский с.о. | SF2: с.Кенское | SG2: с.Бирсуат | SH2: с.Балуанколь | SI2: с.Гастелло | SJ2: с.Дауылбай | SK2: с.Далабай | SL2: с.Актобе | SM2: с.Жанадала | SN2: с.Донское | SO2: с.Маяк | SP2: с.Кумсуат | SQ2: Пионерлагерь | SR2: с.Львовское | SS2: с.Баранкуль | ST2: Дом Жаркаинского узла связи | SU2: с.Пригородное | SV2: с.Басколь | SW2: с.Пятигорское | SX2: с.Тасоткель | SY2: с.Савиновка | SZ2: с.Тассуат | TA2: с.Ушкарасу | TB2: с.Шойындыколь | TC2: с.Гагаринское | TD2: Аккольский с.о. | TE2: с.Айдарлы | TF2: База отдыха КГТПИ | TG2: с.Акколь | TH2: Самарбайский лесхоз | TI2: п.Алексеевка | TJ2: с.Актас | TK2: Подстанция | TL2: Бесаул | TM2: с.Айдабол | TN2: с.Богенбай би | TO2: Подстанция | TP2: с.Азат | TQ2: с.Айтак | TR2: с.Васильковка | TS2: с.Биктесин | TT2: с.Кайынды | TU2: с.Окраинка | TV2: с.Дороговка | TW2: Дом лесника | TX2: с.Булак | TY2: с.Орталык | TZ2: Кордон-мостовой | UA2: с. Акадыр | UB2: с.Исаковка | UC2: с.Жамантуз | UD2: с.Карашилик | UE2: Подстанция | UF2: с.Алга | UG2: с.Садовое | UH2: с.Бирлестик | UI2: с.Сарыозек | UJ2: Амангельдинский с.о. | UK2: с.Абай | UL2: с.Бирлик | UM2: с.Арыкты | UN2: с.Коркылдак | UO2: с.Екпинди | UP2: с.Кумколь | UQ2: с.Жантеке | UR2: с.Алмас | US2: с.Алгабас | UT2: Балкашинский с.о. | UU2: Лесхоз | UV2: с.Баракпай | UW2: с.Ащилы | UX2: с.Белгородское | UY2: с.Новодобринка | UZ2: с.Профинтерн | VA2: с.Арбузинка | VB2: с.Васильевка | VC2: с.Веселовка | VD2: с.Берель | VE2: с.Березовка | VF2: с.Каменка | VG2: с.Ключевка | VH2: с.Дайындык | VI2: с.Владимировка | VJ2: с.Новоалександровка | VK2: с.Новоромановка | VL2: с.Богородка | VM2: Арайлынский с.о. | VN2: с.Акмол | VO2: с.Жана Жайнак | VP2: с.Коянды | VQ2: с.Жангызкудук | VR2: с.Жанажол | VS2: с.Бирлик | VT2: с.Аккайын | VU2: с.Акмечеть | VV2: рзд.93 | VW2: с.Арайлы | VX2: с.Жайнак | VY2: с.Маншук | VZ2: с.Жанаесиль | WA2: с.Зеленый Гай | WB2: с.Кабанбай батыра | WC2: с. Рахымжана Кошкарбаева | WD2: с.Аганас | WE2: с.Жабай | WF2: с.Апполоновка | WG2: с.Кажымукан | WH2: с.Дуана | WI2: Андреевский с.о. | WJ2: п.Шортанды | WK2: п.Научный | WL2: с. Бозайгыр | WM2: п.Жолымбет | WN2: с. Мыктыколь | WO2: с.Алтайское | WP2: с.Аккудук | WQ2: с.Первомайское | WR2: с.Бирлик | WS2: с.Чайлы | WT2: Ост.пункт 2591 км | WU2: с.Гуляйполе | WV2: Абылайхановский с.о. | WW2: г.Щучинск | WX2: с.Акылбай | WY2: с.Баянбай | WZ2: с.Старый Карабаур | XA2: с.Акбалык | XB2: п.Бурабай | XC2: с.Веденовка | XD2: Подстанция | XE2: с.Зеленый Бор | XF2: Огород 2 | XG2: с.Айгабак | XH2: с.Златополье | XI2: с.Баянбай | XJ2: Подстанция | XK2: с.Атамекен | XL2: с.Вишневое | XM2: База отдыха СПУТНИК | XN2: с.Дмитриевка | XO2: с.Карагай | XP2: Подстанция | XQ2: Айтекебийский район | XR2: г.Актобе | XS2: Акайский с.о. | XT2: г.Алга | XU2: с.Есет батыра Кокиулы | XV2: зимовка Кайындыбулак | XW2: точка Тормантай | XX2: с.Бескоспа | XY2: зимовка Жанажартас | XZ2: с. Каракудык | YA2: с.Абугали | YB2: с.Акай | YC2: точка Акай | YD2: точка Кабаштогай | YE2: с.Аксазды | YF2: Лесхоз Караагаш | YG2: с.Ерназар | YH2: точка Самал | YI2: с.Кайындысай | YJ2: точка Танаберген | YK2: с.Болгарка | YL2: с.Тамды | YM2: с.Котырбулак | YN2: с.Кайнар | YO2: Айкенский с.о. | YP2: с.Талдысай | YQ2: с.Актасты | YR2: Отделение Улгайсын | YS2: с.Аралтобе | YT2: с.Айке | YU2: ж/д вокзал | YV2: с.Сарыбулак | YW2: с.Аккум | YX2: с.Талдык | YY2: с.Белкопа | YZ2: с.Кумкудук | ZA2: с.Сарат | ZB2: с.Сулуколь | ZC2: с.Ушкатты | ZD2: Ащинский с.о. | ZE2: с.Карауылкелды | ZF2: зимовка Жанабаз | ZG2: зимовка Копа | ZH2: зимовка Жанабаз 2 | ZI2: с.Ногайты | ZJ2: с.Амантурлы | ZK2: с.Акжол | ZL2: зимовка Карашбай | ZM2: с.Актам | ZN2: с.Конырколь | ZO2: зимовка Акши 1 | ZP2: зимовка Акши 2 | ZQ2: с.Жарлы | ZR2: Кордон Жанабет | ZS2: зимовка Бузаукора | ZT2: зимовка Азберген | ZU2: с.Булактыколь | ZV2: зимовка Ойык | ZW2: с.Жанама | ZX2: с.Миялы | ZY2: зимовка Аксуат | ZZ2: Алимбетовский с.о. | AAA2: с.Бадамша | AAB2: Кемпирсай ст. | AAC2: с.Акколь | AAD2: с.Алимбет | AAE2: с.Акжайык | AAF2: зимовка Кенсайран | AAG2: с.Петропавловка | AAH2: Каргалинское водохранилище | AAI2: с.Жосалы | AAJ2: с.Кос-Истек | AAK2: Акрабский с.о. | AAL2: с.Кобда | AAM2: с.Акраб | AAN2: с.Бестау | AAO2: с.Сарбулак | AAP2: с.Байтак | AAQ2: с.Аксай | AAR2: с.Жиренкопа | AAS2: с.Бескудык | AAT2: с.Бегалы | AAU2: с.Жарсай | AAV2: с.Когалы | AAW2: с.Талдысай | AAX2: с.Жанаталап | AAY2: Аккудыкский с.о. | AAZ2: с.Жанатан | ABA2: с.Байторысай | ABB2: с.Жездибай | ABC2: с.Жайсан | ABD2: рзд.33 | ABE2: с.Каратогай | ABF2: с.Аккайын | ABG2: с.Кенсахара | ABH2: с.Акмоласай | ABI2: с.Аккудык | ABJ2: с.Карасу | ABK2: с.Егизата | ABL2: с.Сарыжар | ABM2: Аккемерский с.о. | ABN2: г.Кандыагаш | ABO2: г.Эмба | ABP2: г.Жем | ABQ2: с.Аккемер | ABR2: с.Жетиказына | ABS2: с.Амангельды | ABT2: с.Жагабулак | ABU2: с.Егиндыбулак | ABV2: зимовка Жалгыз агаш | ABW2: с.Жанатурмыс | ABX2: рзд.53 | ABY2: зимовка Аманкельди | ABZ2: с.Алуа | ACA2: с.Бирлик | ACB2: зимовка Каракойши | ACC2: с.Кумсай | ACD2: с.Мугалжар | ACE2: рзд.57 | ACF2: зимовка Акши | ACG2: Каиндинский с.о. | ACH2: с.Акшатау | ACI2: зимовка Ашысай | ACJ2: с.Акжар | ACK2: с.Кемел | ACL2: с.Карасу | ACM2: зимовка Жамбыл | ACN2: с.Балыкши | ACO2: зимовка Аксай | ACP2: с.Каракамыс | ACQ2: зимовка Каракуыс | ACR2: с.Караколь | ACS2: зимовка Боктыарал | ACT2: Аксайский с.о. | ACU2: г.Темир | ACV2: п.Шубаркудук | ACW2: с.Алтыкарасу | ACX2: зимовка Есенбай | ACY2: Дом чабана 1 | ACZ2: зимовка Таскемер | ADA2: зимовка Кумкудык | ADB2: зимовка Жанатан | ADC2: зимовка Сагабаз | ADD2: с.Башенколь | ADE2: зимовка Ашекей | ADF2: с.Копа | ADG2: п.Шубарши | ADH2: с.Таскопа | ADI2: зимовка Ортабаз | ADJ2: с.Шубаркудык | ADK2: Абайский с.о. | ADL2: с.Богетсай | ADM2: с.Дон | ADN2: с.Коктобе | ADO2: с.Коктау | ADP2: с.Кудуксай | ADQ2: с.Кызылсу | ADR2: с.Диирмен | ADS2: с.Никельтау | ADT2: с.Жайлаусай | ADU2: с.Акбулак | ADV2: Айшуакский с.о. | ADW2: г.Шалкар | ADX2: с.Бегимбет | ADY2: База туз | ADZ2: База Бектемир | AEA2: ст.Кауылжыр | AEB2: с.Бозой | AEC2: точка Алтынкудук | AED2: точка Алибек | AEE2: с.Алабас | AEF2: с.Алакозы | AEG2: точка Акбулак | AEH2: точка Айжаркын | AEI2: с.Аккайтым | AEJ2: точка Акши | AEK2: точка Жанабаза | AEL2: с.Акеспе | AEM2: с.Казахстан | AEN2: с.Кауылжыр | AEO2: зимовка Сарышокы | AEP2: с.Монке би | AEQ2: точка Акмолалыколь | AER2: с.Жылан | AES2: с.Копмула | AET2: с.Жылтыр | AEU2: точка Акойма | AEV2: точка Ашыкудук | AEW2: с.Каратогай | AEX2: крес.пос.Енбек | AEY2: Аманкольский с.о. | AEZ2: с.Акши | AFA2: зимовка Есеншагыл | AFB2: зимовка Манканай | AFC2: с.Аманколь | AFD2: с.Жайсанбай | AFE2: с.Каракудык | AFF2: зимовка Жолгылау | AFG2: зимовка Басауыл | AFH2: с.Керегетас | AFI2: зимовка Акбаз | AFJ2: с.Каратоган | AFK2: зимовка Еркобек | AFL2: с.Куйлыс | AFM2: зимовка Акоткель | AFN2: Балхашский район | AFO2: Заречный с.о. | AFP2: с.Алка | AFQ2: Ветстанция | AFR2: рзд.Боктер | AFS2: Донкора | AFT2: Акдалинский с.о. | AFU2: с.Баканас | AFV2: Ботанический сад | AFW2: ЛХПП питомник | AFX2: с.Акдала | AFY2: Аэропорт | AFZ2: с.Борбас | AGA2: с.Присовхозный | AGB2: с.Асембайбаз | AGC2: с.Бакбакты | AGD2: с.Береке | AGE2: с.Желторангы | AGF2: с.Дидар | AGG2: с.Жидели | AGH2: с.Карагансай | AGI2: с.Акдала | AGJ2: уч.Акбайлау | AGK2: с.Жаланаш | AGL2: с.Топар | AGM2: Аватский с.о. | AGN2: г.Есик | AGO2: с.Ават | AGP2: с.Аса | AGQ2: уч.Ортатау | AGR2: с.Акбастау | AGS2: МТФ 2 | AGT2: с.Аймен | AGU2: с.Байдибек би | AGV2: с.Базаркельды | AGW2: с.Екишок | AGX2: уч.Бургансу | AGY2: уч.Ежетайбаз | AGZ2: с.Актоган | AHA2: уч.Актума | AHB2: Отдельно стоящий дом Ойранды | AHC2: Чабанский жил.дом | AHD2: с.Каракемер | AHE2: с.Арна | AHF2: уч.Бугуты | AHG2: с.Корам | AHH2: с.Акжал | AHI2: с.Казантай | AHJ2: с.Казтая Ултаракова | AHK2: уч.Кызылбаз | AHL2: Подхоз | AHM2: с.Кокпек | AHN2: с.Байсеит | AHO2: с.Азат | AHP2: с.Амангельды | AHQ2: с.Баяндай | AHR2: с.Кольди | AHS2: Дорстрой | AHT2: Склад ядохимикатов | AHU2: с.Таутургень | AHV2: МТФ | AHW2: с.Майское | AHX2: Архангельский с.о. | AHY2: с.Жанакурылыс | AHZ2: с.Жаркайын | AIA2: с.Айдарлы | AIB2: с.Аккайнар | AIC2: Отдельно стоящий дом Сыпатай | AID2: с.Аксенгир | AIE2: с.Актерек | AIF2: с.Бериктас | AIG2: с.Бесмойнак | AIH2: с.Бурган | AII2: с.Еспе | AIJ2: с.Мынбаево | AIK2: с.Копа | AIL2: с.Ащису | AIM2: с.Талап | AIN2: с.им.Балгабека Кыдырбекулы | AIO2: ст.Казыбек бека | AIP2: с.Ульгули | AIQ2: с.Улькен | AIR2: с.Акдала | AIS2: с.Буланбайбауы | AIT2: с.Когамшыл | AIU2: с.Касымбек | AIV2: Алгабасский с.о. | AIW2: с.Кеген | AIX2: уч.Темирлик | AIY2: с.Аушык | AIZ2: с.Болексаз | AJA2: Подстанция | AJB2: с.Жайдакбулак | AJC2: Отгон | AJD2: уч.Ортамерке | AJE2: уч.Актогай | AJF2: с.Жылысай | AJG2: отг.Жылысай | AJH2: отг.Колтыкбастау | AJI2: отг.Шыбышы | AJJ2: с.Ереул | AJK2: Отгоны | AJL2: с.Абай | AJM2: уч.Аржак | AJN2: уч.Майбулак | AJO2: с.Актасты | AJP2: с.Туюк | AJQ2: Кордон 1 Коктас | AJR2: с.Аксай | AJS2: уч.Аласа | AJT2: уч.Аккамба | AJU2: с.Каркара | AJV2: Айтейский с.о. | AJW2: г.Каскелен | AJX2: с.Айтей | AJY2: Лесхоз | AJZ2: с.Каражиде | AKA2: с.Каратал | AKB2: МТФ | AKC2: с.Жандосово | AKD2: с.Ескі Сауран | AKE2: с.Алмалы | AKF2: МТФ Кошмамбет | AKG2: МТФ Турар | AKH2: с.Иргели | AKI2: МТФ | AKJ2: с. Булакты | AKK2: Молочный комплекс | AKL2: МТФ-2-7 | AKM2: с.Алмалыбак | AKN2: МТФ-1 | AKO2: с.Айкым | AKP2: Жамбылский с.о. | AKQ2: с.Костобе | AKR2: уч.Кызылуш | AKS2: с.Кайнар | AKT2: с.Зангар | AKU2: Актаскора | AKV2: с.Акбастау | AKW2: с.Сарыбастау | AKX2: с.Акбеит | AKY2: с.Сумба | AKZ2: уч.Жартас | ALA2: с.Тегистик | ALB2: уч.Боктер | ALC2: с.Жанатекес | ALD2: с.Талас | ALE2: Дом чабанов | ALF2: Алатауский с.о. | ALG2: г.Талгар | ALH2: с.Алатау | ALI2: с.Белбулак | ALJ2: с.Бескайнар | ALK2: с.Бесагаш | ALL2: с.Туздыбастау | ALM2: с.Жанаарна | ALN2: с.Каскак | ALO2: с.Сактан | ALP2: с.Гульдала | ALQ2: с.Косагаш | ALR2: с.Акдала | ALS2: Аватский с.о. | ALT2: с.Чунджа | ALU2: уч.Калгантам | ALV2: с.Аксу | ALW2: уч.Канал | ALX2: с.Актам | ALY2: с.Бахар | ALZ2: с.Ардолайты | AMA2: уч.Арасан | AMB2: с.Кепебулак | AMC2: Пристань Добын | AMD2: с.Большой Дехан | AME2: с.Кольжат | AMF2: с.Кыргызсай | AMG2: уч.Бактыкурай | AMH2: с.Таскарасу | AMI2: с.Тигермень | AMJ2: ОТФ | AMK2: с.Чарын | AML2: Ащибулакский с.о. | AMM2: с.Карасу | AMN2: с.Жапек батыра | AMO2: п.Боралдай | AMP2: с.Енбек | AMQ2: с.56 км Учарал | AMR2: с.Казцик | AMS2: Кабибаза | AMT2: уч.Малый Караой | AMU2: с.Акши | AMV2: с.Али | AMW2: с.Екпинды | AMX2: Бригада 1 | AMY2: Атырау Г.А. | AMZ2: Алмалинский с.о. | ANA2: с.Жанаталап | ANB2: Ферма | ANC2: Ферма | AND2: с.Алмалы | ANE2: с.Амангельды | ANF2: с.Еркинкала | ANG2: с.Сарыузек | ANH2: с.Таскала | ANI2: с.Акжар | ANJ2: с.Алменкайыр | ANK2: Пионерлагерь | ANL2: Аккизтогайский с.о. | ANM2: г.Кульсары | ANN2: с.Аккизтогай | ANO2: с.Караша | ANP2: с.Тасшагил | ANQ2: с.Бейбит | ANR2: с.Шокпартогай | ANS2: п.Жана Каратон | ANT2: с.Карагай | ANU2: с.Акинген | ANV2: с.Майкомген | ANW2: Железнодорожная ст.465 | ANX2: Боденевский с.о. | ANY2: п.Индерборский | ANZ2: с.Бодене | AOA2: с. Аккала | AOB2: Каменный цех | AOC2: Дача | AOD2: с.Димитрово | AOE2: уч.Бозым | AOF2: уч.Баймаганбет | AOG2: уч.Жамансай | AOH2: Чабанский жил.дом | AOI2: с.Коктогай | AOJ2: с.Есбол | AOK2: уч.Акселеули 1 | AOL2: с.Орлик | AOM2: с.Буганай | AON2: Аккистауский с.о. | AOO2: рзд.17 | AOP2: с.Есиркеп | AOQ2: с.Жанбай | AOR2: с.Манаш | AOS2: с.Амангельды | AOT2: с.Исатай | AOU2: с.Байгожа | AOV2: с.Алаколь | AOW2: с.Аккутир | AOX2: с.Конысбай | AOY2: ГЭС | AOZ2: с.Айбас | APA2: с.Бекайдар | APB2: зимовка Акан | APC2: Азгирский с.о. | APD2: с.Аманат | APE2: с.Азгир | APF2: с.Асан | APG2: с.Бөкейхан | APH2: с.Гизата Алипова | API2: с.Жанатурмыс | APJ2: с.Каспий | APK2: с.Большой Куйген | APL2: с. Арна | APM2: рзд.Нурпеисовой | APN2: рзд.Афанасьева | APO2: с.Жамбыл | APP2: с.Даулет | APQ2: с.Сафоновка | APR2: с.Батырбек | APS2: с.Жасталап | APT2: Джангельдинский с.о. | APU2: с.Алабие | APV2: с.Жангельдино | APW2: с.Аксай | APX2: с.Буйрек | APY2: с.Жондалы | APZ2: с.Бектурган | AQA2: с.Абдолкора | AQB2: с.Бухар | AQC2: ТСФ | AQD2: уч.Акмола | AQE2: с.Жамансор | AQF2: рзд.279 | AQG2: с.Кемерши | AQH2: с.Курайлы | AQI2: с.Аккора | AQJ2: зимовка Алиаскар | AQK2: с.Былкылдакты | AQL2: рзд.265 | AQM2: с.Арменкора | AQN2: с.Кызылсай | AQO2: с.Алау | AQP2: с.Когам | AQQ2: с.64 | AQR2: с.Тайсойган | AQS2: с.Березово | AQT2: Байгетобинский с.о. | AQU2: п.Макат | AQV2: с.Байгетобе | AQW2: п.Доссор | AQX2: Акжаиыкский с.о. | AQY2: с.Горбуново | AQZ2: с.Акжайык | ARA2: с.Туктибаев | ARB2: с.Есмахан | ARC2: с.Енбекшил | ARD2: с.Жалгансай | ARE2: с.Сарайчик | ARF2: с. Аккайын | ARG2: Акжаикский район | ARH2: Деркульская п.а. | ARI2: п.Деркул | ARJ2: с.Желаево | ARK2: п.Зачаганск | ARL2: п.Круглоозерное | ARM2: Акжолский с.о. | ARN2: Медвежье лесничество | ARO2: с.Феофаново 2 | ARP2: с.Битилеу | ARQ2: с.Карша | ARR2: с.Жайлыбай | ARS2: с.Бикет 2 | ART2: отг.Кайыржан | ARU2: с.Акбулак | ARV2: с.Акшелек | ARW2: с.Жалтырша | ARX2: Кашара Булак 1 | ARY2: с.Байжансай | ARZ2: Производственная бригада | ASA2: с.Базартобе | ASB2: с.Карабек | ASC2: с.Елтай | ASD2: с.Базаршолан | ASE2: с.Жаманкудук | ASF2: с.Бударино | ASG2: с.Аманжол | ASH2: Нефтепровод | ASI2: Кировский гидроузел | ASJ2: с.Есенсай | ASK2: с.Жакаш | ASL2: с.Алтыкора | ASM2: Племконюшня | ASN2: с.Жанабулак | ASO2: с.Абилсай | ASP2: с.Кабыршакты | ASQ2: с.Пиунов | ASR2: с.Карауылтобе | ASS2: Экспедиция | AST2: с.Камыстыколь | ASU2: с.Жанияр | ASV2: с.Актобе | ASW2: с.Жубана Молдагалиева | ASX2: с.Айтжан | ASY2: с.Жолап | ASZ2: с.Ашыкудук | ATA2: Подхоз | ATB2: с.Аккутур | ATC2: с.Жыра | ATD2: с.Алмаагаш | ATE2: с.Тайпак | ATF2: с.Аврам | ATG2: с.Купка | ATH2: Акбулакский с.о. | ATI2: г.Аксай | ATJ2: с.Достық | ATK2: с.Бурли | ATL2: с.Бумаколь | ATM2: с.Григорьевка | ATN2: с.Шампа | ATO2: с.Восход | ATP2: с.Даниляколь | ATQ2: с.Приуральное | ATR2: рзд.Сулысай | ATS2: с.Каракудук | ATT2: с.Косколь | ATU2: Бирликский с.о. | ATV2: с.Жанакала | ATW2: с.Актан | ATX2: с.Дембей | ATY2: ПМК | ATZ2: с.Акмола | AUA2: с.Жанаказан | AUB2: с.Агим | AUC2: с.Абил | AUD2: с.Копжасар | AUE2: с.Айпара | AUF2: с.Айтпай | AUG2: Жанаорын | AUH2: с.Богет | AUI2: с.Бакша | AUJ2: с.Маштексай | AUK2: с.Ащыкудык | AUL2: с.Айжарык | AUM2: с.Кыркопа | AUN2: Комплекс | AUO2: с.Аккус | AUP2: с.Атаукудык | AUQ2: с.Бесоба | AUR2: с.Байтал | AUS2: Акобинский с.о. | AUT2: с.Жанибек | AUU2: Откормпункт | AUV2: с.Акоба | AUW2: с.Донгелексор | AUX2: с.Борсы | AUY2: с.Бугет | AUZ2: с.Алпауыз | AVA2: с.Акадыр | AVB2: с.Айдарлы | AVC2: с.Жаскайрат | AVD2: с.Астаусалган | AVE2: с.Бескашар | AVF2: Октеш шалашы | AVG2: с.Камысты | AVH2: с.Абиш | AVI2: с.Майтубек | AVJ2: с.Аманат | AVK2: с.Жигер | AVL2: с.Басеке | AVM2: с.Соналы 1 | AVN2: с.Гиззат | AVO2: с.Абдолла | AVP2: Белесский с.о. | AVQ2: с.Болашақ | AVR2: с.Усихино | AVS2: с.Дарьинское | AVT2: с.Атамекен | AVU2: рзд.13 | AVV2: с.Зеленое | AVW2: с.Астафьево | AVX2: с.Ақсу | AVY2: Дом Волкова-Суворова | AVZ2: Дом Хонина | AWA2: Подстанция Кушум | AWB2: с.Жалын | AWC2: с.Кожамберды | AWD2: Полевой стан Госсортучастка | AWE2: Мост | AWF2: с.Лазовое | AWG2: с.Таловая | AWH2: с.Ақбидай | AWI2: с.Акжол | AWJ2: рзд.Кордон | AWK2: с.Рубежинское | AWL2: с.Алмалы | AWM2: с.Володарское | AWN2: с.Сұлу көл | AWO2: с.Балабаново | AWP2: с.Жаңатаң | AWQ2: Дом Солтык | AWR2: с.Богатск | AWS2: Животноводческая фирма | AWT2: с.Кирсаново | AWU2: Дом оператора | AWV2: Акпатерский с.о. | AWW2: с.Бозоба | AWX2: с.Байтурган | AWY2: Откормплощадка | AWZ2: Камышкора | AXA2: с.Акпатер | AXB2: АГРЭС | AXC2: с.Болекшубар | AXD2: с.Кайынды | AXE2: уч.Боксы | AXF2: с.Аккурай | AXG2: рзд.Бесторткул | AXH2: Жанаорын | AXI2: Шильная балка | AXJ2: с.Бостандык | AXK2: с.Айткул | AXL2: с.Ажибай | AXM2: Агашуй | AXN2: зимовка Аякала | AXO2: с.Жалпактал | AXP2: с.Кулак | AXQ2: с.Карасу 1 | AXR2: с.Байжиен | AXS2: Сад | AXT2: с.Акбура | AXU2: с.Аликопа | AXV2: с.Дуйсенбай | AXW2: с.Ауельбек | AXX2: с.Красная Поляна | AXY2: с.Жанабай | AXZ2: с.Жас | AYA2: с.Кузьма | AYB2: с.Алкеш | AYC2: Дом чабана Серика | AYD2: с.Бескопа | AYE2: с.Кошанколь | AYF2: Болатбазы | AYG2: Маканбазы | AYH2: с.Бейистерек | AYI2: Алмабак | AYJ2: с.Оразбай | AYK2: с.Байбоз | AYL2: с.Березовское | AYM2: с.Талдыкудук | AYN2: зимовка Акши | AYO2: с.Суйрген | AYP2: с.Беспишен | AYQ2: Бригада | AYR2: Паром | AYS2: с.Бубенец | AYT2: Аккозинский с.о. | AYU2: зимовка Егизгара | AYV2: зимовка Акын | AYW2: с.Аккозы | AYX2: с.Бетшагыл | AYY2: с.Кызылкудук | AYZ2: зимовка Акжал | AZA2: с.Сарыкумак | AZB2: с.Жамансай | AZC2: с.Жусандой | AZD2: с.Бекмаганбет | AZE2: с.Турым | AZF2: с.Актай | AZG2: с.Токсейт | AZH2: зимовка Бухарбай | AZI2: с.Косколь | AZJ2: с.Акбаз | AZK2: с.Агалык 2 | AZL2: с.Федосеевка | AZM2: с.Жетимсай | AZN2: с.Айшуак | AZO2: с.Батпакколь | AZP2: Бисенский с.о. | AZQ2: с.Большевик | AZR2: Казарма 340 | AZS2: Бригада 3 | AZT2: Казарма 365 | AZU2: с.Бисен | AZV2: с.Айбас | AZW2: с.Бисекен | AZX2: с.Айткали | AZY2: с.Аксары | AZZ2: с.Жаркын | BAA2: с.Адик | BAB2: с.Борли | BAC2: с.Акбузау | BAD2: с.Аккыстау | BAE2: с.Ажен | BAF2: с.Коккамыс | BAG2: с.Апет | BAH2: с.Кабдир 1 | BAI2: с.Карасу | BAJ2: с.Арыстангали | BAK2: Комплекс | BAL2: Жанааула | BAM2: с.Саралжын | BAN2: Алгабасский с.о. | BAO2: с.Жымпиты | BAP2: с.Орысколь | BAQ2: с.Кыстаубай 1 | BAR2: с.Жаман | BAS2: с.Аралтобе | BAT2: с.Булан | BAU2: Ветпункт | BAV2: с.Аккудук | BAW2: с.Сугурбай | BAX2: с.Жалгызкудук | BAY2: с.Акоба | BAZ2: Акбольница | BBA2: с.Торебай би | BBB2: с.Карачаколь | BBC2: с.Агатай | BBD2: с.Жанаконыс | BBE2: с.Колжага | BBF2: с.Оралбай | BBG2: с.Ахметжан | BBH2: с.Актасты | BBI2: с.Анкаты | BBJ2: Актауский с.о. | BBK2: с.Бірлік | BBL2: с.Айшырак | BBM2: зимовка Аксай | BBN2: с.Жигули | BBO2: с.Аккушик | BBP2: с.Амангельды | BBQ2: с.Жармолай | BBR2: с.Кеңжайлау | BBS2: Жанааул | BBT2: с.Аппаз | BBU2: с.Аяк | BBV2: с.Волжанка | BBW2: с.Калмак | BBX2: с.Бесколь | BBY2: с.Айнабұлақ | BBZ2: Птичник | BCA2: с.Азовский | BCB2: с.Еменжар | BCC2: с.Алмалысай | BCD2: Дом чабана 24 | BCE2: Акжаикский с.о. | BCF2: с.Кабылтобе | BCG2: с.Шаракап | BCH2: с.Абай | BCI2: Институт | BCJ2: с.Аксогым | BCK2: с.Анкаты | BCL2: с.Тасаншеген | BCM2: с.Алгабас | BCN2: с.Долинное | BCO2: с.Аксай | BCP2: с.Алебастрово | BCQ2: с.Новопавловка | BCR2: с.Лесопитомник | BCS2: с.Покатиловка | BCT2: с.Бекей | BCU2: Паром | BCV2: с.Когалытобек | BCW2: с.Карабас | BCX2: с.Кирки | BCY2: Акбулакский с.о. | BCZ2: с.Аксугум | BDA2: рзд.Успешный | BDB2: с.Сага | BDC2: с.Нарымбай | BDD2: с.Кыстаубай | BDE2: с.Аккудык | BDF2: с.Киндикти | BDG2: Лесхоз | BDH2: с.Жамантуз | BDI2: с.Акшат | BDJ2: с.Юбилейное | BDK2: с.Ардак | BDL2: с.Нижний Карасай | BDM2: Байзакский район | BDN2: г.Тараз | BDO2: Ботамойнакский с.о. | BDP2: с.Сарыкемер | BDQ2: рзд.22 | BDR2: с.Байзак | BDS2: с.Бурыл | BDT2: с.Аймантобе | BDU2: с.Аккия | BDV2: с.Байсын | BDW2: с.Кенес | BDX2: с.Красная Звезда | BDY2: с.Коктал | BDZ2: с.Костобе | BEA2: с.Дихан | BEB2: с.Жакаш | BEC2: с.Абай | BED2: с.Сарыбарак | BEE2: с.Акжар | BEF2: с.Агынсай | BEG2: с.Айшабиби | BEH2: с.Аулиебастау | BEI2: с.Акбастау | BEJ2: с.Акбулым | BEK2: с.Гродеково | BEL2: с.Жалпак-Тобе | BEM2: с.Ерназар | BEN2: с.Енбек | BEO2: с.Жасоркен | BEP2: с.Жарлысу | BEQ2: с.Ащыбулак | BER2: с.Жанаоткель | BES2: Аксайский с.о. | BET2: с.им.Б.Момышулы | BEU2: с.Жарма | BEV2: с.Абдыкадыр | BEW2: Ущелье Аксакалсай | BEX2: с.Акжар | BEY2: рзд.Казбастау | BEZ2: с.Карикорган | BFA2: с.Бакалы | BFB2: с.Каратас | BFC2: с. Бесауыл | BFD2: с.Амансай | BFE2: с.Актобе | BFF2: Алгинский с.о. | BFG2: с.Кордай | BFH2: с.Аухатты | BFI2: с.Урюкты | BFJ2: с.Беткайнар | BFK2: с.Кенен | BFL2: с.Бериктас | BFM2: с.Альжан ана | BFN2: с.Кунбатыс 1 | BFO2: с.Ногайбай | BFP2: п.Гвардейский | BFQ2: с.Шынырау | BFR2: Ферма 1 Шилису | BFS2: с.Булар батыра | BFT2: с.Степное | BFU2: с.Коктобе | BFV2: с.Улкенсулутор | BFW2: Абайский с.о. | BFX2: с.Каракат | BFY2: с.Акыртобе | BFZ2: с.Азанбай | BGA2: с.Жалпаксаз | BGB2: с.Жаксылык | BGC2: с.Енбек | BGD2: с.Когершин | BGE2: с.Алгабас | BGF2: рзд.98 | BGG2: с.Луговое | BGH2: с.Абылкаир | BGI2: с.Теренозек | BGJ2: Акаралский с.о. | BGK2: с.Мерке | BGL2: с.Акермен | BGM2: с.Досбол би | BGN2: Тракторная бригада | BGO2: Животноводческая база 1 | BGP2: МТФ | BGQ2: с.Ежебай | BGR2: МТФ П.К. | BGS2: п.Гранитогорск | BGT2: с.Маханда | BGU2: с.Интернациональное | BGV2: МТФ Т.Рыскулов | BGW2: с.Екпенды | BGX2: с.Аккайнар | BGY2: МТФ П.К. | BGZ2: рзд.Тасоткель | BHA2: с.Акарал | BHB2: с.Аспара | BHC2: Акбакайская с.а. | BHD2: с.Мойынкум | BHE2: с.Акбакай | BHF2: с.Аксуек | BHG2: с.Биназар | BHH2: с.Еркин | BHI2: с.Алгабас | BHJ2: с.им.Кылышбай Ержанулы | BHK2: с.Мирный | BHL2: с.Кушаман | BHM2: с.Мынарал | BHN2: с.Уланбель | BHO2: с.Кияхты | BHP2: с.Бурубайтал | BHQ2: Байкадамский с.о. | BHR2: с.Саудакент | BHS2: Лесхоз | BHT2: с.Жайылма | BHU2: с.Шаихан | BHV2: с.Бестам | BHW2: с.Жанаталап | BHX2: с.Актогай | BHY2: с.Акпанбет | BHZ2: с.Игилик | BIA2: Бакиркора | BIB2: с.Жайлауколь | BIC2: с.Арыстанды | BID2: с.Майлыколь | BIE2: с.Досбол | BIF2: Аккольский с.о. | BIG2: с.Аккум | BIH2: с.Кожагаппар | BII2: с.Аксумбе | BIJ2: с.Актобе | BIK2: с.Ойык | BIL2: с.Акарал | BIM2: с.Тамабек | BIN2: Аксуский с.о. | BIO2: г.Шу | BIP2: с.Кокжиек | BIQ2: с.Жайсан | BIR2: с.Далакайнар | BIS2: с.Байдибек | BIT2: с.Актасты | BIU2: с.Бирликустем | BIV2: с.Бельбасар | BIW2: с.Коктобе | BIX2: с.Жидели | BIY2: с.Шокпар | BIZ2: уч.Талапкер | BJA2: с.Коккайнар | BJB2: с.Динмухамеда Кунаева | BJC2: с.Абай | BJD2: рзд.Кумозек | BJE2: с.Акжар | BJF2: Аксуский район | BJG2: Еркинский с.о. | BJH2: Отделение 3 | BJI2: с.Енбек | BJJ2: Рудничный с.о. | BJK2: с.Рудничный | BJL2: Аксуский с.о. | BJM2: с.Алтынарык | BJN2: с.Арасан | BJO2: с.Есебулатова | BJP2: с.Жаналык | BJQ2: с.Колтабан | BJR2: с.Капал | BJS2: с.Каракоз | BJT2: с.Карашилик | BJU2: с.Барлыбека Сырттанова | BJV2: рзд.Акозек | BJW2: рзд.Кайракты | BJX2: с.Ойтоган | BJY2: с.Актобе | BJZ2: Акжарский с.о. | BKA2: МТФ 3 | BKB2: с.Актубек | BKC2: с.Архарлы | BKD2: с.Бесколь | BKE2: с.Бибакан | BKF2: с.Екпенди | BKG2: с.Бесагаш | BKH2: с.Жанама | BKI2: с.Жайпак | BKJ2: с.Ашим | BKK2: с.Алемды | BKL2: с.Жумахан Балапанов | BKM2: рзд.Керегетас | BKN2: с.Токжайлау | BKO2: с.Айпара | BKP2: с.Ынталы | BKQ2: с.Акши | BKR2: Алдабергеновский с.о. | BKS2: с.Алдабергеново | BKT2: с.Ельтай | BKU2: с.Бигаш | BKV2: с.Боктерли | BKW2: с.Актасты | BKX2: с.Алмалы | BKY2: с.Сырымбет | BKZ2: с.Екпенди | BLA2: с.Акешки | BLB2: Алтынемельский с.о. | BLC2: с.Алтынемель | BLD2: с.Актобе | BLE2: с.Акбастау | BLF2: с.Жоламан | BLG2: с.Айдарколь кашары | BLH2: с.Архарлы | BLI2: с.Кайнарлы | BLJ2: с.Алшалы | BLK2: с.Архарлы | BLL2: с.Коянкоз | BLM2: с.Аккойлы | BLN2: Айнабулакский с.о. | BLO2: с.Жанаталап | BLP2: с.Маулимбай | BLQ2: с.Актекше | BLR2: с.Енбекшиказах | BLS2: с.50 лет Казахстана | BLT2: с.10 лет Казахстана | BLU2: уч.Алмалы | BLV2: с.Бозтоган | BLW2: Байшегирский с.о. | BLX2: г.Уштобе | BLY2: с.Ескельди би | BLZ2: с.Акжар | BMA2: с.Айдар | BMB2: с.Каракум | BMC2: рзд.Курышдаласы | BMD2: рзд.47 | BME2: с.Айту | BMF2: с.Бесагаш | BMG2: Айдарлинский с.о. | BMH2: г.Жаркент | BMI2: с.Алмалы | BMJ2: уч.Хонахай | BMK2: с.Суптай | BML2: с.Борибай би | BMM2: с.Ават | BMN2: с.Новостройка | BMO2: с.Берекеши | BMP2: с.Аулиеагаш | BMQ2: с.Аккент | BMR2: с.Диханкайрат | BMS2: Алмалинский с.о. | BMT2: г.Сарканд | BMU2: с.Аманбоктер | BMV2: с.Бакалы | BMW2: с.Екиаша | BMX2: с.Ульга | BMY2: с.Койлык | BMZ2: с.Добровольское | BNA2: с.Шатырбай | BNB2: Абайский район | BNC2: г.Караганда | BND2: район Әлихан Бөкейхан | BNE2: район им.Казыбек би | BNF2: Гульшатская п.а. | BNG2: п.Гульшат | BNH2: п.Саяк | BNI2: г.Приозерск | BNJ2: Актасская п.а. | BNK2: п.Актас | BNL2: Актауская п.а. | BNM2: п.Актау | BNN2: Долинская п.а. | BNO2: п.Долинка | BNP2: п.Новодолинский | BNQ2: п.Шахан | BNR2: г.Абай | BNS2: с.Дзержинское | BNT2: с.Родники | BNU2: с.Дубовка | BNV2: с.Алабас | BNW2: с.Есенгельды | BNX2: с.Восьмой аул | BNY2: с.Комсомольское | BNZ2: с.Карнак | BOA2: с.Жартас | BOB2: п.Карабас | BOC2: с.Жайма | BOD2: с.Алматинка | BOE2: с.Жаманжол | BOF2: с.Жумабек | BOG2: Подхоз | BOH2: с.Кайынды | BOI2: п.Топар | BOJ2: п.Южный | BOK2: Актогайский с.о. | BOL2: с.Камбар | BOM2: Дом чабана 1 | BON2: зимовка Акатан | BOO2: с.Айыртас | BOP2: ЛСП | BOQ2: с.Жаланаш | BOR2: зимовка Жиенбай | BOS2: зимовка Айкай | BOT2: с.Акший | BOU2: зимовка Алмалы | BOV2: зимовка 8 марта | BOW2: зимовка Арын | BOX2: с.Актас | BOY2: с.Жайыр | BOZ2: с.Кошкар | BPA2: зимовка Байбори | BPB2: с.Акжарык | BPC2: зимовка Акбиик | BPD2: с.Аксенгир | BPE2: джайлау Керегетас | BPF2: зимовка Каратумсык | BPG2: зимовка Адилбай | BPH2: зимовка Донгал | BPI2: с.Акжайдак | BPJ2: Бригада 8 | BPK2: с.Акулен | BPL2: с.Актумсык | BPM2: с.Жалпак | BPN2: зимовка Аксай | BPO2: зимовка Карагула | BPP2: зимовка Айыртас | BPQ2: п.Сарышаган | BPR2: ст.Весна | BPS2: с.Тасарал | BPT2: зимовка Акжолтай | BPU2: с.Торангылык | BPV2: с.Бегазы | BPW2: зимовка Байсокбан | BPX2: зимовка Айыртас | BPY2: зимовка Аккора | BPZ2: зимовка Караша | BQA2: п.Шашубай | BQB2: Акбелский с.о. | BQC2: п.Ботакара | BQD2: с.Доскей ауылы | BQE2: с.Аккудук | BQF2: с.Акоре | BQG2: с.Косшокы | BQH2: с.Тортколь | BQI2: с.Кызылкайын | BQJ2: с.Ботакара | BQK2: с.Бухар-Жырау | BQL2: с.Гагаринское | BQM2: с.Акжар | BQN2: с.Жанаталап | BQO2: с.Тасшокы | BQP2: с.Плотинное | BQQ2: с.Асыл | BQR2: с.Каракудук | BQS2: п.Кушокы | BQT2: с.Самарканд | BQU2: с.Новоузенка | BQV2: ст.Тегисжол | BQW2: с.Астаховка | BQX2: с.Ашису | BQY2: с.Уштау | BQZ2: с.Акбел | BRA2: с.Красная Нива | BRB2: с.Урожайное | BRC2: с.Суыксу | BRD2: п.Габидена Мустафина | BRE2: с.Первое Мая | BRF2: с.Уштобе | BRG2: с.Акжар | BRH2: ферма Байтеке | BRI2: Абайский с.о. | BRJ2: с.Айрык | BRK2: зимовка Жанабаз | BRL2: с.Акбай-Кызылбай | BRM2: Бригада 9 | BRN2: зимовка Есдаулет | BRO2: зимовка Айтжан | BRP2: зимовка Калактас | BRQ2: с.Актасты | BRR2: с.Улкенбулак | BRS2: зимовка Абден | BRT2: с.Абыз | BRU2: зимовка Азыхан | BRV2: зимовка Айнабулак | BRW2: зимовка Аралбай | BRX2: с.Айнабулак | BRY2: с.Бесоба | BRZ2: зимовка Бекшокы | BSA2: с.Терисайрык | BSB2: с.Акшокы | BSC2: зимовка Актопырак | BSD2: зимовка Балташ | BSE2: зимовка Абылай | BSF2: с.Асиларык | BSG2: зимовка Ази | BSH2: зимовка Акдонгал | BSI2: зимовка Айнабулак | BSJ2: зимовка Бекжан | BSK2: п.Карагайлы | BSL2: с.Коктас | BSM2: Молочная ферма | BSN2: с.Борлыбулак | BSO2: ферма Акши 1 | BSP2: с.Атантай | BSQ2: зимовка Актубек 3 | BSR2: с.Акжол | BSS2: зимовка Абиш | BST2: с.Бастал | BSU2: зимовка Жанабаз | BSV2: зимовка Айнабулак | BSW2: зимовка Ахмет | BSX2: с.Жарлы | BSY2: Кордон Кендара | BSZ2: зимовка Баглан | BTA2: с.Айнабулак | BTB2: зимовка Жырыксу | BTC2: с.Томар | BTD2: с.Матак | BTE2: зимовка Кайракты | BTF2: с.Кызылшилик | BTG2: с.Верхний кызыл | BTH2: Водохранилище | BTI2: Акмешитский с.о. | BTJ2: п.Нура | BTK2: с.Балыктыколь | BTL2: Скважина 24 | BTM2: с.Баршино | BTN2: с.Каракаска | BTO2: с.Куланотпес | BTP2: с.Оразалы | BTQ2: с.Жараспай | BTR2: с.Малайкудук | BTS2: с.Акмешит | BTT2: с.Кобыкол | BTU2: с.Тассуат | BTV2: с.Изенды | BTW2: зимовка База 3 | BTX2: с.Карой | BTY2: с.Егінді | BTZ2: с.Акколка | BUA2: зимовка Аубакир | BUB2: зимовка Дос | BUC2: с. Карим Мынбаев | BUD2: с.Кызылшилик | BUE2: с.Актубек | BUF2: зимовка Кызылунгир | BUG2: с.Байтуган | BUH2: с.Мұзбел | BUI2: с.Ткенекты | BUJ2: зимовка Ажике | BUK2: с.Соналы | BUL2: с.Ахмет | BUM2: с.Кайнар | BUN2: с.Кобетей | BUO2: с.Кызылжулдыз | BUP2: с.Шахтерское | BUQ2: п.Шубарколь | BUR2: Батпактинский с.о. | BUS2: п.Осакаровка | BUT2: с.Акпан | BUU2: с.Русская Ивановка | BUV2: с.Аманконыр | BUW2: с.Звездное | BUX2: с.Есиль | BUY2: с.Белагаш | BUZ2: с.Откормочное | BVA2: с.Шункыркол | BVB2: с.Куркопа | BVC2: с.Айымжан | BVD2: с.Первомайское | BVE2: п.Молодежный | BVF2: с.Бауманское | BVG2: с.Карагайлы | BVH2: с.Пионерское | BVI2: с.Акбулак | BVJ2: с.Коянды | BVK2: с.Степное | BVL2: с.Шидерты | BVM2: Агадырьская п.а. | BVN2: с.Аксу | BVO2: зимовка Аршалы | BVP2: с.Алгабас | BVQ2: зимовка Кабанбай | BVR2: п.Агадырь | BVS2: зимовка Аксенгир | BVT2: зимовка Айнабулак | BVU2: п.Акжал | BVV2: зимовка Абдир | BVW2: п.Акчатау | BVX2: с. Жарылгап батыр | BVY2: зимовка Акозек | BVZ2: зимовка Жартас | BWA2: Отделение 1 | BWB2: зимовка Акбастау | BWC2: с.Батык | BWD2: зимовка Аптека | BWE2: с.Босага | BWF2: зимовка Бирназар | BWG2: с.Бурма | BWH2: п.Дарьинский | BWI2: п.Жамбыл | BWJ2: п.С.Сейфуллин | BWK2: с.Нура | BWL2: Чабанский жил.дом | BWM2: зимовка Байбала | BWN2: с.Акжол | BWO2: Водокачка | BWP2: рзд.43 | BWQ2: с.Верхние Кайракты | BWR2: с.Глубокое | BWS2: с.Байгара | BWT2: с.Кызылтау | BWU2: п.Мойынты | BWV2: зимовка Кос-кудук | BWW2: с.Аккияк | BWX2: Молзавод | BWY2: зимовка Бабан | BWZ2: с.Босага | BXA2: зимовка Аккезен | BXB2: с.Акой | BXC2: зимовка Аксу | BXD2: с.Кийкти | BXE2: с.Акшагыл | BXF2: с.Жумыскер | BXG2: с.Тасбике | BXH2: с.Волков | BXI2: с.Карамыс | BXJ2: кр.хоз Акбереке | BXK2: Алтынсаринский район | BXL2: г.Костанай | BXM2: Ангарский с.о. | BXN2: с.Ангарское | BXO2: с.Аккошкар | BXP2: с.Айтбеке | BXQ2: с.Восточное | BXR2: с.Екидин | BXS2: с.Байдильда | BXT2: с.Жалгызтал | BXU2: с.Абиш | BXV2: уч.Кога | BXW2: с.Матросово | BXX2: с.Мирное | BXY2: с.Айдар | BXZ2: с.Фурманово | BYA2: с.Целинное | BYB2: Октябрьская п.а. | BYC2: п.Октябрьский | BYD2: Горняцкая п.а. | BYE2: п.Горняцкий | BYF2: п.Качар | BYG2: Большечураковский с.о. | BYH2: с.Бирюковка | BYI2: с.Большая Чураковка | BYJ2: с.Воробьевское | BYK2: с.Красный Кордон | BYL2: с.Докучаевка | BYM2: с.Степное | BYN2: с.Первомайское | BYO2: с.Кызылагаш | BYP2: с.Новоалексеевка | BYQ2: с.Анновка | BYR2: с.Подгорное | BYS2: с.Басбек | BYT2: Аксайский с.о. | BYU2: с.Мукур | BYV2: с.Амантогай | BYW2: с.Каражар | BYX2: Чабанский жил.дом | BYY2: с.Байгабыл | BYZ2: с.Алембай | BZA2: с.Айткул | BZB2: с.Жанатай | BZC2: с.Алаколь | BZD2: с.Аккорга | BZE2: с.Айкожа | BZF2: с.Айтбай | BZG2: с.Кустобе | BZH2: с.Агаштыколь | BZI2: с.Байдаулет 1 | BZJ2: с.Комсомол | BZK2: с.Кылты | BZL2: с.Степняк | BZM2: Аманкарагайский с.о. | BZN2: с.Аулиеколь | BZO2: с.Аманкарагай | BZP2: с.Жилгородок | BZQ2: п.Кушмурун | BZR2: с.Кирова | BZS2: с.Диевка | BZT2: с.Баганалы | BZU2: с.Жалтырколь | BZV2: Сторож дома отдыха | BZW2: с.Калинин | BZX2: с.Лаврентьевка | BZY2: с.Тимофеевка | BZZ2: с.Булаксор | CAA2: с.Дузбай | CAB2: с.Жаргатыз | CAC2: с.Первомайское | CAD2: с.Коктал | CAE2: Архангельский с.о. | CAF2: с.Гришенка | CAG2: с.Калиновка | CAH2: с.Архангельское | CAI2: с.Первомайское | CAJ2: с.Аятское | CAK2: с.Аксу | CAL2: с.Караоба | CAM2: с.Кочержиновка | CAN2: с.Тавриченка | CAO2: с.Крымское | CAP2: с.Перелески | CAQ2: с.Чебендовка | CAR2: с.Глебовка | CAS2: с.Шукубай | CAT2: Аккольская с.а. | CAU2: с.Торгай | CAV2: с.Акколь | CAW2: с.Акшиганак | CAX2: с.Акмедия | CAY2: с.Айтуган | CAZ2: с.Кокалат | CBA2: с.Аксуат | CBB2: с.Шеген | CBC2: с.Аккорга | CBD2: с.Аралбай | CBE2: с.Алаконыз | CBF2: с.Сарысу | CBG2: с.Борлы | CBH2: с.Абилда | CBI2: с.Естек | CBJ2: с.Шынтемир | CBK2: с.Каламкарасу | CBL2: с.Олмес | CBM2: с.Ахмета Байтұрсынұлы | CBN2: с.Бидайык | CBO2: с.Кумшик | CBP2: с.Ток | CBQ2: с.Сужарган | CBR2: с.Байтемир | CBS2: с.Шили | CBT2: Аккаргинский с.о. | CBU2: с.Пригородное | CBV2: с.Аккарга | CBW2: с.Кусакан | CBX2: с.Забеловка | CBY2: с.Милютинка | CBZ2: с.Волгоградское | CCA2: с.Жалтырколь | CCB2: с.Львовка | CCC2: с.Чайковское | CCD2: с.Ырсай | CCE2: Адаевский с.о. | CCF2: с.Богдановка | CCG2: с.Адаевка | CCH2: с.Целинное | CCI2: с.Сахаровка | CCJ2: с.Алтынсарино | CCK2: с.Попович | CCL2: с.Аралколь | CCM2: с.Тауксор | CCN2: с.Арка | CCO2: с.Бестобе | CCP2: с.Оразкопа | CCQ2: с.Дружба | CCR2: с.Клочково | CCS2: с.Карабатыр | CCT2: Белоглинский с.о. | CCU2: п.Карабалык | CCV2: с.Белоглинка | CCW2: с.Босколь | CCX2: с.Песчаное | CCY2: с.Лесное | CCZ2: Лесхоз | CDA2: с.Аккудук | CDB2: с.Жамбыл | CDC2: с.Каерак | CDD2: с.Каракопа | CDE2: с.Победа | CDF2: с.Смирново | CDG2: с.Приозерное | CDH2: с.Приуральское | CDI2: с.Дальнее | CDJ2: с.Веренка | CDK2: Айдарлинский с.о. | CDL2: с.Алыкпаш | CDM2: с.Козубай | CDN2: с.Первомайское | CDO2: с.Карамырза | CDP2: с.Суйгенсай | CDQ2: с.Молодежное | CDR2: с.Амангельды | CDS2: Дом чабана | CDT2: с.Корниловка | CDU2: с.Носовка | CDV2: с.Зареченка | CDW2: с.Жалгыскан | CDX2: с.Луговое | CDY2: с.Братское | CDZ2: с.Заря | CEA2: с.Жаныспай | CEB2: с.Белозерка | CEC2: Айсаринский с.о. | CED2: г.Тобыл | CEE2: с.Александровка | CEF2: с.Балыкты | CEG2: с.Владимировка | CEH2: с.Янушевка | CEI2: с.Айсаринское | CEJ2: с.Жаксылык | CEK2: с.Васильевка | CEL2: с.Аккабак | CEM2: с.Арман | CEN2: с.Воскресеновка | CEO2: с.Константиновка | CEP2: с.Бегежан | CEQ2: с.Ломоносовка | CER2: Алешинский с.о. | CES2: с.Боровской | CET2: с.Алешинка | CEU2: с.Буденновка | CEV2: с.Маковка | CEW2: с.Введенка | CEX2: с.Каренинка | CEY2: с.Балыкты | CEZ2: с.Целинное | CFA2: с.Каракога | CFB2: с.Ломоносовка | CFC2: с.Каражар | CFD2: с.Новоборковское | CFE2: с.Дружба | CFF2: с.Красносельское | CFG2: с.Заборовка | CFH2: с.Жусалы | CFI2: с.Новониколаевка | CFJ2: с.Талапкер | CFK2: Буревестнинская с.а. | CFL2: с.Жамбыл | CFM2: Кордон Сад | CFN2: с.Буревестник | CFO2: с.Акбулак | CFP2: с.Дамды | CFQ2: с.Каракудук | CFR2: с.Кожа | CFS2: с.Наурзум | CFT2: с.Уленды | CFU2: Бригада 1 | CFV2: с.Раздольное | CFW2: Бригада 1 | CFX2: с.Шолаксай | CFY2: Барвиновская с.а. | CFZ2: п.Сарыколь | CGA2: с.Барвиновка | CGB2: с.Новобарвиновка | CGC2: с.Ананьевка | CGD2: с.Златоуст | CGE2: с.Кунтимес | CGF2: с.Комсомольское | CGG2: с.Большие Дубравы | CGH2: с.Аксу | CGI2: с.Маяк | CGJ2: с.Басагаш | CGK2: с.Вишневка | CGL2: с.Ишимское | CGM2: с.Караоба | CGN2: с.Ермаковка | CGO2: с.Дудаковка | CGP2: с.Тимирязевка | CGQ2: с.Павлыш Спасское | CGR2: с.Урожайное | CGS2: с.Акчаколь | CGT2: Асенкритовский с.о. | CGU2: с.Журавлевка | CGV2: с.Воронежское | CGW2: с.Аятское | CGX2: с.Асенкритовка | CGY2: с.Кайындыколь | CGZ2: с.Достияр | CHA2: с.Майское | CHB2: с.Елизаветинка | CHC2: с.Аксуатское | CHD2: с.Ленинское | CHE2: с.Апановка | CHF2: с.Вершковое | CHG2: п.Тобол | CHH2: Бауманская с.а. | CHI2: с.Бауманское | CHJ2: с.Королевка | CHK2: с.Абай | CHL2: Лесхоз | CHM2: с.Долинка | CHN2: с.Агроном | CHO2: с.Нововасильевка | CHP2: с.Уйкескен | CHQ2: с.Каратал | CHR2: с.Белоглинка | CHS2: с.Гренадерка | CHT2: с.Октябрьское | CHU2: с.Комендантское | CHV2: с.Борки | CHW2: с.Тайсойган | CHX2: с.Речное | CHY2: с.Амречье | CHZ2: с.Сатай | CIA2: с.Казанка | CIB2: с.Троебратский | CIC2: с.Воронцовка | CID2: с.Карла Маркса | CIE2: Банновский с.о. | CIF2: с.Целинное | CIG2: с.Банновка | CIH2: с.Балыкты | CII2: с.Лысановка | CIJ2: с.Алабутала | CIK2: с.Волковка | CIL2: с.Новоукраинка | CIM2: с.Грачевка | CIN2: с.Жыланды | CIO2: с.Турагаш | CIP2: с.Ленинское | CIQ2: с.Новошумное | CIR2: с.Старошумное | CIS2: с.Большое | CIT2: Аральский район | CIU2: Акжарминский с.о. | CIV2: с.Акжарма | CIW2: с.Калгандарья | CIX2: с.Кубас | CIY2: п.Белколь | CIZ2: с.Абай | CJA2: с.Караултобе | CJB2: с.Байкадам | CJC2: с.Кызылжарма | CJD2: с.Айнаколь | CJE2: с.Талсуат | CJF2: рзд.11 | CJG2: п.Тасбугет | CJH2: г.Байконыр | CJI2: Акирекский с.о. | CJJ2: г.Аральск | CJK2: с.Акбай | CJL2: с.Жинишкекум | CJM2: с.Атанши | CJN2: с.Аккулак | CJO2: с.Мойнак | CJP2: с.Боген | CJQ2: с.Коне Боген | CJR2: с.Жанакурылыс | CJS2: с.Жаксыкылыш | CJT2: рзд.93 Укулисай | CJU2: рзд.91 | CJV2: с.Токабай | CJW2: с.Ескиура | CJX2: с.Водокачка | CJY2: с.Каракум | CJZ2: с.Куланды | CKA2: с.Жанаконыс | CKB2: с.Акеспе | CKC2: с.Бердыколь | CKD2: с.Куланды | CKE2: с.Косжар | CKF2: с.Жаланаш | CKG2: с.Аккум | CKH2: с.Кызылжар | CKI2: с.Сазды | CKJ2: рзд.82 Курылык | CKK2: Куландинский конный завод | CKL2: рзд.83 Тербенбес | CKM2: рзд.87 Алтыкудык | CKN2: Аккумский с.о. | CKO2: с.Жалагаш | CKP2: с.Кауык | CKQ2: с.Аккыр | CKR2: с.Есет Батыр | CKS2: с.им.Бухарбай батыра | CKT2: с.Жанадарья | CKU2: с.Сатбай | CKV2: с.Далдабай | CKW2: с.Акшал | CKX2: с.Темірбек Жүргенов | CKY2: с.Мырзабай ахуна | CKZ2: с.Жанаконыс | CLA2: с.Шаменов | CLB2: Аккорганский с.о. | CLC2: с.Жанакорган | CLD2: с.Акжол | CLE2: с.Тугискен | CLF2: с.Бирлик | CLG2: с.Байкенже | CLH2: с.Бесарык | CLI2: с.Апанкак | CLJ2: с.Екпинди | CLK2: с.Жанарык | CLL2: с.Аккум | CLM2: с.Келинтобе | CLN2: с.Калгансыр | CLO2: с.Кожамберди | CLP2: с.Кожакент | CLQ2: с.Косуйенки | CLR2: с.Абдигаппар | CLS2: с.Корасан | CLT2: с.Кызылмакташы | CLU2: с.Аксуат | CLV2: с.Енбек | CLW2: с.Такырколь | CLX2: рзд.Сатымсай | CLY2: с.Томенарык | CLZ2: с.Куттыкожа | CMA2: с.Манап | CMB2: Айтеке би п.а. | CMC2: г.Казалинск | CMD2: п.Айтеке би | CME2: с.Майдаколь | CMF2: с.Аранды | CMG2: с.Агынтай батыра | CMH2: с.Басыкара | CMI2: рзд.98 | CMJ2: с.Бозколь | CMK2: рзд.Алтай | CML2: с.им.Актан батыра | CMM2: с.Кожаказган | CMN2: с.Кызылкум | CMO2: с.Бекарыстан би | CMP2: рзд.101 | CMQ2: с.Бирлик | CMR2: рзд.103 | CMS2: с.Муратбаев | CMT2: рзд.96 Кенес | CMU2: с.Жанкент | CMV2: с.Абай | CMW2: с.Жамбыл | CMX2: с.Шакен | CMY2: 3 интернациональный с.о. | CMZ2: с.Кемесалган | CNA2: с.им.Алдашбай Ахуна | CNB2: с.Турмаганбет | CNC2: с.Смаилтамы | CND2: с.Жансеит | CNE2: с.Кекирели | CNF2: с.Абыла | CNG2: с.Куандария | CNH2: с.Тургантамы | CNI2: с.Торетам | CNJ2: с.3 интернационал | CNK2: с.Бирлик | CNL2: Айдарлинский с.о. | CNM2: с.Малибаев | CNN2: с.Абай | CNO2: с.Бесарык | CNP2: с.Жетиколь | CNQ2: с.им.Н.Ильясова | CNR2: с.им.Калжан Ахуна | CNS2: с.Когалыколь | CNT2: с.Актубек | CNU2: с.Интымак | CNV2: с.им.А.Токмаганбетова | CNW2: рзд.8 | CNX2: с.Шаган | CNY2: Шешенаул | CNZ2: с.Ширкейли | COA2: с.Сарыбай | COB2: с.Инкардарья | COC2: Пикет 42 | COD2: Акмаянский с.о. | COE2: с.Шиели | COF2: с.Акмая | COG2: Дом чабана | COH2: с.Байгекум | COI2: с.Бестам | COJ2: с.Жиделиарык | COK2: с.Кулкара | COL2: с.Жолек | COM2: с.Жуантобе | CON2: Дом гидроузела | COO2: с.им.Н.Бекежанова | COP2: Атбаз | COQ2: с.Жаппасбай | COR2: с.Майлытогай | COS2: рзд.16 | COT2: с.Максат | COU2: с.Бала би | COV2: рзд.19 | COW2: Кирпичный завод | COX2: с.Абдильда Тажибаева | COY2: с.Ш.Кодаманова | COZ2: с.Кызылкаин | CPA2: Актау Г.А. | CPB2: Умирзакский с.о. | CPC2: с.Умирзак | CPD2: Кызылсайский с.о. | CPE2: с.Рахат | CPF2: с.Тенге | CPG2: с.Кендерли | CPH2: Акжигитская с.а. | CPI2: с.Бейнеу | CPJ2: с.Акжигит | CPK2: с.Айтжан | CPL2: с.Сарга | CPM2: с.Байкушик | CPN2: с.Боранкул | CPO2: зимовка Бугабай | CPP2: с.Есет | CPQ2: с.Сынгырлау | CPR2: рзд.Коктекти | CPS2: с.Ногайты | CPT2: Найзакора | CPU2: с.Толеп | CPV2: с. Тажен | CPW2: с.Турыш | CPX2: с.Абай | CPY2: Бостанский с.о. | CPZ2: с.Курык | CQA2: Мешиттикора | CQB2: с.Бостан | CQC2: зимовка Аккора | CQD2: с.Болашак | CQE2: рзд.Акбобек | CQF2: с.Жетыбай | CQG2: с.Конайкора | CQH2: с.Аяк Караган | CQI2: с.Мунайшы | CQJ2: с.Аккудук | CQK2: с.Ашысай | CQL2: Актюбинский с.о. | CQM2: с.Шетпе | CQN2: Кормоцех | CQO2: Айнектикора | CQP2: с.Акшымырау | CQQ2: с.Акжол | CQR2: с.Жармыш | CQS2: Сарытастыкора | CQT2: с.Жынгылды | CQU2: Аккора | CQV2: с.Кызан | CQW2: с.Айыртобе | CQX2: с.Баскудук | CQY2: Пионерлагерь Каратау | CQZ2: с.Бакыт | CRA2: Максимкора | CRB2: с.15 бекет | CRC2: с.Боздак | CRD2: рзд.10 | CRE2: с.Киякты | CRF2: с.Кесикмурын | CRG2: с.Досалы | CRH2: с.Тасмурын | CRI2: с.Аккорган | CRJ2: Андыкора | CRK2: с.Шебир | CRL2: с.Бас | CRM2: Баяндинский с.о. | CRN2: с.Мангистау | CRO2: с.Баскудук | CRP2: с.Баянды | CRQ2: с.Калпаксай | CRR2: с.Даулет | CRS2: с.Бирлик | CRT2: с.Батыр | CRU2: Акшукурский с.о. | CRV2: с.Акшукур | CRW2: Кезкора | CRX2: с.Баутино | CRY2: с.Кызылозен | CRZ2: с.Агаштыбауыр | CSA2: с.Саина Шапагатова | CSB2: с.Таушык | CSC2: с.Аксиын 1 | CSD2: Аксу Г.А. | CSE2: Жетекшинская с.а. | CSF2: с.Павлодарское | CSG2: с.Байдала | CSH2: п.Ленинский | CSI2: с.Мойылды | CSJ2: с.Жетекши | CSK2: Алгабасский с.о. | CSL2: с.Евгеньевка | CSM2: с.Донентаев | CSN2: с.Евден | CSO2: с.Акжол | CSP2: Аккольский с.о. | CSQ2: с.Атыгай | CSR2: с.Акши | CSS2: с.Жартас | CST2: Отд.3 | CSU2: с.Шикылдак | CSV2: с.им.Алькея Маргулана | CSW2: с."Ќоянды" | CSX2: с.Куандык | CSY2: с.Суыккудук | CSZ2: п.Солнечный | CTA2: с.Бозшаколь | CTB2: с.112 разъезд | CTC2: п.Шидерты | CTD2: с.Балтасап | CTE2: с.Кырыкуй | CTF2: с.Жолболды | CTG2: с.Жамбыл | CTH2: с.Абжан | CTI2: с.Шокпар | CTJ2: с.Ақжол | CTK2: Аксанский с.о. | CTL2: с.Баянаул | CTM2: с.Аксан | CTN2: с.Джиенбай | CTO2: Кызылкора | CTP2: с.Буркутты | CTQ2: с.Ербай | CTR2: с.Жанатилек | CTS2: с.Балтен | CTT2: ферма Азатбек | CTU2: Верхний подхоз | CTV2: с.Биржанколь | CTW2: ферма Басшилик | CTX2: с.Жарылгап | CTY2: с.Жанибек | CTZ2: с.Акши | CUA2: База 19 | CUB2: ферма Мауке | CUC2: Ушкулун с. | CUD2: ферма Алабас | CUE2: Жив.точка Мысал | CUF2: с.Айрык | CUG2: с.Александровка | CUH2: ферма Айдарлы | CUI2: ферма Аякул | CUJ2: с.Акши | CUK2: Отд. 2 | CUL2: Актауский с.о. | CUM2: с.Аккайын | CUN2: Маслозавод | CUO2: с.Шипкуль | CUP2: с.Абай | CUQ2: с.Веселая Роща | CUR2: с.Церковное | CUS2: с.Маркатай | CUT2: с.Озерное | CUU2: с.Груздевка | CUV2: Абайский с.о. | CUW2: с.Агашорын | CUX2: с.Бескепе | CUY2: с.Актайлак | CUZ2: с.Иса Байзакова | CVA2: с.Костомар | CVB2: с.Акбетей | CVC2: с.Майконыр | CVD2: с.Ермаковка | CVE2: с.Буланбай | CVF2: Байконысский с.о. | CVG2: с.Теренколь | CVH2: с.Байконыс | CVI2: с.Береговое | CVJ2: с.Тихомировка | CVK2: с.Бобровка | CVL2: с.Боброво | CVM2: с.Львовка | CVN2: с.Тимофеевка | CVO2: с.Березовка | CVP2: с.Моисеевка | CVQ2: с.Жанакурлыс | CVR2: с.Пахомовка | CVS2: с.Сулуагаш | CVT2: с.Ивановка | CVU2: с.Калиновка | CVV2: с.Карасук | CVW2: с.Песчанский | CVX2: Баймульдинский с.о. | CVY2: с.Аққулы | CVZ2: с.Такыр | CWA2: уч.Кашаган | CWB2: с.Шабар | CWC2: с.Кумсуат | CWD2: с.Майкарагай | CWE2: с.Шака | CWF2: с.Баимбет | CWG2: с.Богодаровка | CWH2: с.Аникино | CWI2: с.Кызылкогам | CWJ2: Акжарский с.о. | CWK2: Белогорский ХПП | CWL2: с.Бестау | CWM2: с.Жана Акшиман | CWN2: с.Кызтамы | CWO2: с.Кентубек | CWP2: с.Екатериновка | CWQ2: с.Аршалы | CWR2: с.Каратерек | CWS2: Отд. 8 Марта | CWT2: с.Балта | CWU2: с.Майтубек | CWV2: с.Малайсары | CWW2: Григорьевский с.о. | CWX2: с.Даниловка | CWY2: с.Зангар | CWZ2: с.Бирлик | CXA2: с.Кемеңгер | CXB2: Отд. 2 | CXC2: с.Аккудык | CXD2: с.Алексеевка | CXE2: Дом отдыха Энергетик | CXF2: с.Ольгино | CXG2: с.Максимовка | CXH2: с.Достык | CXI2: с.Новочерноярка | CXJ2: Дом отд. Золотая Нива | CXK2: с.Заозерное | CXL2: Козыкеткенский с.о. | CXM2: с.Ковалевка | CXN2: с.Жалаир | CXO2: с.Богатырь | CXP2: с.Вознесенка | CXQ2: с.Константиновка | CXR2: Александровский с.о. | CXS2: с.Бөріктал | CXT2: с.Арбаиген | CXU2: с.Кулат | CXV2: с.Жылыбулак | CXW2: Таскора | CXX2: с.Софиевка | CXY2: с.Есильбай | CXZ2: с.Бозалан | CYA2: Айыртауский район | CYB2: г.Петропавловск | CYC2: Антоновский с.о. | CYD2: с.Айыртау | CYE2: с.Акан сере | CYF2: Тансыкбайкора | CYG2: с.Береславка | CYH2: с.Красный Кордон | CYI2: с.Айыртауское | CYJ2: с.Кругловка | CYK2: с.Верхний Бурлук | CYL2: с. Кумтоккен | CYM2: ст.Янко | CYN2: с.Прекрасное | CYO2: с.Жаксы Жалгызтау | CYP2: с.Алтынбулак | CYQ2: с. Альжан | CYR2: с.Даукара | CYS2: с.Качиловка | CYT2: с.Шолакозек | CYU2: с.Бурлык | CYV2: Айсаринский с.о. | CYW2: с.Казанское | CYX2: с.Алкатерек | CYY2: с.Аксай | CYZ2: с.Байтус | CZA2: с.Бостандык | CZB2: с.Береке | CZC2: с.Дауит | CZD2: с.Мукур | CZE2: с.Акжаркын | CZF2: Авангардский с.о. | CZG2: г.Булаево | CZH2: с.Достық | CZI2: с.Бастомар | CZJ2: с.Байшилик | CZK2: с.Брилевка | CZL2: с.Камышлово | CZM2: с.Барашки | CZN2: с.Куралай | CZO2: с.Круглое | CZP2: с.Жастар | CZQ2: с.Золотая Нива | CZR2: с.Бинаш | CZS2: с.Гаврино | CZT2: с.Ганькино | CZU2: с.Скворцовка | CZV2: с.Придорожное | CZW2: с.Селекты | CZX2: с.Майбалык | CZY2: с.Косколь | CZZ2: с. Байтерек | DAA2: с.Пролетарка | DAB2: с.Моховое | DAC2: с.Явленка | DAD2: с.Жаркайын | DAE2: с.Алабие | DAF2: с.Волошинка | DAG2: с.Горное | DAH2: с.Жаналык | DAI2: с.Александровка | DAJ2: с.Корнеевка | DAK2: с.Сарыман | DAL2: с.Двинск | DAM2: с.Иверск | DAN2: с.Стрельниковка | DAO2: с.Железное | DAP2: Подстанция | DAQ2: с.Богатое | DAR2: с.Муромское | DAS2: с.Благовещенка | DAT2: с.Талпын | DAU2: с.Кладбинка | DAV2: с.Уткино | DAW2: с.Усердное | DAX2: с.Матросово | DAY2: с.Кайранколь | DAZ2: с.Жанажол | DBA2: с. Нурымбет | DBB2: с.Песчанка | DBC2: с.Семиозерка | DBD2: Архангельский с.о. | DBE2: с.Асаново | DBF2: с.Барневка | DBG2: с.Бугровое | DBH2: с.Николаевка | DBI2: с.Вагулино | DBJ2: с.Виноградовка | DBK2: с.Боголюбово | DBL2: с.Гайдуково | DBM2: с.Лебедки | DBN2: Ост.пункт 2603 км | DBO2: с.Заводинка | DBP2: с.Водопроводное | DBQ2: с.Димитровка | DBR2: с.Байсал | DBS2: с.Янцено | DBT2: с.Соколовка | DBU2: с.Вишневка | DBV2: Андреевский с.о. | DBW2: г.Мамлютка | DBX2: с.Белое | DBY2: с.Прогресс | DBZ2: с.Студеное | DCA2: с.Воскресеновка | DCB2: с.Дубровное | DCC2: с.Беловка | DCD2: Маш.двор | DCE2: с.Кызыласкер | DCF2: с.Леденево | DCG2: с.Бексеит | DCH2: с.Афонькино | DCI2: Ост.пункт Орленок | DCJ2: с.Остановочный пункт 2574 км. | DCK2: Афанасьевский с.о. | DCL2: г.Сергеевка | DCM2: с.Афанасьевка | DCN2: с.Коргантас | DCO2: с.Аканбарак | DCP2: с. Мерген | DCQ2: с.Алкаагаш | DCR2: с.Бирлик | DCS2: с.Астаган | DCT2: с.Ольгинка | DCU2: с.Неждановка | DCV2: Аралагашский с.о. | DCW2: с.Амангельды | DCX2: с.Безлесное | DCY2: с.Барыколь | DCZ2: Лагерь отдыха"Окжетпес" | DDA2: с.Камышлово | DDB2: с.Степное | DDC2: Абайский с.о. | DDD2: г.Тайынша | DDE2: с.Аккудук | DDF2: с.Аймак | DDG2: с.Большой Изюм | DDH2: с.Приречное | DDI2: с.Белоярка | DDJ2: с.Драгомировка | DDK2: с.Зеленый Гай | DDL2: с.Жаркайын | DDM2: с.Богатыровка | DDN2: с.Горькое | DDO2: с.Виноградовка | DDP2: с.Кантемировское | DDQ2: с.Алабота | DDR2: с.Бахмут | DDS2: с.Нагорное | DDT2: с.Новоберезовка | DDU2: с.Вишневка | DDV2: Акжанский с.о. | DDW2: с.Рассвет | DDX2: с.Белоградовка | DDY2: с.Аксу | DDZ2: с.Докучаево | DEA2: с.Нарынгуль | DEB2: с.Москворецкое | DEC2: с.Акжан | DED2: с.Ракитное | DEE2: с.Хмельницкое | DEF2: с.Целинное | DEG2: Акбулакский с.о. | DEH2: с.Кишкенеколь | DEI2: с. Кондыбай | DEJ2: с.Коктерек | DEK2: с.Жаскайрат | DEL2: с.Кобенсай | DEM2: Андреевский с.о. | DEN2: с.Новоишимское | DEO2: ст.Новоишимская | DEP2: с.Беспаловка | DEQ2: с.Володарское | DER2: с. Кокалажар | DES2: с.Кырымбет | DET2: с.Мищенка | DEU2: с.Буденное | DEV2: с.Ефимовка | DEW2: с.Березовка | DEX2: с.Салкынколь | DEY2: с.Ковыльное | DEZ2: с.Сазоновка | DFA2: с.Пески | DFB2: с.Гаршино | DFC2: с.Шакпак | DFD2: с.Большой Талсай | DFE2: с.15 лет Казахстана | DFF2: Арысь Г.А. | DFG2: г.Туркестан | DFH2: Акдалинский с.о. | DFI2: с.Байыркум | DFJ2: с.40-разъезд | DFK2: с.Аккала | DFL2: с.42-разъезд | DFM2: с.Байтогай | DFN2: Карнакский с.о. | DFO2: с.Ачисай | DFP2: с.Баялдыр | DFQ2: с.Кантаги | DFR2: с.Бургем | DFS2: Агыбетский с.о. | DFT2: с.Шаян | DFU2: с.Агыбет | DFV2: Чабанский жил.дом | DFW2: Чабанский жил.дом | DFX2: Чабанский жил.дом | DFY2: зимовка Аккыстау | DFZ2: Чабанский жил.дом | DGA2: зимовка Арғымақ | DGB2: Чабанский жил.дом | DGC2: с.Актас | DGD2: с.Бугунь | DGE2: Чабанский жил.дом | DGF2: Чабанский жил.дом | DGG2: Чабанский жил.дом | DGH2: Чабанский жил.дом | DGI2: Чабанский жил.дом | DGJ2: Чабанский жил.дом | DGK2: Чабанский жил.дом | DGL2: Чабанский жил.дом | DGM2: Чабанский жил.дом | DGN2: Чабанский жил.дом | DGO2: Абайский с.о. | DGP2: с.Абай | DGQ2: с.Жазыксай | DGR2: с.Байтерек | DGS2: с.Жанадауир | DGT2: с.Утиртобе | DGU2: п. Асыката | DGV2: с.Алпамыс | DGW2: с.Бирлик | DGX2: с.Байдала | DGY2: с.Кемер | DGZ2: с.Кызылтан | DHA2: с.Абдихалык | DHB2: с.Аль-Фараби | DHC2: с.Алимбетово | DHD2: с.Жибекши | DHE2: с.Макташы | DHF2: с.Талапты | DHG2: с.Батырхан | DHH2: с.Акжайлау | DHI2: с.Ақбұлақ | DHJ2: с.Жалпаккум | DHK2: с.Кызылту | DHL2: с.Макталы | DHM2: с.Кобек | DHN2: с.Алтынсарина | DHO2: с.Темиржол | DHP2: с.Победа | DHQ2: с.Абибола | DHR2: Абайский с.о. | DHS2: с.Кеңдала | DHT2: с.Когерту | DHU2: с.Кияжол | DHV2: с.Бозсу | DHW2: с.Куйган | DHX2: с.Бозай | DHY2: с.28 гвардейцев | DHZ2: с.Аккурган | DIA2: с.Амангельды | DIB2: с.Жабайытобе | DIC2: с.Игилик | DID2: с.Енбекши | DIE2: с. Аксу | DIF2: с.Карабура аулие | DIG2: с. Байтерек | DIH2: с.1 Мамыр | DII2: с.Ақжол | DIJ2: с.Атаконыс | DIK2: с.Бакышсай | DIL2: с.Сарыжылга | DIM2: с.Достык | DIN2: Алтынтобинский с.о. | DIO2: с.Казыгурт | DIP2: Дача | DIQ2: с.Аккум | DIR2: Ащыкора | DIS2: с.Жанабазар | DIT2: Кыркымкора | DIU2: Кормоцех | DIV2: с.Айнатас | DIW2: Камыскора | DIX2: Акрамкора | DIY2: с.Кокибел | DIZ2: Алпыскора | DJA2: Аклаккора | DJB2: с.Жумысшы | DJC2: ТСФ | DJD2: крес.пос.Сарытау | DJE2: с.Айнатас | DJF2: Жанакора | DJG2: Боранбай ушуй | DJH2: с. Кыдыр Мамбетулы | DJI2: Телевышка | DJJ2: Орталык газуй | DJK2: Заготскот | DJL2: с.Енбек | DJM2: Акбастаукора | DJN2: Бугыбайкора 1 | DJO2: с.Акжар | DJP2: с.Бакабулак | DJQ2: Дом чабана 2 | DJR2: Дом чабана 12 | DJS2: Дом чабана 19 | DJT2: с.Акбастау | DJU2: Дамешкора | DJV2: Бирликский с.о. | DJW2: п. Мырзакент | DJX2: п. Атакент | DJY2: с.Азамат | DJZ2: с. Мырзатобе | DKA2: МТФ | DKB2: с.40 лет Казахской ССР | DKC2: с.Амангельды | DKD2: с.Нурмухамеда Есентаева | DKE2: с.Енбекши | DKF2: с.Игилик | DKG2: с.Береке | DKH2: с.Азаттык | DKI2: с. Атамура | DKJ2: МТФ | DKK2: Бадамский с.о. | DKL2: с.Амангельды | DKM2: с.Акбулак | DKN2: с.Бирлик | DKO2: с.Дихан | DKP2: с.Акжол | DKQ2: с.Кольтоган | DKR2: с.Акпан | DKS2: с.Аксары | DKT2: с.Арыстанды | DKU2: с.Шубарсу | DKV2: Балтакольский с.о. | DKW2: с.Шаульдер | DKX2: с.Актобе | DKY2: с.Акколь | DKZ2: с.Самырат | DLA2: с.Каргалы | DLB2: с.Жанкел | DLC2: Дом отдыха | DLD2: с. Бесторангыл | DLE2: с.Когам | DLF2: с.Бестам | DLG2: с. Молыке Шойманов | DLH2: с.Кокмардан | DLI2: с.37-разъезд | DLJ2: с.Жана шилик | DLK2: Акбулакский с.о. | DLL2: с.Аксу | DLM2: с.Кайыршакты | DLN2: с. Зортобе | DLO2: Кашара Байгараева | DLP2: Кашара Дача | DLQ2: Кашара Озеро 1 | DLR2: Кашара Дача 1 | DLS2: с.Карамурт | DLT2: с.Акарыс | DLU2: с.Аксуабат | DLV2: Кашара Кадира | DLW2: Кашара Аксу | DLX2: Кашара Аден | DLY2: с.Аккала | DLZ2: Акжарский с.о. | DMA2: с.Алимтау | DMB2: рзд.50 | DMC2: с.Атамекен | DMD2: с.Акколтык | DME2: с.Жемисти | DMF2: с.Дихан баба | DMG2: рзд.49 | DMH2: с. Акниет | DMI2: с.Дархан | DMJ2: с.Жанаталап | DMK2: с.Келес | DML2: с. Жылысу | DMM2: с.Береке | DMN2: с. Дастан | DMO2: с. Тынтобе | DMP2: с.Мадениет | DMQ2: Иассы с.о. | DMR2: рзд.32 | DMS2: Подстанция РЭС | DMT2: АТК | DMU2: Дом Жоламанова Е. | DMV2: с.Абай | DMW2: Дом чабана Жылысу | DMX2: с.Мәшһүр Жүсіп | DMY2: с.Ибата | DMZ2: Подземвод | DNA2: с.Жуйнек | DNB2: с.Енбекшидихан | DNC2: Санаторий водолечебница | DND2: с. Каратобе | DNE2: Дома райавтодора | DNF2: с.Егизкара | DNG2: с.Бостандык | DNH2: Дома Салимбаевых | DNI2: с.Жалантос | DNJ2: Дом лесничего | DNK2: Дом лесничего | DNL2: МТФ | DNM2: с.30 лет Казахстана | DNN2: АТК | DNO2: Жартытобинский с.о. | DNP2: с.Абай | DNQ2: с.Каракур | DNR2: с.Кумкент | DNS2: п.Кыземшек | DNT2: с.Какпансор | DNU2: с.Басбулак | DNV2: с.Таукент | DNW2: с.Шу | DNX2: Аккумский с.о. | DNY2: с.Косагаш | DNZ2: с.Алгабас | DOA2: с.Жанакуш | DOB2: с.Мадени | DOC2: с.Абай | DOD2: с.Алтынбастау | DOE2: с.Акайдар | DOF2: с.Жогаргы Каскасу | DOG2: Акбийкский с.о. | DOH2: с.Бакыбека | DOI2: с.Акбиик | DOJ2: с.Абай | DOK2: рзд.115 | DOL2: с.Жанузак | DOM2: Кашара Куанышты | DON2: ст.Коктерек | DOO2: Лесхоз | DOP2: с.Аксай | DOQ2: с.117-разъезд | DOR2: с.Енбек | DOS2: с.Азатлык | DOT2: с.Кызылту | DOU2: с.Амангельды | DOV2: п.Тюлькубас | DOW2: с.Ирсу | DOX2: рзд.114 | DOY2: Акшенгельдинский с.о. | DOZ2: с. Егизкум | DPA2: с.Багисколь | DPB2: Дом моториста | DPC2: ЛСП | DPD2: с.Коссейит | DPE2: с.Суткент | DPF2: с.Узыната | DPG2: Насосная | DPH2: с.Казахстан | DPI2: Насосная | DPJ2: Кызылкора | DPK2: с.Акберди | DPL2: Жанааркинский район | DPM2: Кенгирский с.о. | DPN2: рзд.366 км | DPO2: кр.хоз. «Акши» Арыстанбеков Е.Т. | DPP2: кр.хоз. «Абдрахманов Е.М.» | DPQ2: кр.хоз. «Абдрахман Қажы» Сыздыманов Е. | DPR2: рзд.310 км | DPS2: с.Малшыбай | DPT2: зимовка Ажигуль | DPU2: Жайремская п.а. | DPV2: п.Жайрем | DPW2: Жезказганская п.а. | DPX2: п.Жезказган | DPY2: Айнабулакский с.о. | DPZ2: п.Жаңаарқа | DQA2: зимовка Боксай | DQB2: Бригада 4 | DQC2: рзд.152 км | DQD2: с.Байгул | DQE2: с.Куйгенбаз | DQF2: рзд.82 км | DQG2: рзд.117 км | DQH2: рзд.189 км | DQI2: зимовка Актобе | DQJ2: зимовка Актан | DQK2: зимовка Акши 2 | DQL2: п.Кызылжар | DQM2: зимовка Жартас 2 | DQN2: зимовка Байтак | DQO2: с.Кенжебайсамай | DQP2: Отделение Сарысу | DQQ2: с.Бидайык | DQR2: Отгон | DQS2: Актасская п.а. | DQT2: с.Улытау | DQU2: Стандарт | DQV2: зимовка Абушахман | DQW2: с.Борсенгир | DQX2: зимовка Арын | DQY2: с.Егинди | DQZ2: зимовка Айнабай | DRA2: с.Байконур | DRB2: зимовка Абиль | DRC2: п.Жезды | DRD2: зимовка Айбас | DRE2: зимовка Адильбай | DRF2: п.Карсакпай | DRG2: зимовка Абжаппар | DRH2: с.Коргасын | DRI2: зимовка Алтуайт | DRJ2: зимовка Акастау | DRK2: зимовка Абен | DRL2: зимовка Алтыколь | DRM2: с.Айыртау | DRN2: с.Кадышев Лог | DRO2: с.Аккенсе | DRP2: зимовка Бакансалды | DRQ2: зимовка Астауши | DRR2: с.Бозтумсык | DRS2: зимовка Агыбай | DRT2: с.Жыланды | DRU2: зимовка Карабидай | DRV2: с.Косколь | DRW2: Глубоковский район | DRX2: г.Усть-Каменогорск | DRY2: Лениногорский лесхоз | DRZ2: рзд.71 км | DSA2: Дом Ларионова | DSB2: Кордон | DSC2: кр.хоз Сазонова | DSD2: Алтайский с.о. | DSE2: с.Глубокое | DSF2: с.Алтайский | DSG2: с.Белоусовка | DSH2: с.Верхнеберезовка | DSI2: с.Березовка | DSJ2: с.Краснопартизанское | DSK2: с.Кожохово | DSL2: Лагерь труда и отдыха | DSM2: Железнодорожный переезд 174 км | DSN2: с.Быструха | DSO2: Зимовская заимка | DSP2: с.Карагужиха | DSQ2: с.Волчиха | DSR2: с.Опытное поле | DSS2: Дальняя ферма | DST2: с.Белокаменка | DSU2: с.Календарка | DSV2: с.Каменный Карьер | DSW2: с.Веселое | DSX2: Железнодорожный переезд 275 км | DSY2: с.Черемшанка | DSZ2: Пионерлагерь Солнышко | DTA2: Айнабулакский с.о | DTB2: г.Зайсан | DTC2: с.Акарал | DTD2: с.Биринши | DTE2: с.Кардон | DTF2: с.Уштерек | DTG2: с.Елеке | DTH2: с.Аккезен | DTI2: с.Акши 1 | DTJ2: с.Бакасу | DTK2: с.Айдагарлы | DTL2: с.Комсомол | DTM2: Нукенбаз | DTN2: с.Акша | DTO2: с.Жайдак | DTP2: с.Аэропорт | DTQ2: с.Аккойын | DTR2: с.Ангиме | DTS2: ЛСП | DTT2: с.Айнабулак | DTU2: с.Айдапкел 1 | DTV2: с.Дайыр | DTW2: с.6-точка | DTX2: с.Ботай баз | DTY2: с.Жалшы | DTZ2: с.Кокбастау | DUA2: с.Кенбулак | DUB2: с.Кемпирбулак | DUC2: Зубовский с.о. | DUD2: г.Алтай | DUE2: с.Александровка | DUF2: Дом отдыха Голубой залив | DUG2: с.Зубовка | DUH2: с.Богатырево | DUI2: с.Ново-Калиновск | DUJ2: с.Козлушка | DUK2: Турбаза Алтайская бухта | DUL2: с.Баяновск | DUM2: с.Бобровка | DUN2: с.Теплый Ключ | DUO2: с.Васильевка | DUP2: с.Кировск | DUQ2: с.Ленинск | DUR2: с.Бедаревка | DUS2: с.Александровка | DUT2: с.Тургусун | DUU2: с.Осиновка | DUV2: с.Алтынсай | DUW2: Абайский с.о. | DUX2: с.Алгабас | DUY2: с.Дынгек | DUZ2: уч.Кабак | DVA2: с.Байжан | DVB2: Бригада 10 | DVC2: с.Акжайлау | DVD2: Куринная ферма | DVE2: с.Матабай | DVF2: уч.Акбейит | DVG2: с.Чошан | DVH2: с.Аксуат | DVI2: уч.Бесоба | DVJ2: уч.Бота олген | DVK2: с.Балыктыбулак | DVL2: Комендатура Тоскайын | DVM2: крес.пос.Верхняя Еловка | DVN2: Застава " Кокжота" | DVO2: с.Буран | DVP2: уч.Абдырас | DVQ2: уч.Горка | DVR2: уч.Жарык | DVS2: с.Нургазы | DVT2: уч.Кабыргатал | DVU2: с.Акчий | DVV2: с.Аргымак | DVW2: ЛСП | DVX2: с.Курчумкистауы | DVY2: уч.Корык | DVZ2: с.Барак батыра | DWA2: с.Жазике | DWB2: уч.Абакан | DWC2: с.Калжыр | DWD2: уч.Байшуак | DWE2: уч.Бас Шубарчилик | DWF2: Аккайнарский с.о. | DWG2: с.Балгын | DWH2: с.Караайрык | DWI2: с.Жана-Ульга | DWJ2: с.Барлык | DWK2: с.Усть-Язовая | DWL2: с.Белкарагай | DWM2: с.Алтынбел | DWN2: с.Бесюй | DWO2: с.Алыбай | DWP2: с.Аршаты | DWQ2: с.Солдатово | DWR2: с.Мало Нарымка | DWS2: Бастаушинский с.о. | DWT2: с.Аккала | DWU2: с.Бастауши | DWV2: с.Кокжыра | DWW2: с.Жўмба | DWX2: с.Миролюбовка | DWY2: с.Каракол | DWZ2: Акжарский с.о. | DXA2: с.Огиз кора | DXB2: с.Адил | DXC2: с.Ахметбулак | DXD2: с.Аккора | DXE2: с.Ахметбулак 1 | DXF2: с.Асусай | DXG2: Ортакора | DXH2: Кызылкора | DXI2: с.Абдилдабек | DXJ2: с. Туйекора | DXK2: с.Бакаши | DXL2: с.Аманжол | DXM2: с.Даулетбай | DXN2: с.Апахай | DXO2: с.Байгонды | DXP2: с.Айнабулак | DXQ2: с.Байтогас | DXR2: с.Байбиче | DXS2: с.Актюбек | DXT2: Аблакетский с.о. | DXU2: с.Касыма Кайсенова | DXV2: с.Бестерек | DXW2: отг.Карымсак | DXX2: отг.Майтас | DXY2: уч.Карачука | DXZ2: с.Беткудук | DYA2: с.Азовое | DYB2: с.Алмасай | DYC2: Заимка в с. Алмасай | DYD2: с.Асубулак | DYE2: с.Нижняя Таинта | DYF2: с.Митрофановка | DYG2: отг.Боранбай | DYH2: отг.56 км | DYI2: отг.Жыланды | DYJ2: с.Айыртау | DYK2: с.Алгабас | DYL2: с.Акжартас | DYM2: с.Огневка | DYN2: с.Восточное | DYO2: с.Ново-Одесское | DYP2: отг.Центральный | DYQ2: с.Верхние Таинты | DYR2: с.Герасимовка | DYS2: Хутор Земляники | DYT2: Вавилонский с.о. | DYU2: г.Шемонаиха | DYV2: с.Горкуново | DYW2: с.Березовка | DYX2: с.Выдриха | DYY2: с.Верх-Уба | DYZ2: с.Зауба | DZA2: с.Зевакино | DZB2: с.Коневка | DZC2: с.Волчовка | DZD2: с.Шапорево | DZE2: с.Белый Камень | DZF2: р.Казахстанский | DZG2: ст.Фестивальная | DZH2: с.Березовка | DZI2: район Алматы | DZJ2: Алатауский район | DZK2: Абайский район
